Workbook

Sheet SEPTIEMBRE CTE-5
B8: ÀREA FINANCIERA | K8: CTE-5
A10: UNIDAD DE CIRUGIA CARDIOVASCULAR DE GUATEMALA
A11: 5a. AVENIDA 6-22 ZONA 11
A12: dgunicar@yahoo.es Tel. 24163000
A14: Programación y ejecucion mensual por tipo de gasto año 2022, Expresado en Quetzales primer cuatrimestre 2022
A15: No. | B15: CATEGORIA DE GASTO | C15: ENERO | E15: FEBRERO | G15: MARZO | I15: ABRIL | K15: TOTAL CUATRIMESTRE
C16: PRESUPUESTO | D16: REAL | E16: PRESUPUESTO | F16: REAL | G16: PRESUPUESTO | H16: REAL | I16: PRESUPUESTO | J16: REAL | K16: PRESUPUESTO | L16: REAL
A17: 011 | B17: RECURSO HUMANO | C17: 2414811.3 | D17: 2367268.7 | E17: 2414811.3 | F17: 2396683.9 | G17: 2414811.3 | H17: 2410583.5 | I17: 2414811.3 | J17: 2417060.8 | K17: =+C17+E17+G17+I17 -> 9659245.3 | L17: =+D17+F17+H17+J17 -> 9591596.9
B19: GASTOS DE FUNCIONAMIENTO | C19: =+C31+C47 -> 2612557.9 | D19: =+D31+D47 -> 0 | E19: =+E31+E47 -> 2689873.5 | F19: =+F31+F47 -> 16502.89 | G19: =+G31+G47 -> 2771983.2 | H19: =+H31+H47 -> 132643.57 | I19: =+I31+I47 -> 2771983.2 | J19: =+J31+J47 -> 748869.8 | K19: =+C19+E19+G19+I19 -> 10846398 | L19: =+D19+F19+H19+J19 -> 898016.26
A20: 111 | B20: ENERGIA ELECTRICA | C20: 0 | D20: 0 | E20: 77315.63 | F20: 0 | G20: 77315.63 | H20: 70182.48 | I20: 77315.63 | J20: 80017.57 | K20: =+C20+E20+G20+I20 -> 231946.89 | L20: =+D20+F20+H20+J20 -> 150200.05
A21: 113 | B21: TELEFONIA | C21: 10564.58 | D21: 0 | E21: 10564.58 | F21: 8302.09 | G21: 10564.58 | H21: 11306.4 | I21: 10564.58 | J21: 11126.04 | K21: =+C21+E21+G21+I21 -> 42258.32 | L21: =+D21+F21+H21+J21 -> 30734.53
A22: 122 | B22: IMPRESIÓN, ENCUADERNACION Y REPRODUCCION | C22: 0 | D22: 0 | E22: 0 | F22: 0 | G22: 6085.56 | H22: 0 | I22: 6085.56 | J22: 0 | K22: =+C22+E22+G22+I22 -> 12171.12 | L22: =+D22+F22+H22+J22 -> 0
A23: 163 | B23: MANT. Y REP. EQUIPO MEDICO SANITARIO Y DE LAB. | C23: 0 | D23: 0 | E23: 0 | F23: 0 | G23: 75924.2 | H23: 0 | I23: 75924.2 | J23: 0 | K23: =+C23+E23+G23+I23 -> 151848.4 | L23: =+D23+F23+H23+J23 -> 0
A24: 168 | B24: MANTENIMIENTO Y REPARACION DE EQUIPO DE COMPUTO | C24: 0 | D24: 0 | E24: 0 | F24: 0 | G24: 100 | H24: 0 | I24: 100 | J24: 0 | K24: =+C24+E24+G24+I24 -> 200 | L24: =+D24+F24+H24+J24 -> 0
A25: 169 | B25: MANT. Y REP. DE OTRAS MAQ. Y EQUIPO | C25: 3526.67 | D25: 0 | E25: 3526.67 | F25: 0 | G25: 3526.67 | H25: 0 | I25: 3526.67 | J25: 0 | K25: =+C25+E25+G25+I25 -> 14106.68 | L25: =+D25+F25+H25+J25 -> 0
A26: 171 | B26: MANT. Y REPARACION DE EDIFICIOS | C26: 3638.33 | D26: 0 | E26: 3638.33 | F26: 0 | G26: 3638.33 | H26: 0 | I26: 3638.33 | J26: 0 | K26: =+C26+E26+G26+I26 -> 14553.32 | L26: =+D26+F26+H26+J26 -> 0
A27: 174 | B27: MANT. Y REP. DE INSTALACIONES | C27: 7356.33 | D27: 0 | E27: 7356.33 | F27: 0 | G27: 7356.33 | H27: 0 | I27: 7356.33 | J27: 6360 | K27: =+C27+E27+G27+I27 -> 29425.32 | L27: =+D27+F27+H27+J27 -> 6360
A28: 182 | B28: SERVICIOS MEDICO-SANITARIOS | C28: 317986.83 | D28: 0 | E28: 317986.83 | F28: 0 | G28: 317986.83 | H28: 32843.76 | I28: 317986.83 | J28: 99905.74 | K28: =+C28+E28+G28+I28 -> 1271947.3 | L28: =+D28+F28+H28+J28 -> 132749.5
A29: 197 | B29: SERVICIOS DE VIGILANCIA | C29: 42350 | D29: 0 | E29: 42350 | F29: 0 | G29: 42350 | H29: 0 | I29: 42350 | J29: 84000 | K29: =+C29+E29+G29+I29 -> 169400 | L29: =+D29+F29+H29+J29 -> 84000
A30: 199 | B30: OTROS SERVICIOS NO PERSONALES | C30: 67060 | D30: 0 | E30: 67060 | F30: 8200.8 | G30: 67060 | H30: 4100 | I30: 67060 | J30: 6150.2 | K30: =+C30+E30+G30+I30 -> 268240 | L30: =+D30+F30+H30+J30 -> 18451
B31: SUMA GASTOS GENERALES | C31: =SUM(C20:C30) -> 452482.74 | D31: =SUM(D20:D30) -> 0 | E31: =SUM(E20:E30) -> 529798.37 | F31: =SUM(F20:F30) -> 16502.89 | G31: =SUM(G20:G30) -> 611908.13 | H31: =SUM(H20:H30) -> 118432.64 | I31: =SUM(I20:I30) -> 611908.13 | J31: =SUM(J20:J30) -> 287559.55 | ... L31: =SUM(L20:L30) -> 422495.08
B32: MATERIALES Y SUMINISTROS
A33: 211 | B33: ALIMENTOS PARA PERSONAS | C33: 58165.57 | D33: 0 | E33: 58165.57 | F33: 0 | G33: 58165.57 | H33: 13077 | I33: 58165.57 | J33: 90483.25 | K33: =+C33+E33+G33+I33 -> 232662.28 | L33: =+D33+F33+H33+J33 -> 103560.25
A34: 232 | B34: ACABADOS TEXTILES | C34: 12500 | D34: 0 | E34: 12500 | F34: 0 | G34: 12500 | H34: 0 | I34: 12500 | J34: 0 | K34: =+C34+E34+G34+I34 -> 50000 | L34: =+D34+F34+H34+J34 -> 0
A35: 261 | B35: ELEMENTOS Y COMPUESTOS QUIMICOS | C35: 82888.02 | D35: 0 | E35: 82888.02 | F35: 0 | G35: 82888.02 | H35: 0 | I35: 82888.02 | J35: 61685.07 | K35: =+C35+E35+G35+I35 -> 331552.08 | L35: =+D35+F35+H35+J35 -> 61685.07
A36: 262 | B36: COMBUSTIBLES Y LUBRICANTES | C36: 666.67 | D36: 0 | E36: 666.67 | F36: 0 | G36: 666.67 | H36: 0 | I36: 666.67 | J36: 0 | K36: =+C36+E36+G36+I36 -> 2666.68 | L36: =+D36+F36+H36+J36 -> 0
A37: 266 | B37: PRODUCTOS MEDICINALES Y FARMACEUTICOS | C37: 381939.32 | D37: 0 | E37: 381939.32 | F37: 0 | G37: 381939.32 | H37: 133.93 | I37: 381939.32 | J37: 194422.07 | K37: =+C37+E37+G37+I37 -> 1527757.3 | L37: =+D37+F37+H37+J37 -> 194556
A38: 267 | B38: TINTES, PINTURAS Y COLORANTES | C38: 750 | D38: 0 | E38: 750 | F38: 0 | G38: 750 | H38: 0 | I38: 750 | J38: 0 | K38: =+C38+E38+G38+I38 -> 3000 | L38: =+D38+F38+H38+J38 -> 0
A39: 268 | B39: PRODUCTOS PLASTICOS, NYLON, VINIL Y PVC | C39: 11811.29 | D39: 0 | E39: 11811.29 | F39: 0 | G39: 11811.29 | H39: 0 | I39: 11811.29 | J39: 0 | K39: =+C39+E39+G39+I39 -> 47245.16 | L39: =+D39+F39+H39+J39 -> 0
A40: 269 | B40: OTROS PRODUCTOS QUIMICOS Y CONEXOS | C40: 833.33 | D40: 0 | E40: 833.33 | F40: 0 | G40: 833.33 | H40: 0 | I40: 833.33 | J40: 0 | K40: =+C40+E40+G40+I40 -> 3333.32 | L40: =+D40+F40+H40+J40 -> 0
A41: 289 | B41: OTROS PRODUCTOS METALICOS | C41: 574.88 | D41: 0 | E41: 574.88 | F41: 0 | G41: 574.88 | H41: 0 | I41: 574.88 | J41: 0 | K41: =+C41+E41+G41+I41 -> 2299.52 | L41: =+D41+F41+H41+J41 -> 0
A42: 292 | B42: UTILES DE LIMPIEZA Y PRODUCTOS SANITARIOS | C42: 7014.93 | D42: 0 | E42: 7014.93 | F42: 0 | G42: 7014.93 | H42: 0 | I42: 7014.93 | J42: 0 | K42: =+C42+E42+G42+I42 -> 28059.72 | L42: =+D42+F42+H42+J42 -> 0
A43: 295 | B43: UTILES MENORES MEDICO QUIRURGICOS Y DE LAB. | C43: 1548540.1 | D43: 0 | E43: 1548540.1 | F43: 0 | G43: 1548540.1 | H43: 0 | I43: 1548540.1 | J43: 108377 | K43: =+C43+E43+G43+I43 -> 6194160.2 | L43: =+D43+F43+H43+J43 -> 108377
A44: 297 | B44: UTILES, ACCESORIOS Y MATERIALES ELECTRICOS | C44: 1591.07 | D44: 0 | E44: 1591.07 | F44: 0 | G44: 1591.07 | H44: 0 | I44: 1591.07 | J44: 0 | K44: =+C44+E44+G44+I44 -> 6364.28 | L44: =+D44+F44+H44+J44 -> 0
... A46: 299 | B46: OTROS MATERIALES Y SUMINISTROS | C46: 19041.83 | D46: 0 | E46: 19041.83 | F46: 0 | G46: 19041.83 | H46: 0 | I46: 19041.83 | J46: 0 | K46: =+C46+E46+G46+I46 -> 76167.32 | L46: =+D46+F46+H46+J46 -> 0
B47: TOTAL MATERIALES Y SUMINISTROS | C47: =SUM(C33:C46) -> 2160075.1 | D47: =SUM(D33:D46) -> 0 | E47: =SUM(E33:E46) -> 2160075.1 | F47: =SUM(F33:F46) -> 0 | G47: =SUM(G33:G46) -> 2160075.1 | H47: =SUM(H33:H46) -> 14210.93 | I47: =SUM(I33:I46) -> 2160075.1 | J47: =SUM(J33:J46) -> 461310.25 | ... L47: =SUM(L33:L46) -> 475521.18
B48: PROPIEDAD PLANTA Y EQUIPO
B49: EQUIPO MEDICO SANITARIO Y DE LABORATORIO | C49: 0 | D49: 0 | E49: 0 | F49: 0 | H49: 0 | K49: =+C49+E49+G49+I49 -> 0 | L49: =+D49+F49+H49+J49 -> 0
B50: OTRAS MAQUINARIAS Y EQUIPOS | C50: 0 | D50: 0 | E50: 0 | F50: 0 | H50: 0 | I50: 0 | K50: =+C50+E50+G50+I50 -> 0 | L50: =+D50+F50+H50+J50 -> 0
B51: TOTAL PROPIEDAD PLANTA Y EQUIPO | C51: =SUM(C49:C50) -> 0 | D51: =SUM(D49:D50) -> 0 | E51: =SUM(E49:E50) -> 0 | F51: =SUM(F49:F50) -> 0 | G51: =SUM(G49:G50) -> 0 | H51: =SUM(H49:H50) -> 0 | I51: =SUM(I49:I50) -> 0 | J51: =SUM(J49:J50) -> 0 | ... L51: =SUM(L49:L50) -> 0
A60: Programación y ejecucion mensual por tipo de gasto año 2022, Expresado en Quetzales segundo cuatrimestre 2022
A61: No. | B61: CATEGORIA DE GASTO | C61: MAYO | E61: JUNIO | G61: JULIO | I61: AGOSTO | K61: TOTAL CUATRIMESTRE | M61: TOTAL ACUMULADO
C62: PRESUPUESTO | D62: REAL | E62: PRESUPUESTO | F62: REAL | G62: PRESUPUESTO | H62: REAL | I62: PRESUPUESTO | J62: REAL | K62: PRESUPUESTO | L62: REAL | M62: PRESUPUESTO | N62: REAL
A63: 011 | B63: RECURSO HUMANO | C63: 2414811.3 | D63: 2417711.1 | E63: 2414811.3 | F63: 2408593 | G63: 2414811.3 | H63: 2416876.5 | I63: 2414811.3 | J63: 2426363.1 | K63: =+C63+E63+G63+I63 -> 9659245.3 | L63: =+D63+F63+H63+J63 -> 9669543.8 | M63: =+K63+K17 -> 19318491 | N63: =+L63+L17 -> 19261141
B65: GASTOS DE FUNCIONAMIENTO | C65: =+C77+C93 -> 2771983.2 | D65: =+D77+D93+D97 -> 1295730.8 | E65: =+E77+E93 -> 2771983.2 | F65: =+F77+F93 -> 3338607.9 | G65: =+G77+G93 -> 2771983.2 | H65: =+H77+H93 -> 2433144.6 | I65: =+I77+I93 -> 2771983.2 | J65: =+J77+J93 -> 4481129.3 | K65: =+C65+E65+G65+I65 -> 11087933 | L65: =+D65+F65+H65+J65 -> 11548613 | M65: =+K65+K19 -> 21934331 | N65: =+L65+L19 -> 12446629
A66: 111 | B66: ENERGIA ELECTRICA | C66: 77315.63 | D66: 86367.27 | E66: 77315.63 | F66: 94176.3 | G66: 77315.63 | H66: 86010.19 | I66: 77315.63 | J66: 87596.5 | K66: =+C66+E66+G66+I66 -> 309262.52 | L66: =+D66+F66+H66+J66 -> 354150.26 | M66: =+K66+K20 -> 541209.41 | N66: =+L66+L20 -> 504350.31
A67: 113 | B67: TELEFONIA | C67: 10564.58 | D67: 11246.38 | E67: 10564.58 | F67: 11291.9 | G67: 10564.58 | H67: 11339.74 | I67: 10564.58 | J67: 11320.21 | K67: =+C67+E67+G67+I67 -> 42258.32 | L67: =+D67+F67+H67+J67 -> 45198.23 | M67: =+K67+K21 -> 84516.64 | N67: =+L67+L21 -> 75932.76
A68: 122 | B68: IMPRESIÓN, ENCUADERNACION Y REPRODUCCION | C68: 6085.56 | D68: 0 | E68: 6085.56 | F68: 16633.47 | G68: 6085.56 | H68: 23433.02 | I68: 6085.56 | J68: 18680.5 | K68: =+C68+E68+G68+I68 -> 24342.24 | L68: =+D68+F68+H68+J68 -> 58746.99 | M68: =+K68+K22 -> 36513.36 | N68: =+L68+L22 -> 58746.99
A69: 163 | B69: MANT. Y REP. EQUIPO MEDICO SANITARIO Y DE LAB. | C69: 75924.2 | D69: 29608.97 | E69: 75924.2 | F69: 104241.03 | G69: 75924.2 | H69: 52753.17 | I69: 75924.2 | J69: 85711.51 | K69: =+C69+E69+G69+I69 -> 303696.8 | L69: =+D69+F69+H69+J69 -> 272314.68 | M69: =+K69+K23 -> 455545.2 | N69: =+L69+L23 -> 272314.68
A70: 168 | B70: MANTENIMIENTO Y REPARACION DE EQUIPO DE COMPUTO | C70: 100 | D70: 0 | E70: 100 | F70: 0 | G70: 100 | H70: 0 | I70: 100 | J70: 0 | K70: =+C70+E70+G70+I70 -> 400 | L70: =+D70+F70+H70+J70 -> 0 | M70: =+K70+K24 -> 600 | N70: =+L70+L24 -> 0
A71: 169 | B71: MANT. Y REP. DE OTRAS MAQ. Y EQUIPO | C71: 3526.67 | D71: 0 | E71: 3526.67 | F71: 4850 | G71: 3526.67 | H71: 8300 | I71: 3526.67 | J71: 0 | K71: =+C71+E71+G71+I71 -> 14106.68 | L71: =+D71+F71+H71+J71 -> 13150 | M71: =+K71+K25 -> 28213.36 | N71: =+L71+L25 -> 13150
A72: 171 | B72: MANT. Y REPARACION DE EDIFICIOS | C72: 3638.33 | D72: 1200 | E72: 3638.33 | F72: 2400 | G72: 3638.33 | H72: 7400 | I72: 3638.33 | J72: 1200 | K72: =+C72+E72+G72+I72 -> 14553.32 | L72: =+D72+F72+H72+J72 -> 12200 | M72: =+K72+K26 -> 29106.64 | N72: =+L72+L26 -> 12200
A73: 174 | B73: MANT. Y REP. DE INSTALACIONES | C73: 7356.33 | D73: 3180 | E73: 7356.33 | F73: 13545 | G73: 7356.33 | H73: 4530 | I73: 7356.33 | J73: 3180 | K73: =+C73+E73+G73+I73 -> 29425.32 | L73: =+D73+F73+H73+J73 -> 24435 | M73: =+K73+K27 -> 58850.64 | N73: =+L73+L27 -> 30795
A74: 182 | B74: SERVICIOS MEDICO-SANITARIOS | C74: 317986.83 | D74: 287212.34 | E74: 317986.83 | F74: 391667.16 | G74: 317986.83 | H74: 285438 | I74: 317986.83 | J74: 226561 | K74: =+C74+E74+G74+I74 -> 1271947.3 | L74: =+D74+F74+H74+J74 -> 1190878.5 | M74: =+K74+K28 -> 2543894.6 | N74: =+L74+L28 -> 1323628
A75: 197 | B75: SERVICIOS DE VIGILANCIA | C75: 42350 | D75: 84000 | E75: 42350 | F75: 42000 | G75: 42350 | H75: 42000 | I75: 42350 | J75: 42000 | K75: =+C75+E75+G75+I75 -> 169400 | L75: =+D75+F75+H75+J75 -> 210000 | M75: =+K75+K29 -> 338800 | N75: =+L75+L29 -> 294000
A76: 199 | B76: OTROS SERVICIOS NO PERSONALES | C76: 67060 | D76: 47611.05 | E76: 67060 | F76: 118481 | G76: 67060 | H76: 70039 | I76: 67060 | J76: 51262.3 | K76: =+C76+E76+G76+I76 -> 268240 | L76: =+D76+F76+H76+J76 -> 287393.35 | M76: =+K76+K30 -> 536480 | N76: =+L76+L30 -> 305844.35
B77: SUMA GASTOS GENERALES | C77: =SUM(C66:C76) -> 611908.13 | D77: =SUM(D66:D76) -> 550426.01 | E77: =SUM(E66:E76) -> 611908.13 | F77: =SUM(F66:F76) -> 799285.86 | G77: =SUM(G66:G76) -> 611908.13 | H77: =SUM(H66:H76) -> 591243.12 | I77: =SUM(I66:I76) -> 611908.13 | J77: =SUM(J66:J76) -> 527512.02 | ... N77: =SUM(N66:N76) -> 2890962.1
B78: MATERIALES Y SUMINISTROS
A79: 211 | B79: ALIMENTOS PARA PERSONAS | C79: 58165.57 | D79: 60286 | E79: 58165.57 | F79: 48763.25 | G79: 58165.57 | H79: 61735.5 | I79: 58165.57 | J79: 36540 | K79: =+C79+E79+G79+I79 -> 232662.28 | L79: =+D79+F79+H79+J79 -> 207324.75 | M79: =+K79+K33 -> 465324.56 | N79: =+L79+L33 -> 310885
A80: 232 | B80: ACABADOS TEXTILES | C80: 12500 | D80: 0 | E80: 12500 | F80: 0 | G80: 12500 | H80: 0 | I80: 12500 | J80: 0 | K80: =+C80+E80+G80+I80 -> 50000 | L80: =+D80+F80+H80+J80 -> 0 | M80: =+K80+K34 -> 100000 | N80: =+L80+L34 -> 0
A81: 261 | B81: ELEMENTOS Y COMPUESTOS QUIMICOS | C81: 82888.02 | D81: 70520.36 | E81: 82888.02 | F81: 113332.23 | G81: 82888.02 | H81: 76741.63 | I81: 82888.02 | J81: 58281.54 | K81: =+C81+E81+G81+I81 -> 331552.08 | L81: =+D81+F81+H81+J81 -> 318875.76 | M81: =+K81+K35 -> 663104.16 | N81: =+L81+L35 -> 380560.83
A82: 262 | B82: COMBUSTIBLES Y LUBRICANTES | C82: 666.67 | D82: 0 | E82: 666.67 | F82: 0 | G82: 666.67 | H82: 0 | I82: 666.67 | J82: 0 | K82: =+C82+E82+G82+I82 -> 2666.68 | L82: =+D82+F82+H82+J82 -> 0 | M82: =+K82+K36 -> 5333.36 | N82: =+L82+L36 -> 0
A83: 266 | B83: PRODUCTOS MEDICINALES Y FARMACEUTICOS | C83: 381939.32 | D83: 319595.33 | E83: 381939.32 | F83: 554062.46 | G83: 381939.32 | H83: 554408.41 | I83: 381939.32 | J83: 487437.1 | K83: =+C83+E83+G83+I83 -> 1527757.3 | L83: =+D83+F83+H83+J83 -> 1915503.3 | M83: =+K83+K37 -> 3055514.6 | N83: =+L83+L37 -> 2110059.3
A84: 267 | B84: TINTES, PINTURAS Y COLORANTES | C84: 750 | D84: 0 | E84: 750 | F84: 0 | G84: 750 | H84: 1798.5 | I84: 750 | J84: 0 | K84: =+C84+E84+G84+I84 -> 3000 | L84: =+D84+F84+H84+J84 -> 1798.5 | M84: =+K84+K38 -> 6000 | N84: =+L84+L38 -> 1798.5
A85: 268 | B85: PRODUCTOS PLASTICOS, NYLON, VINIL Y PVC | C85: 11811.29 | D85: 0 | E85: 11811.29 | F85: 47270.98 | G85: 11811.29 | H85: 21978 | I85: 11811.29 | J85: 7820 | K85: =+C85+E85+G85+I85 -> 47245.16 | L85: =+D85+F85+H85+J85 -> 77068.98 | M85: =+K85+K39 -> 94490.32 | N85: =+L85+L39 -> 77068.98
A86: 269 | B86: OTROS PRODUCTOS QUIMICOS Y CONEXOS | C86: 833.33 | D86: 0 | E86: 833.33 | F86: 0 | G86: 833.33 | H86: 0 | I86: 833.33 | J86: 0 | K86: =+C86+E86+G86+I86 -> 3333.32 | L86: =+D86+F86+H86+J86 -> 0 | M86: =+K86+K40 -> 6666.64 | N86: =+L86+L40 -> 0
A87: 289 | B87: OTROS PRODUCTOS METALICOS | C87: 574.88 | D87: 6592.5 | E87: 574.88 | F87: 0 | G87: 574.88 | H87: 0 | I87: 574.88 | J87: 0 | K87: =+C87+E87+G87+I87 -> 2299.52 | L87: =+D87+F87+H87+J87 -> 6592.5 | M87: =+K87+K41 -> 4599.04 | N87: =+L87+L41 -> 6592.5
A88: 292 | B88: UTILES DE LIMPIEZA Y PRODUCTOS SANITARIOS | C88: 7014.93 | D88: 5886 | E88: 7014.93 | F88: 69850.45 | G88: 7014.93 | H88: 7734.24 | I88: 7014.93 | J88: 0 | K88: =+C88+E88+G88+I88 -> 28059.72 | L88: =+D88+F88+H88+J88 -> 83470.69 | M88: =+K88+K42 -> 56119.44 | N88: =+L88+L42 -> 83470.69
A89: 295 | B89: UTILES MENORES MEDICO QUIRURGICOS Y DE LAB. | C89: 1548540.1 | D89: 230759.8 | E89: 1548540.1 | F89: 1697231 | G89: 1548540.1 | H89: 1069438.9 | I89: 1548540.1 | J89: 3237195.4 | K89: =+C89+E89+G89+I89 -> 6194160.2 | L89: =+D89+F89+H89+J89 -> 6234625.2 | M89: =+K89+K43 -> 12388320 | N89: =+L89+L43 -> 6343002.2
A90: 297 | B90: UTILES, ACCESORIOS Y MATERIALES ELECTRICOS | C90: 1591.07 | D90: 8599.25 | E90: 1591.07 | F90: 0 | G90: 1591.07 | H90: 9483.3 | I90: 1591.07 | J90: 0 | K90: =+C90+E90+G90+I90 -> 6364.28 | L90: =+D90+F90+H90+J90 -> 18082.55 | M90: =+K90+K44 -> 12728.56 | N90: =+L90+L44 -> 18082.55
... A92: 299 | B92: OTROS MATERIALES Y SUMINISTROS | C92: 19041.83 | D92: 14265 | E92: 19041.83 | F92: 0 | G92: 19041.83 | H92: 9438 | I92: 19041.83 | J92: 24860.61 | K92: =+C92+E92+G92+I92 -> 76167.32 | L92: =+D92+F92+H92+J92 -> 48563.61 | M92: =+K92+K46 -> 152334.64 | N92: =+L92+L46 -> 48563.61
B93: TOTAL MATERIALES Y SUMINISTROS | C93: =SUM(C79:C92) -> 2160075.1 | D93: =SUM(D79:D92) -> 745304.77 | E93: =SUM(E79:E92) -> 2160075.1 | F93: =SUM(F79:F92) -> 2539322 | G93: =SUM(G79:G92) -> 2160075.1 | H93: =SUM(H79:H92) -> 1841901.5 | I93: =SUM(I79:I92) -> 2160075.1 | J93: =SUM(J79:J92) -> 3953617.3 | ... N93: =SUM(N79:N92) -> 9555666.8
B94: PROPIEDAD PLANTA Y EQUIPO
B95: EQUIPO MEDICO SANITARIO Y DE LABORATORIO | K95: =+C95+E95+G95+I95 -> 0 | L95: =+D95+F95+H95+J95 -> 0
B96: OTRAS MAQUINARIAS Y EQUIPOS | K96: =+C96+E96+G96+I96 -> 0 | L96: =+D96+F96+H96+J96 -> 0
B97: TOTAL PROPIEDAD PLANTA Y EQUIPO | C97: =SUM(C95:C96) -> 0 | D97: =SUM(D95:D96) -> 0 | E97: =SUM(E95:E96) -> 0 | F97: =SUM(F95:F96) -> 0 | G97: =SUM(G95:G96) -> 0 | H97: =SUM(H95:H96) -> 0 | I97: =SUM(I95:I96) -> 0 | J97: =SUM(J95:J96) -> 0 | ... L97: =SUM(L95:L96) -> 0
A119: Programación y ejecucion mensual por tipo de gasto año 2022, Expresado en Quetzales tercer cuatrimestre 2022
A120: No. | B120: CATEGORIA DE GASTO | C120: SEPTIEMBRE | E120: OCTUBRE | G120: NOVIEMBRE | I120: DICIEMBRE | K120: TOTAL CUATRIMESTRE | M120: TOTAL ACUMULADO
C121: PRESUPUESTO | D121: REAL | E121: PRESUPUESTO | F121: REAL | G121: PRESUPUESTO | H121: REAL | I121: PRESUPUESTO | J121: REAL | K121: PRESUPUESTO | L121: REAL | M121: PRESUPUESTO | N121: REAL
A122: 011 | B122: RECURSO HUMANO | C122: 2414811.3 | D122: 2400886.3 | K122: =+C122+E122+G122+I122 -> 2414811.3 | L122: =+D122+F122+H122+J122 -> 2400886.3
B124: GASTOS DE FUNCIONAMIENTO | C124: =+C136+C152 -> 2606983.3 | D124: =+D136+D152 -> 2328043.8 | E124: =+E136+E152 -> 0 | F124: =+F136+F152 -> 0 | G124: =+G136+G152 -> 0 | H124: =+H136+H152 -> 0 | I124: =+I136+I152 -> 0 | J124: =+J136+J152 -> 0 | K124: =+C124+E124+G124+I124 -> 2606983.3 | L124: =+D124+F124+H124+J124 -> 2328043.8
A125: 111 | B125: ENERGIA ELECTRICA | C125: 93171.61 | D125: 193484.29 | K125: =+C125+E125+G125+I125 -> 93171.61 | L125: =+D125+F125+H125+J125 -> 193484.29
A126: 113 | B126: TELEFONIA | C126: 9831.16 | D126: 11339.3 | K126: =+C126+E126+G126+I126 -> 9831.16 | L126: =+D126+F126+H126+J126 -> 11339.3
A127: 122 | B127: IMPRESIÓN, ENCUADERNACION Y REPRODUCCION | C127: 6085.56 | D127: 0 | K127: =+C127+E127+G127+I127 -> 6085.56 | L127: =+D127+F127+H127+J127 -> 0
A128: 163 | B128: MANT. Y REP. EQUIPO MEDICO SANITARIO Y DE LAB. | C128: 75924.2 | D128: 77012 | K128: =+C128+E128+G128+I128 -> 75924.2 | L128: =+D128+F128+H128+J128 -> 77012
A129: 168 | B129: MANTENIMIENTO Y REPARACION DE EQUIPO DE COMPUTO | C129: 100 | D129: 0 | K129: =+C129+E129+G129+I129 -> 100 | L129: =+D129+F129+H129+J129 -> 0
A130: 169 | B130: MANT. Y REP. DE OTRAS MAQ. Y EQUIPO | C130: 3526.66 | D130: 0 | K130: =+C130+E130+G130+I130 -> 3526.66 | L130: =+D130+F130+H130+J130 -> 0
A131: 171 | B131: MANT. Y REPARACION DE EDIFICIOS | C131: 3638.34 | D131: 9390 | K131: =+C131+E131+G131+I131 -> 3638.34 | L131: =+D131+F131+H131+J131 -> 9390
A132: 174 | B132: MANT. Y REP. DE INSTALACIONES | C132: 7356.34 | D132: 4530 | K132: =+C132+E132+G132+I132 -> 7356.34 | L132: =+D132+F132+H132+J132 -> 4530
A133: 182 | B133: SERVICIOS MEDICO-SANITARIOS | C133: 77031.34 | D133: 288204 | K133: =+C133+E133+G133+I133 -> 77031.34 | L133: =+D133+F133+H133+J133 -> 288204
A134: 197 | B134: SERVICIOS DE VIGILANCIA | C134: 41900 | D134: 42000 | K134: =+C134+E134+G134+I134 -> 41900 | L134: =+D134+F134+H134+J134 -> 42000
A135: 199 | B135: OTROS SERVICIOS NO PERSONALES | C135: 23237.15 | D135: 38345.65 | K135: =+C135+E135+G135+I135 -> 23237.15 | L135: =+D135+F135+H135+J135 -> 38345.65
B136: SUMA GASTOS GENERALES | C136: =SUM(C125:C135) -> 341802.36 | D136: =SUM(D125:D135) -> 664305.24 | E136: =SUM(E125:E135) -> 0 | F136: =SUM(F125:F135) -> 0 | G136: =SUM(G125:G135) -> 0 | H136: =SUM(H125:H135) -> 0 | I136: =SUM(I125:I135) -> 0 | J136: =SUM(J125:J135) -> 0 | ... L136: =SUM(L125:L135) -> 664305.24
B137: MATERIALES Y SUMINISTROS
A138: 211 | B138: ALIMENTOS PARA PERSONAS | C138: 34048.26 | D138: 52483.75 | K138: =+C138+E138+G138+I138 -> 34048.26 | L138: =+D138+F138+H138+J138 -> 52483.75
A139: 232 | B139: ACABADOS TEXTILES | C139: 12500 | D139: 0 | K139: =+C139+E139+G139+I139 -> 12500 | L139: =+D139+F139+H139+J139 -> 0
A140: 261 | B140: ELEMENTOS Y COMPUESTOS QUIMICOS | C140: 82888.03 | D140: 58142.31 | K140: =+C140+E140+G140+I140 -> 82888.03 | L140: =+D140+F140+H140+J140 -> 58142.31
A141: 262 | B141: COMBUSTIBLES Y LUBRICANTES | C141: 666.66 | D141: 0 | K141: =+C141+E141+G141+I141 -> 666.66 | L141: =+D141+F141+H141+J141 -> 0
A142: 266 | B142: PRODUCTOS MEDICINALES Y FARMACEUTICOS | C142: 214106.21 | D142: 85549.55 | K142: =+C142+E142+G142+I142 -> 214106.21 | L142: =+D142+F142+H142+J142 -> 85549.55
A143: 267 | B143: TINTES, PINTURAS Y COLORANTES | C143: 750 | D143: 0 | K143: =+C143+E143+G143+I143 -> 750 | L143: =+D143+F143+H143+J143 -> 0
...

Sheet OCTUBRE CTE-5
B8: ÀREA FINANCIERA | K8: CTE-5
A10: UNIDAD DE CIRUGIA CARDIOVASCULAR DE GUATEMALA
A11: 5a. AVENIDA 6-22 ZONA 11
A12: dgunicar@yahoo.es Tel. 24163000
A14: Programación y ejecucion mensual por tipo de gasto año 2022, Expresado en Quetzales primer cuatrimestre 2022
A15: No. | B15: CATEGORIA DE GASTO | C15: ENERO | E15: FEBRERO | G15: MARZO | I15: ABRIL | K15: TOTAL CUATRIMESTRE
C16: PRESUPUESTO | D16: REAL | E16: PRESUPUESTO | F16: REAL | G16: PRESUPUESTO | H16: REAL | I16: PRESUPUESTO | J16: REAL | K16: PRESUPUESTO | L16: REAL
A17: 011 | B17: RECURSO HUMANO | C17: 2414811.3 | D17: 2367268.7 | E17: 2414811.3 | F17: 2396683.9 | G17: 2414811.3 | H17: 2410583.5 | I17: 2414811.3 | J17: 2417060.8 | K17: =+C17+E17+G17+I17 -> 9659245.3 | L17: =+D17+F17+H17+J17 -> 9591596.9
B19: GASTOS DE FUNCIONAMIENTO | C19: =+C31+C47 -> 2612557.9 | D19: =+D31+D47 -> 0 | E19: =+E31+E47 -> 2689873.5 | F19: =+F31+F47 -> 16502.89 | G19: =+G31+G47 -> 2771983.2 | H19: =+H31+H47 -> 132643.57 | I19: =+I31+I47 -> 2771983.2 | J19: =+J31+J47 -> 748869.8 | K19: =+C19+E19+G19+I19 -> 10846398 | L19: =+D19+F19+H19+J19 -> 898016.26
A20: 111 | B20: ENERGIA ELECTRICA | C20: 0 | D20: 0 | E20: 77315.63 | F20: 0 | G20: 77315.63 | H20: 70182.48 | I20: 77315.63 | J20: 80017.57 | K20: =+C20+E20+G20+I20 -> 231946.89 | L20: =+D20+F20+H20+J20 -> 150200.05
A21: 113 | B21: TELEFONIA | C21: 10564.58 | D21: 0 | E21: 10564.58 | F21: 8302.09 | G21: 10564.58 | H21: 11306.4 | I21: 10564.58 | J21: 11126.04 | K21: =+C21+E21+G21+I21 -> 42258.32 | L21: =+D21+F21+H21+J21 -> 30734.53
A22: 122 | B22: IMPRESIÓN, ENCUADERNACION Y REPRODUCCION | C22: 0 | D22: 0 | E22: 0 | F22: 0 | G22: 6085.56 | H22: 0 | I22: 6085.56 | J22: 0 | K22: =+C22+E22+G22+I22 -> 12171.12 | L22: =+D22+F22+H22+J22 -> 0
A23: 163 | B23: MANT. Y REP. EQUIPO MEDICO SANITARIO Y DE LAB. | C23: 0 | D23: 0 | E23: 0 | F23: 0 | G23: 75924.2 | H23: 0 | I23: 75924.2 | J23: 0 | K23: =+C23+E23+G23+I23 -> 151848.4 | L23: =+D23+F23+H23+J23 -> 0
A24: 168 | B24: MANTENIMIENTO Y REPARACION DE EQUIPO DE COMPUTO | C24: 0 | D24: 0 | E24: 0 | F24: 0 | G24: 100 | H24: 0 | I24: 100 | J24: 0 | K24: =+C24+E24+G24+I24 -> 200 | L24: =+D24+F24+H24+J24 -> 0
A25: 169 | B25: MANT. Y REP. DE OTRAS MAQ. Y EQUIPO | C25: 3526.67 | D25: 0 | E25: 3526.67 | F25: 0 | G25: 3526.67 | H25: 0 | I25: 3526.67 | J25: 0 | K25: =+C25+E25+G25+I25 -> 14106.68 | L25: =+D25+F25+H25+J25 -> 0
A26: 171 | B26: MANT. Y REPARACION DE EDIFICIOS | C26: 3638.33 | D26: 0 | E26: 3638.33 | F26: 0 | G26: 3638.33 | H26: 0 | I26: 3638.33 | J26: 0 | K26: =+C26+E26+G26+I26 -> 14553.32 | L26: =+D26+F26+H26+J26 -> 0
A27: 174 | B27: MANT. Y REP. DE INSTALACIONES | C27: 7356.33 | D27: 0 | E27: 7356.33 | F27: 0 | G27: 7356.33 | H27: 0 | I27: 7356.33 | J27: 6360 | K27: =+C27+E27+G27+I27 -> 29425.32 | L27: =+D27+F27+H27+J27 -> 6360
A28: 182 | B28: SERVICIOS MEDICO-SANITARIOS | C28: 317986.83 | D28: 0 | E28: 317986.83 | F28: 0 | G28: 317986.83 | H28: 32843.76 | I28: 317986.83 | J28: 99905.74 | K28: =+C28+E28+G28+I28 -> 1271947.3 | L28: =+D28+F28+H28+J28 -> 132749.5
A29: 197 | B29: SERVICIOS DE VIGILANCIA | C29: 42350 | D29: 0 | E29: 42350 | F29: 0 | G29: 42350 | H29: 0 | I29: 42350 | J29: 84000 | K29: =+C29+E29+G29+I29 -> 169400 | L29: =+D29+F29+H29+J29 -> 84000
A30: 199 | B30: OTROS SERVICIOS NO PERSONALES | C30: 67060 | D30: 0 | E30: 67060 | F30: 8200.8 | G30: 67060 | H30: 4100 | I30: 67060 | J30: 6150.2 | K30: =+C30+E30+G30+I30 -> 268240 | L30: =+D30+F30+H30+J30 -> 18451
B31: SUMA GASTOS GENERALES | C31: =SUM(C20:C30) -> 452482.74 | D31: =SUM(D20:D30) -> 0 | E31: =SUM(E20:E30) -> 529798.37 | F31: =SUM(F20:F30) -> 16502.89 | G31: =SUM(G20:G30) -> 611908.13 | H31: =SUM(H20:H30) -> 118432.64 | I31: =SUM(I20:I30) -> 611908.13 | J31: =SUM(J20:J30) -> 287559.55 | ... L31: =SUM(L20:L30) -> 422495.08
B32: MATERIALES Y SUMINISTROS
A33: 211 | B33: ALIMENTOS PARA PERSONAS | C33: 58165.57 | D33: 0 | E33: 58165.57 | F33: 0 | G33: 58165.57 | H33: 13077 | I33: 58165.57 | J33: 90483.25 | K33: =+C33+E33+G33+I33 -> 232662.28 | L33: =+D33+F33+H33+J33 -> 103560.25
A34: 232 | B34: ACABADOS TEXTILES | C34: 12500 | D34: 0 | E34: 12500 | F34: 0 | G34: 12500 | H34: 0 | I34: 12500 | J34: 0 | K34: =+C34+E34+G34+I34 -> 50000 | L34: =+D34+F34+H34+J34 -> 0
A35: 261 | B35: ELEMENTOS Y COMPUESTOS QUIMICOS | C35: 82888.02 | D35: 0 | E35: 82888.02 | F35: 0 | G35: 82888.02 | H35: 0 | I35: 82888.02 | J35: 61685.07 | K35: =+C35+E35+G35+I35 -> 331552.08 | L35: =+D35+F35+H35+J35 -> 61685.07
A36: 262 | B36: COMBUSTIBLES Y LUBRICANTES | C36: 666.67 | D36: 0 | E36: 666.67 | F36: 0 | G36: 666.67 | H36: 0 | I36: 666.67 | J36: 0 | K36: =+C36+E36+G36+I36 -> 2666.68 | L36: =+D36+F36+H36+J36 -> 0
A37: 266 | B37: PRODUCTOS MEDICINALES Y FARMACEUTICOS | C37: 381939.32 | D37: 0 | E37: 381939.32 | F37: 0 | G37: 381939.32 | H37: 133.93 | I37: 381939.32 | J37: 194422.07 | K37: =+C37+E37+G37+I37 -> 1527757.3 | L37: =+D37+F37+H37+J37 -> 194556
A38: 267 | B38: TINTES, PINTURAS Y COLORANTES | C38: 750 | D38: 0 | E38: 750 | F38: 0 | G38: 750 | H38: 0 | I38: 750 | J38: 0 | K38: =+C38+E38+G38+I38 -> 3000 | L38: =+D38+F38+H38+J38 -> 0
A39: 268 | B39: PRODUCTOS PLASTICOS, NYLON, VINIL Y PVC | C39: 11811.29 | D39: 0 | E39: 11811.29 | F39: 0 | G39: 11811.29 | H39: 0 | I39: 11811.29 | J39: 0 | K39: =+C39+E39+G39+I39 -> 47245.16 | L39: =+D39+F39+H39+J39 -> 0
A40: 269 | B40: OTROS PRODUCTOS QUIMICOS Y CONEXOS | C40: 833.33 | D40: 0 | E40: 833.33 | F40: 0 | G40: 833.33 | H40: 0 | I40: 833.33 | J40: 0 | K40: =+C40+E40+G40+I40 -> 3333.32 | L40: =+D40+F40+H40+J40 -> 0
A41: 289 | B41: OTROS PRODUCTOS METALICOS | C41: 574.88 | D41: 0 | E41: 574.88 | F41: 0 | G41: 574.88 | H41: 0 | I41: 574.88 | J41: 0 | K41: =+C41+E41+G41+I41 -> 2299.52 | L41: =+D41+F41+H41+J41 -> 0
A42: 292 | B42: UTILES DE LIMPIEZA Y PRODUCTOS SANITARIOS | C42: 7014.93 | D42: 0 | E42: 7014.93 | F42: 0 | G42: 7014.93 | H42: 0 | I42: 7014.93 | J42: 0 | K42: =+C42+E42+G42+I42 -> 28059.72 | L42: =+D42+F42+H42+J42 -> 0
A43: 295 | B43: UTILES MENORES MEDICO QUIRURGICOS Y DE LAB. | C43: 1548540.1 | D43: 0 | E43: 1548540.1 | F43: 0 | G43: 1548540.1 | H43: 0 | I43: 1548540.1 | J43: 108377 | K43: =+C43+E43+G43+I43 -> 6194160.2 | L43: =+D43+F43+H43+J43 -> 108377
A44: 297 | B44: UTILES, ACCESORIOS Y MATERIALES ELECTRICOS | C44: 1591.07 | D44: 0 | E44: 1591.07 | F44: 0 | G44: 1591.07 | H44: 0 | I44: 1591.07 | J44: 0 | K44: =+C44+E44+G44+I44 -> 6364.28 | L44: =+D44+F44+H44+J44 -> 0
... A46: 299 | B46: OTROS MATERIALES Y SUMINISTROS | C46: 19041.83 | D46: 0 | E46: 19041.83 | F46: 0 | G46: 19041.83 | H46: 0 | I46: 19041.83 | J46: 0 | K46: =+C46+E46+G46+I46 -> 76167.32 | L46: =+D46+F46+H46+J46 -> 0
B47: TOTAL MATERIALES Y SUMINISTROS | C47: =SUM(C33:C46) -> 2160075.1 | D47: =SUM(D33:D46) -> 0 | E47: =SUM(E33:E46) -> 2160075.1 | F47: =SUM(F33:F46) -> 0 | G47: =SUM(G33:G46) -> 2160075.1 | H47: =SUM(H33:H46) -> 14210.93 | I47: =SUM(I33:I46) -> 2160075.1 | J47: =SUM(J33:J46) -> 461310.25 | ... L47: =SUM(L33:L46) -> 475521.18
B48: PROPIEDAD PLANTA Y EQUIPO
B49: EQUIPO MEDICO SANITARIO Y DE LABORATORIO | C49: 0 | D49: 0 | E49: 0 | F49: 0 | H49: 0 | K49: =+C49+E49+G49+I49 -> 0 | L49: =+D49+F49+H49+J49 -> 0
B50: OTRAS MAQUINARIAS Y EQUIPOS | C50: 0 | D50: 0 | E50: 0 | F50: 0 | H50: 0 | I50: 0 | K50: =+C50+E50+G50+I50 -> 0 | L50: =+D50+F50+H50+J50 -> 0
B51: TOTAL PROPIEDAD PLANTA Y EQUIPO | C51: =SUM(C49:C50) -> 0 | D51: =SUM(D49:D50) -> 0 | E51: =SUM(E49:E50) -> 0 | F51: =SUM(F49:F50) -> 0 | G51: =SUM(G49:G50) -> 0 | H51: =SUM(H49:H50) -> 0 | I51: =SUM(I49:I50) -> 0 | J51: =SUM(J49:J50) -> 0 | ... L51: =SUM(L49:L50) -> 0
A60: Programación y ejecucion mensual por tipo de gasto año 2022, Expresado en Quetzales segundo cuatrimestre 2022
A61: No. | B61: CATEGORIA DE GASTO | C61: MAYO | E61: JUNIO | G61: JULIO | I61: AGOSTO | K61: TOTAL CUATRIMESTRE | M61: TOTAL ACUMULADO
C62: PRESUPUESTO | D62: REAL | E62: PRESUPUESTO | F62: REAL | G62: PRESUPUESTO | H62: REAL | I62: PRESUPUESTO | J62: REAL | K62: PRESUPUESTO | L62: REAL | M62: PRESUPUESTO | N62: REAL
A63: 011 | B63: RECURSO HUMANO | C63: 2414811.3 | D63: 2417711.1 | E63: 2414811.3 | F63: 2408593 | G63: 2414811.3 | H63: 2416876.5 | I63: 2414811.3 | J63: 2426363.1 | K63: =+C63+E63+G63+I63 -> 9659245.3 | L63: =+D63+F63+H63+J63 -> 9669543.8 | M63: =+K63+K17 -> 19318491 | N63: =+L63+L17 -> 19261141
B65: GASTOS DE FUNCIONAMIENTO | C65: =+C77+C93 -> 2771983.2 | D65: =+D77+D93+D97 -> 1295730.8 | E65: =+E77+E93 -> 2771983.2 | F65: =+F77+F93 -> 3338607.9 | G65: =+G77+G93 -> 2771983.2 | H65: =+H77+H93 -> 2433144.6 | I65: =+I77+I93 -> 2771983.2 | J65: =+J77+J93 -> 4481129.3 | K65: =+C65+E65+G65+I65 -> 11087933 | L65: =+D65+F65+H65+J65 -> 11548613 | M65: =+K65+K19 -> 21934331 | N65: =+L65+L19 -> 12446629
A66: 111 | B66: ENERGIA ELECTRICA | C66: 77315.63 | D66: 86367.27 | E66: 77315.63 | F66: 94176.3 | G66: 77315.63 | H66: 86010.19 | I66: 77315.63 | J66: 87596.5 | K66: =+C66+E66+G66+I66 -> 309262.52 | L66: =+D66+F66+H66+J66 -> 354150.26 | M66: =+K66+K20 -> 541209.41 | N66: =+L66+L20 -> 504350.31
A67: 113 | B67: TELEFONIA | C67: 10564.58 | D67: 11246.38 | E67: 10564.58 | F67: 11291.9 | G67: 10564.58 | H67: 11339.74 | I67: 10564.58 | J67: 11320.21 | K67: =+C67+E67+G67+I67 -> 42258.32 | L67: =+D67+F67+H67+J67 -> 45198.23 | M67: =+K67+K21 -> 84516.64 | N67: =+L67+L21 -> 75932.76
A68: 122 | B68: IMPRESIÓN, ENCUADERNACION Y REPRODUCCION | C68: 6085.56 | D68: 0 | E68: 6085.56 | F68: 16633.47 | G68: 6085.56 | H68: 23433.02 | I68: 6085.56 | J68: 18680.5 | K68: =+C68+E68+G68+I68 -> 24342.24 | L68: =+D68+F68+H68+J68 -> 58746.99 | M68: =+K68+K22 -> 36513.36 | N68: =+L68+L22 -> 58746.99
A69: 163 | B69: MANT. Y REP. EQUIPO MEDICO SANITARIO Y DE LAB. | C69: 75924.2 | D69: 29608.97 | E69: 75924.2 | F69: 104241.03 | G69: 75924.2 | H69: 52753.17 | I69: 75924.2 | J69: 85711.51 | K69: =+C69+E69+G69+I69 -> 303696.8 | L69: =+D69+F69+H69+J69 -> 272314.68 | M69: =+K69+K23 -> 455545.2 | N69: =+L69+L23 -> 272314.68
A70: 168 | B70: MANTENIMIENTO Y REPARACION DE EQUIPO DE COMPUTO | C70: 100 | D70: 0 | E70: 100 | F70: 0 | G70: 100 | H70: 0 | I70: 100 | J70: 0 | K70: =+C70+E70+G70+I70 -> 400 | L70: =+D70+F70+H70+J70 -> 0 | M70: =+K70+K24 -> 600 | N70: =+L70+L24 -> 0
A71: 169 | B71: MANT. Y REP. DE OTRAS MAQ. Y EQUIPO | C71: 3526.67 | D71: 0 | E71: 3526.67 | F71: 4850 | G71: 3526.67 | H71: 8300 | I71: 3526.67 | J71: 0 | K71: =+C71+E71+G71+I71 -> 14106.68 | L71: =+D71+F71+H71+J71 -> 13150 | M71: =+K71+K25 -> 28213.36 | N71: =+L71+L25 -> 13150
A72: 171 | B72: MANT. Y REPARACION DE EDIFICIOS | C72: 3638.33 | D72: 1200 | E72: 3638.33 | F72: 2400 | G72: 3638.33 | H72: 7400 | I72: 3638.33 | J72: 1200 | K72: =+C72+E72+G72+I72 -> 14553.32 | L72: =+D72+F72+H72+J72 -> 12200 | M72: =+K72+K26 -> 29106.64 | N72: =+L72+L26 -> 12200
A73: 174 | B73: MANT. Y REP. DE INSTALACIONES | C73: 7356.33 | D73: 3180 | E73: 7356.33 | F73: 13545 | G73: 7356.33 | H73: 4530 | I73: 7356.33 | J73: 3180 | K73: =+C73+E73+G73+I73 -> 29425.32 | L73: =+D73+F73+H73+J73 -> 24435 | M73: =+K73+K27 -> 58850.64 | N73: =+L73+L27 -> 30795
A74: 182 | B74: SERVICIOS MEDICO-SANITARIOS | C74: 317986.83 | D74: 287212.34 | E74: 317986.83 | F74: 391667.16 | G74: 317986.83 | H74: 285438 | I74: 317986.83 | J74: 226561 | K74: =+C74+E74+G74+I74 -> 1271947.3 | L74: =+D74+F74+H74+J74 -> 1190878.5 | M74: =+K74+K28 -> 2543894.6 | N74: =+L74+L28 -> 1323628
A75: 197 | B75: SERVICIOS DE VIGILANCIA | C75: 42350 | D75: 84000 | E75: 42350 | F75: 42000 | G75: 42350 | H75: 42000 | I75: 42350 | J75: 42000 | K75: =+C75+E75+G75+I75 -> 169400 | L75: =+D75+F75+H75+J75 -> 210000 | M75: =+K75+K29 -> 338800 | N75: =+L75+L29 -> 294000
A76: 199 | B76: OTROS SERVICIOS NO PERSONALES | C76: 67060 | D76: 47611.05 | E76: 67060 | F76: 118481 | G76: 67060 | H76: 70039 | I76: 67060 | J76: 51262.3 | K76: =+C76+E76+G76+I76 -> 268240 | L76: =+D76+F76+H76+J76 -> 287393.35 | M76: =+K76+K30 -> 536480 | N76: =+L76+L30 -> 305844.35
B77: SUMA GASTOS GENERALES | C77: =SUM(C66:C76) -> 611908.13 | D77: =SUM(D66:D76) -> 550426.01 | E77: =SUM(E66:E76) -> 611908.13 | F77: =SUM(F66:F76) -> 799285.86 | G77: =SUM(G66:G76) -> 611908.13 | H77: =SUM(H66:H76) -> 591243.12 | I77: =SUM(I66:I76) -> 611908.13 | J77: =SUM(J66:J76) -> 527512.02 | ... N77: =SUM(N66:N76) -> 2890962.1
B78: MATERIALES Y SUMINISTROS
A79: 211 | B79: ALIMENTOS PARA PERSONAS | C79: 58165.57 | D79: 60286 | E79: 58165.57 | F79: 48763.25 | G79: 58165.57 | H79: 61735.5 | I79: 58165.57 | J79: 36540 | K79: =+C79+E79+G79+I79 -> 232662.28 | L79: =+D79+F79+H79+J79 -> 207324.75 | M79: =+K79+K33 -> 465324.56 | N79: =+L79+L33 -> 310885
A80: 232 | B80: ACABADOS TEXTILES | C80: 12500 | D80: 0 | E80: 12500 | F80: 0 | G80: 12500 | H80: 0 | I80: 12500 | J80: 0 | K80: =+C80+E80+G80+I80 -> 50000 | L80: =+D80+F80+H80+J80 -> 0 | M80: =+K80+K34 -> 100000 | N80: =+L80+L34 -> 0
A81: 261 | B81: ELEMENTOS Y COMPUESTOS QUIMICOS | C81: 82888.02 | D81: 70520.36 | E81: 82888.02 | F81: 113332.23 | G81: 82888.02 | H81: 76741.63 | I81: 82888.02 | J81: 58281.54 | K81: =+C81+E81+G81+I81 -> 331552.08 | L81: =+D81+F81+H81+J81 -> 318875.76 | M81: =+K81+K35 -> 663104.16 | N81: =+L81+L35 -> 380560.83
A82: 262 | B82: COMBUSTIBLES Y LUBRICANTES | C82: 666.67 | D82: 0 | E82: 666.67 | F82: 0 | G82: 666.67 | H82: 0 | I82: 666.67 | J82: 0 | K82: =+C82+E82+G82+I82 -> 2666.68 | L82: =+D82+F82+H82+J82 -> 0 | M82: =+K82+K36 -> 5333.36 | N82: =+L82+L36 -> 0
A83: 266 | B83: PRODUCTOS MEDICINALES Y FARMACEUTICOS | C83: 381939.32 | D83: 319595.33 | E83: 381939.32 | F83: 554062.46 | G83: 381939.32 | H83: 554408.41 | I83: 381939.32 | J83: 487437.1 | K83: =+C83+E83+G83+I83 -> 1527757.3 | L83: =+D83+F83+H83+J83 -> 1915503.3 | M83: =+K83+K37 -> 3055514.6 | N83: =+L83+L37 -> 2110059.3
A84: 267 | B84: TINTES, PINTURAS Y COLORANTES | C84: 750 | D84: 0 | E84: 750 | F84: 0 | G84: 750 | H84: 1798.5 | I84: 750 | J84: 0 | K84: =+C84+E84+G84+I84 -> 3000 | L84: =+D84+F84+H84+J84 -> 1798.5 | M84: =+K84+K38 -> 6000 | N84: =+L84+L38 -> 1798.5
A85: 268 | B85: PRODUCTOS PLASTICOS, NYLON, VINIL Y PVC | C85: 11811.29 | D85: 0 | E85: 11811.29 | F85: 47270.98 | G85: 11811.29 | H85: 21978 | I85: 11811.29 | J85: 7820 | K85: =+C85+E85+G85+I85 -> 47245.16 | L85: =+D85+F85+H85+J85 -> 77068.98 | M85: =+K85+K39 -> 94490.32 | N85: =+L85+L39 -> 77068.98
A86: 269 | B86: OTROS PRODUCTOS QUIMICOS Y CONEXOS | C86: 833.33 | D86: 0 | E86: 833.33 | F86: 0 | G86: 833.33 | H86: 0 | I86: 833.33 | J86: 0 | K86: =+C86+E86+G86+I86 -> 3333.32 | L86: =+D86+F86+H86+J86 -> 0 | M86: =+K86+K40 -> 6666.64 | N86: =+L86+L40 -> 0
A87: 289 | B87: OTROS PRODUCTOS METALICOS | C87: 574.88 | D87: 6592.5 | E87: 574.88 | F87: 0 | G87: 574.88 | H87: 0 | I87: 574.88 | J87: 0 | K87: =+C87+E87+G87+I87 -> 2299.52 | L87: =+D87+F87+H87+J87 -> 6592.5 | M87: =+K87+K41 -> 4599.04 | N87: =+L87+L41 -> 6592.5
A88: 292 | B88: UTILES DE LIMPIEZA Y PRODUCTOS SANITARIOS | C88: 7014.93 | D88: 5886 | E88: 7014.93 | F88: 69850.45 | G88: 7014.93 | H88: 7734.24 | I88: 7014.93 | J88: 0 | K88: =+C88+E88+G88+I88 -> 28059.72 | L88: =+D88+F88+H88+J88 -> 83470.69 | M88: =+K88+K42 -> 56119.44 | N88: =+L88+L42 -> 83470.69
A89: 295 | B89: UTILES MENORES MEDICO QUIRURGICOS Y DE LAB. | C89: 1548540.1 | D89: 230759.8 | E89: 1548540.1 | F89: 1697231 | G89: 1548540.1 | H89: 1069438.9 | I89: 1548540.1 | J89: 3237195.4 | K89: =+C89+E89+G89+I89 -> 6194160.2 | L89: =+D89+F89+H89+J89 -> 6234625.2 | M89: =+K89+K43 -> 12388320 | N89: =+L89+L43 -> 6343002.2
A90: 297 | B90: UTILES, ACCESORIOS Y MATERIALES ELECTRICOS | C90: 1591.07 | D90: 8599.25 | E90: 1591.07 | F90: 0 | G90: 1591.07 | H90: 9483.3 | I90: 1591.07 | J90: 0 | K90: =+C90+E90+G90+I90 -> 6364.28 | L90: =+D90+F90+H90+J90 -> 18082.55 | M90: =+K90+K44 -> 12728.56 | N90: =+L90+L44 -> 18082.55
... A92: 299 | B92: OTROS MATERIALES Y SUMINISTROS | C92: 19041.83 | D92: 14265 | E92: 19041.83 | F92: 0 | G92: 19041.83 | H92: 9438 | I92: 19041.83 | J92: 24860.61 | K92: =+C92+E92+G92+I92 -> 76167.32 | L92: =+D92+F92+H92+J92 -> 48563.61 | M92: =+K92+K46 -> 152334.64 | N92: =+L92+L46 -> 48563.61
B93: TOTAL MATERIALES Y SUMINISTROS | C93: =SUM(C79:C92) -> 2160075.1 | D93: =SUM(D79:D92) -> 745304.77 | E93: =SUM(E79:E92) -> 2160075.1 | F93: =SUM(F79:F92) -> 2539322 | G93: =SUM(G79:G92) -> 2160075.1 | H93: =SUM(H79:H92) -> 1841901.5 | I93: =SUM(I79:I92) -> 2160075.1 | J93: =SUM(J79:J92) -> 3953617.3 | ... N93: =SUM(N79:N92) -> 9555666.8
B94: PROPIEDAD PLANTA Y EQUIPO
B95: EQUIPO MEDICO SANITARIO Y DE LABORATORIO | K95: =+C95+E95+G95+I95 -> 0 | L95: =+D95+F95+H95+J95 -> 0
B96: OTRAS MAQUINARIAS Y EQUIPOS | K96: =+C96+E96+G96+I96 -> 0 | L96: =+D96+F96+H96+J96 -> 0
B97: TOTAL PROPIEDAD PLANTA Y EQUIPO | C97: =SUM(C95:C96) -> 0 | D97: =SUM(D95:D96) -> 0 | E97: =SUM(E95:E96) -> 0 | F97: =SUM(F95:F96) -> 0 | G97: =SUM(G95:G96) -> 0 | H97: =SUM(H95:H96) -> 0 | I97: =SUM(I95:I96) -> 0 | J97: =SUM(J95:J96) -> 0 | ... L97: =SUM(L95:L96) -> 0
A119: Programación y ejecucion mensual por tipo de gasto año 2022, Expresado en Quetzales tercer cuatrimestre 2022
A120: No. | B120: CATEGORIA DE GASTO | C120: SEPTIEMBRE | E120: OCTUBRE | G120: NOVIEMBRE | I120: DICIEMBRE | K120: TOTAL CUATRIMESTRE | M120: TOTAL ACUMULADO
C121: PRESUPUESTO | D121: REAL | E121: PRESUPUESTO | F121: REAL | G121: PRESUPUESTO | H121: REAL | I121: PRESUPUESTO | J121: REAL | K121: PRESUPUESTO | L121: REAL | M121: PRESUPUESTO | N121: REAL
A122: 011 | B122: RECURSO HUMANO | C122: 2414811.3 | D122: 2400886.3 | E122: 2414811.3 | F122: 2409784.7 | K122: =+C122+E122+G122+I122 -> 4829622.7 | L122: =+D122+F122+H122+J122 -> 4810671
B124: GASTOS DE FUNCIONAMIENTO | C124: =+C136+C152 -> 2606983.3 | D124: =+D136+D152 -> 2328043.8 | E124: =+E136+E152 -> 2606983.3 | F124: =+F136+F152 -> 3874897.3 | G124: =+G136+G152 -> 0 | H124: =+H136+H152 -> 0 | I124: =+I136+I152 -> 0 | J124: =+J136+J152 -> 0 | K124: =+C124+E124+G124+I124 -> 5213966.6 | L124: =+D124+F124+H124+J124 -> 6202941.2
A125: 111 | B125: ENERGIA ELECTRICA | C125: 93171.61 | D125: 193484.29 | E125: 93171.61 | F125: 0 | K125: =+C125+E125+G125+I125 -> 186343.22 | L125: =+D125+F125+H125+J125 -> 193484.29
A126: 113 | B126: TELEFONIA | C126: 9831.16 | D126: 11339.3 | E126: 9831.16 | F126: 11488.1 | K126: =+C126+E126+G126+I126 -> 19662.32 | L126: =+D126+F126+H126+J126 -> 22827.4
A127: 122 | B127: IMPRESIÓN, ENCUADERNACION Y REPRODUCCION | C127: 6085.56 | D127: 0 | E127: 6085.56 | F127: 0 | K127: =+C127+E127+G127+I127 -> 12171.12 | L127: =+D127+F127+H127+J127 -> 0
A128: 163 | B128: MANT. Y REP. EQUIPO MEDICO SANITARIO Y DE LAB. | C128: 75924.2 | D128: 77012 | E128: 75924.2 | F128: 8250 | K128: =+C128+E128+G128+I128 -> 151848.4 | L128: =+D128+F128+H128+J128 -> 85262
A129: 168 | B129: MANTENIMIENTO Y REPARACION DE EQUIPO DE COMPUTO | C129: 100 | D129: 0 | E129: 100 | F129: 0 | K129: =+C129+E129+G129+I129 -> 200 | L129: =+D129+F129+H129+J129 -> 0
A130: 169 | B130: MANT. Y REP. DE OTRAS MAQ. Y EQUIPO | C130: 3526.66 | D130: 0 | E130: 3526.66 | F130: 0 | K130: =+C130+E130+G130+I130 -> 7053.32 | L130: =+D130+F130+H130+J130 -> 0
A131: 171 | B131: MANT. Y REPARACION DE EDIFICIOS | C131: 3638.34 | D131: 9390 | E131: 3638.34 | F131: 1200 | K131: =+C131+E131+G131+I131 -> 7276.68 | L131: =+D131+F131+H131+J131 -> 10590
A132: 174 | B132: MANT. Y REP. DE INSTALACIONES | C132: 7356.34 | D132: 4530 | E132: 7356.34 | F132: 23159.46 | K132: =+C132+E132+G132+I132 -> 14712.68 | L132: =+D132+F132+H132+J132 -> 27689.46
A133: 182 | B133: SERVICIOS MEDICO-SANITARIOS | C133: 77031.34 | D133: 288204 | E133: 77031.34 | F133: 321557 | K133: =+C133+E133+G133+I133 -> 154062.68 | L133: =+D133+F133+H133+J133 -> 609761
A134: 197 | B134: SERVICIOS DE VIGILANCIA | C134: 41900 | D134: 42000 | E134: 41900 | F134: 42000 | K134: =+C134+E134+G134+I134 -> 83800 | L134: =+D134+F134+H134+J134 -> 84000
A135: 199 | B135: OTROS SERVICIOS NO PERSONALES | C135: 23237.15 | D135: 38345.65 | E135: 23237.15 | F135: 62459.25 | K135: =+C135+E135+G135+I135 -> 46474.3 | L135: =+D135+F135+H135+J135 -> 100804.9
B136: SUMA GASTOS GENERALES | C136: =SUM(C125:C135) -> 341802.36 | D136: =SUM(D125:D135) -> 664305.24 | E136: =SUM(E125:E135) -> 341802.36 | F136: =SUM(F125:F135) -> 470113.81 | G136: =SUM(G125:G135) -> 0 | H136: =SUM(H125:H135) -> 0 | I136: =SUM(I125:I135) -> 0 | J136: =SUM(J125:J135) -> 0 | ... L136: =SUM(L125:L135) -> 1134419.1
B137: MATERIALES Y SUMINISTROS
A138: 211 | B138: ALIMENTOS PARA PERSONAS | C138: 34048.26 | D138: 52483.75 | E138: 34048.26 | F138: 51033.5 | K138: =+C138+E138+G138+I138 -> 68096.52 | L138: =+D138+F138+H138+J138 -> 103517.25
A139: 232 | B139: ACABADOS TEXTILES | C139: 12500 | D139: 0 | E139: 12500 | F139: 0 | K139: =+C139+E139+G139+I139 -> 25000 | L139: =+D139+F139+H139+J139 -> 0
A140: 261 | B140: ELEMENTOS Y COMPUESTOS QUIMICOS | C140: 82888.03 | D140: 58142.31 | E140: 82888.02 | F140: 44486.79 | K140: =+C140+E140+G140+I140 -> 165776.05 | L140: =+D140+F140+H140+J140 -> 102629.1
A141: 262 | B141: COMBUSTIBLES Y LUBRICANTES | C141: 666.66 | D141: 0 | E141: 666.66 | F141: 7708.85 | K141: =+C141+E141+G141+I141 -> 1333.32 | L141: =+D141+F141+H141+J141 -> 7708.85
A142: 266 | B142: PRODUCTOS MEDICINALES Y FARMACEUTICOS | C142: 214106.21 | D142: 85549.55 | E142: 214106.2 | F142: 523178.34 | K142: =+C142+E142+G142+I142 -> 428212.41 | L142: =+D142+F142+H142+J142 -> 608727.89
A143: 267 | B143: TINTES, PINTURAS Y COLORANTES | C143: 750 | D143: 0 | E143: 750 | F143: 4894 | K143: =+C143+E143+G143+I143 -> 1500 | L143: =+D143+F143+H143+J143 -> 4894
...

Sheet NOVIEMBRE CTE-5
B8: ÀREA FINANCIERA | K8: CTE-5
A10: UNIDAD DE CIRUGIA CARDIOVASCULAR DE GUATEMALA
A11: 5a. AVENIDA 6-22 ZONA 11
A12: dgunicar@yahoo.es Tel. 24163000
A14: Programación y ejecucion mensual por tipo de gasto año 2022, Expresado en Quetzales primer cuatrimestre 2022
A15: No. | B15: CATEGORIA DE GASTO | C15: ENERO | E15: FEBRERO | G15: MARZO | I15: ABRIL | K15: TOTAL CUATRIMESTRE
C16: PRESUPUESTO | D16: REAL | E16: PRESUPUESTO | F16: REAL | G16: PRESUPUESTO | H16: REAL | I16: PRESUPUESTO | J16: REAL | K16: PRESUPUESTO | L16: REAL
A17: 011 | B17: RECURSO HUMANO | C17: 2414811.3 | D17: 2367268.7 | E17: 2414811.3 | F17: 2396683.9 | G17: 2414811.3 | H17: 2410583.5 | I17: 2414811.3 | J17: 2417060.8 | K17: =+C17+E17+G17+I17 -> 9659245.3 | L17: =+D17+F17+H17+J17 -> 9591596.9
B19: GASTOS DE FUNCIONAMIENTO | C19: =+C31+C47 -> 2612557.9 | D19: =+D31+D47 -> 0 | E19: =+E31+E47 -> 2689873.5 | F19: =+F31+F47 -> 16502.89 | G19: =+G31+G47 -> 2771883.2 | H19: =+H31+H47 -> 132643.57 | I19: =+I31+I47 -> 2771883.2 | J19: =+J31+J47 -> 748869.8 | K19: =+C19+E19+G19+I19 -> 10846198 | L19: =+D19+F19+H19+J19 -> 898016.26
A20: 111 | B20: ENERGIA ELECTRICA | C20: 0 | D20: 0 | E20: 77315.63 | F20: 0 | G20: 77315.63 | H20: 70182.48 | I20: 77315.63 | J20: 80017.57 | K20: =+C20+E20+G20+I20 -> 231946.89 | L20: =+D20+F20+H20+J20 -> 150200.05
A21: 113 | B21: TELEFONIA | C21: 10564.58 | D21: 0 | E21: 10564.58 | F21: 8302.09 | G21: 10564.58 | H21: 11306.4 | I21: 10564.58 | J21: 11126.04 | K21: =+C21+E21+G21+I21 -> 42258.32 | L21: =+D21+F21+H21+J21 -> 30734.53
A22: 122 | B22: IMPRESIÓN, ENCUADERNACION Y REPRODUCCION | C22: 0 | D22: 0 | E22: 0 | F22: 0 | G22: 6085.56 | H22: 0 | I22: 6085.56 | J22: 0 | K22: =+C22+E22+G22+I22 -> 12171.12 | L22: =+D22+F22+H22+J22 -> 0
A23: 163 | B23: MANT. Y REP. EQUIPO MEDICO SANITARIO Y DE LAB. | C23: 0 | D23: 0 | E23: 0 | F23: 0 | G23: 75924.2 | H23: 0 | I23: 75924.2 | J23: 0 | K23: =+C23+E23+G23+I23 -> 151848.4 | L23: =+D23+F23+H23+J23 -> 0
A24: 168 | B24: MANTENIMIENTO Y REPARACION DE EQUIPO DE COMPUTO | C24: 0 | D24: 0 | E24: 0 | F24: 0 | G24: 0 | H24: 0 | I24: 0 | J24: 0 | K24: =+C24+E24+G24+I24 -> 0 | L24: =+D24+F24+H24+J24 -> 0
A25: 169 | B25: MANT. Y REP. DE OTRAS MAQ. Y EQUIPO | C25: 3526.67 | D25: 0 | E25: 3526.67 | F25: 0 | G25: 3526.67 | H25: 0 | I25: 3526.67 | J25: 0 | K25: =+C25+E25+G25+I25 -> 14106.68 | L25: =+D25+F25+H25+J25 -> 0
A26: 171 | B26: MANT. Y REPARACION DE EDIFICIOS | C26: 3638.33 | D26: 0 | E26: 3638.33 | F26: 0 | G26: 3638.33 | H26: 0 | I26: 3638.33 | J26: 0 | K26: =+C26+E26+G26+I26 -> 14553.32 | L26: =+D26+F26+H26+J26 -> 0
A27: 174 | B27: MANT. Y REP. DE INSTALACIONES | C27: 7356.33 | D27: 0 | E27: 7356.33 | F27: 0 | G27: 7356.33 | H27: 0 | I27: 7356.33 | J27: 6360 | K27: =+C27+E27+G27+I27 -> 29425.32 | L27: =+D27+F27+H27+J27 -> 6360
A28: 182 | B28: SERVICIOS MEDICO-SANITARIOS | C28: 317986.83 | D28: 0 | E28: 317986.83 | F28: 0 | G28: 317986.83 | H28: 32843.76 | I28: 317986.83 | J28: 99905.74 | K28: =+C28+E28+G28+I28 -> 1271947.3 | L28: =+D28+F28+H28+J28 -> 132749.5
A29: 197 | B29: SERVICIOS DE VIGILANCIA | C29: 42350 | D29: 0 | E29: 42350 | F29: 0 | G29: 42350 | H29: 0 | I29: 42350 | J29: 84000 | K29: =+C29+E29+G29+I29 -> 169400 | L29: =+D29+F29+H29+J29 -> 84000
A30: 199 | B30: OTROS SERVICIOS NO PERSONALES | C30: 67060 | D30: 0 | E30: 67060 | F30: 8200.8 | G30: 67060 | H30: 4100 | I30: 67060 | J30: 6150.2 | K30: =+C30+E30+G30+I30 -> 268240 | L30: =+D30+F30+H30+J30 -> 18451
B31: SUMA GASTOS GENERALES | C31: =SUM(C20:C30) -> 452482.74 | D31: =SUM(D20:D30) -> 0 | E31: =SUM(E20:E30) -> 529798.37 | F31: =SUM(F20:F30) -> 16502.89 | G31: =SUM(G20:G30) -> 611808.13 | H31: =SUM(H20:H30) -> 118432.64 | I31: =SUM(I20:I30) -> 611808.13 | J31: =SUM(J20:J30) -> 287559.55 | ... L31: =SUM(L20:L30) -> 422495.08
B32: MATERIALES Y SUMINISTROS
A33: 211 | B33: ALIMENTOS PARA PERSONAS | C33: 58165.57 | D33: 0 | E33: 58165.57 | F33: 0 | G33: 58165.57 | H33: 13077 | I33: 58165.57 | J33: 90483.25 | K33: =+C33+E33+G33+I33 -> 232662.28 | L33: =+D33+F33+H33+J33 -> 103560.25
A34: 232 | B34: ACABADOS TEXTILES | C34: 12500 | D34: 0 | E34: 12500 | F34: 0 | G34: 12500 | H34: 0 | I34: 12500 | J34: 0 | K34: =+C34+E34+G34+I34 -> 50000 | L34: =+D34+F34+H34+J34 -> 0
A35: 261 | B35: ELEMENTOS Y COMPUESTOS QUIMICOS | C35: 82888.02 | D35: 0 | E35: 82888.02 | F35: 0 | G35: 82888.02 | H35: 0 | I35: 82888.02 | J35: 61685.07 | K35: =+C35+E35+G35+I35 -> 331552.08 | L35: =+D35+F35+H35+J35 -> 61685.07
A36: 262 | B36: COMBUSTIBLES Y LUBRICANTES | C36: 666.67 | D36: 0 | E36: 666.67 | F36: 0 | G36: 666.67 | H36: 0 | I36: 666.67 | J36: 0 | K36: =+C36+E36+G36+I36 -> 2666.68 | L36: =+D36+F36+H36+J36 -> 0
A37: 266 | B37: PRODUCTOS MEDICINALES Y FARMACEUTICOS | C37: 381939.32 | D37: 0 | E37: 381939.32 | F37: 0 | G37: 381939.32 | H37: 133.93 | I37: 381939.32 | J37: 194422.07 | K37: =+C37+E37+G37+I37 -> 1527757.3 | L37: =+D37+F37+H37+J37 -> 194556
A38: 267 | B38: TINTES, PINTURAS Y COLORANTES | C38: 750 | D38: 0 | E38: 750 | F38: 0 | G38: 750 | H38: 0 | I38: 750 | J38: 0 | K38: =+C38+E38+G38+I38 -> 3000 | L38: =+D38+F38+H38+J38 -> 0
A39: 268 | B39: PRODUCTOS PLASTICOS, NYLON, VINIL Y PVC | C39: 11811.29 | D39: 0 | E39: 11811.29 | F39: 0 | G39: 11811.29 | H39: 0 | I39: 11811.29 | J39: 0 | K39: =+C39+E39+G39+I39 -> 47245.16 | L39: =+D39+F39+H39+J39 -> 0
A40: 269 | B40: OTROS PRODUCTOS QUIMICOS Y CONEXOS | C40: 833.33 | D40: 0 | E40: 833.33 | F40: 0 | G40: 833.33 | H40: 0 | I40: 833.33 | J40: 0 | K40: =+C40+E40+G40+I40 -> 3333.32 | L40: =+D40+F40+H40+J40 -> 0
A41: 289 | B41: OTROS PRODUCTOS METALICOS | C41: 574.88 | D41: 0 | E41: 574.88 | F41: 0 | G41: 574.88 | H41: 0 | I41: 574.88 | J41: 0 | K41: =+C41+E41+G41+I41 -> 2299.52 | L41: =+D41+F41+H41+J41 -> 0
A42: 292 | B42: UTILES DE LIMPIEZA Y PRODUCTOS SANITARIOS | C42: 7014.93 | D42: 0 | E42: 7014.93 | F42: 0 | G42: 7014.93 | H42: 0 | I42: 7014.93 | J42: 0 | K42: =+C42+E42+G42+I42 -> 28059.72 | L42: =+D42+F42+H42+J42 -> 0
A43: 295 | B43: UTILES MENORES MEDICO QUIRURGICOS Y DE LAB. | C43: 1548540.1 | D43: 0 | E43: 1548540.1 | F43: 0 | G43: 1548540.1 | H43: 0 | I43: 1548540.1 | J43: 108377 | K43: =+C43+E43+G43+I43 -> 6194160.2 | L43: =+D43+F43+H43+J43 -> 108377
A44: 297 | B44: UTILES, ACCESORIOS Y MATERIALES ELECTRICOS | C44: 1591.07 | D44: 0 | E44: 1591.07 | F44: 0 | G44: 1591.07 | H44: 0 | I44: 1591.07 | J44: 0 | K44: =+C44+E44+G44+I44 -> 6364.28 | L44: =+D44+F44+H44+J44 -> 0
... A46: 299 | B46: OTROS MATERIALES Y SUMINISTROS | C46: 19041.83 | D46: 0 | E46: 19041.83 | F46: 0 | G46: 19041.83 | H46: 0 | I46: 19041.83 | J46: 0 | K46: =+C46+E46+G46+I46 -> 76167.32 | L46: =+D46+F46+H46+J46 -> 0
B47: TOTAL MATERIALES Y SUMINISTROS | C47: =SUM(C33:C46) -> 2160075.1 | D47: =SUM(D33:D46) -> 0 | E47: =SUM(E33:E46) -> 2160075.1 | F47: =SUM(F33:F46) -> 0 | G47: =SUM(G33:G46) -> 2160075.1 | H47: =SUM(H33:H46) -> 14210.93 | I47: =SUM(I33:I46) -> 2160075.1 | J47: =SUM(J33:J46) -> 461310.25 | ... L47: =SUM(L33:L46) -> 475521.18
B48: PROPIEDAD PLANTA Y EQUIPO
B49: EQUIPO MEDICO SANITARIO Y DE LABORATORIO | C49: 0 | D49: 0 | E49: 0 | F49: 0 | H49: 0 | K49: =+C49+E49+G49+I49 -> 0 | L49: =+D49+F49+H49+J49 -> 0
B50: OTRAS MAQUINARIAS Y EQUIPOS | C50: 0 | D50: 0 | E50: 0 | F50: 0 | H50: 0 | I50: 0 | K50: =+C50+E50+G50+I50 -> 0 | L50: =+D50+F50+H50+J50 -> 0
B51: TOTAL PROPIEDAD PLANTA Y EQUIPO | C51: =SUM(C49:C50) -> 0 | D51: =SUM(D49:D50) -> 0 | E51: =SUM(E49:E50) -> 0 | F51: =SUM(F49:F50) -> 0 | G51: =SUM(G49:G50) -> 0 | H51: =SUM(H49:H50) -> 0 | I51: =SUM(I49:I50) -> 0 | J51: =SUM(J49:J50) -> 0 | ... L51: =SUM(L49:L50) -> 0
A66: Programación y ejecucion mensual por tipo de gasto año 2022, Expresado en Quetzales segundo cuatrimestre 2022
A67: No. | B67: CATEGORIA DE GASTO | C67: MAYO | E67: JUNIO | G67: JULIO | I67: AGOSTO | K67: TOTAL CUATRIMESTRE | M67: TOTAL ACUMULADO
C68: PRESUPUESTO | D68: REAL | E68: PRESUPUESTO | F68: REAL | G68: PRESUPUESTO | H68: REAL | I68: PRESUPUESTO | J68: REAL | K68: PRESUPUESTO | L68: REAL | M68: PRESUPUESTO | N68: REAL
A69: 011 | B69: RECURSO HUMANO | C69: 2414811.3 | D69: 2417711.1 | E69: 2414811.3 | F69: 2408593 | G69: 2414811.3 | H69: 2416876.5 | I69: 2414811.3 | J69: 2426363.1 | K69: =+C69+E69+G69+I69 -> 9659245.3 | L69: =+D69+F69+H69+J69 -> 9669543.8 | M69: =+K69+K17 -> 19318491 | N69: =+L69+L17 -> 19261141
B71: GASTOS DE FUNCIONAMIENTO | C71: =+C83+C99 -> 2771883.2 | D71: =+D83+D99+D103 -> 1295730.8 | E71: =+E83+E99 -> 2771883.2 | F71: =+F83+F99 -> 3338607.9 | G71: =+G83+G99 -> 2771883.2 | H71: =+H83+H99 -> 2433144.6 | I71: =+I83+I99 -> 2771883.2 | J71: =+J83+J99 -> 4481129.3 | K71: =+C71+E71+G71+I71 -> 11087533 | L71: =+D71+F71+H71+J71 -> 11548613 | M71: =+K71+K19 -> 21933731 | N71: =+L71+L19 -> 12446629
A72: 111 | B72: ENERGIA ELECTRICA | C72: 77315.63 | D72: 86367.27 | E72: 77315.63 | F72: 94176.3 | G72: 77315.63 | H72: 86010.19 | I72: 77315.63 | J72: 87596.5 | K72: =+C72+E72+G72+I72 -> 309262.52 | L72: =+D72+F72+H72+J72 -> 354150.26 | M72: =+K72+K20 -> 541209.41 | N72: =+L72+L20 -> 504350.31
A73: 113 | B73: TELEFONIA | C73: 10564.58 | D73: 11246.38 | E73: 10564.58 | F73: 11291.9 | G73: 10564.58 | H73: 11339.74 | I73: 10564.58 | J73: 11320.21 | K73: =+C73+E73+G73+I73 -> 42258.32 | L73: =+D73+F73+H73+J73 -> 45198.23 | M73: =+K73+K21 -> 84516.64 | N73: =+L73+L21 -> 75932.76
A74: 122 | B74: IMPRESIÓN, ENCUADERNACION Y REPRODUCCION | C74: 6085.56 | D74: 0 | E74: 6085.56 | F74: 16633.47 | G74: 6085.56 | H74: 23433.02 | I74: 6085.56 | J74: 18680.5 | K74: =+C74+E74+G74+I74 -> 24342.24 | L74: =+D74+F74+H74+J74 -> 58746.99 | M74: =+K74+K22 -> 36513.36 | N74: =+L74+L22 -> 58746.99
A75: 163 | B75: MANT. Y REP. EQUIPO MEDICO SANITARIO Y DE LAB. | C75: 75924.2 | D75: 29608.97 | E75: 75924.2 | F75: 104241.03 | G75: 75924.2 | H75: 52753.17 | I75: 75924.2 | J75: 85711.51 | K75: =+C75+E75+G75+I75 -> 303696.8 | L75: =+D75+F75+H75+J75 -> 272314.68 | M75: =+K75+K23 -> 455545.2 | N75: =+L75+L23 -> 272314.68
A76: 168 | B76: MANTENIMIENTO Y REPARACION DE EQUIPO DE COMPUTO | C76: 0 | D76: 0 | E76: 0 | F76: 0 | G76: 0 | H76: 0 | I76: 0 | J76: 0 | K76: =+C76+E76+G76+I76 -> 0 | L76: =+D76+F76+H76+J76 -> 0 | M76: =+K76+K24 -> 0 | N76: =+L76+L24 -> 0
A77: 169 | B77: MANT. Y REP. DE OTRAS MAQ. Y EQUIPO | C77: 3526.67 | D77: 0 | E77: 3526.67 | F77: 4850 | G77: 3526.67 | H77: 8300 | I77: 3526.67 | J77: 0 | K77: =+C77+E77+G77+I77 -> 14106.68 | L77: =+D77+F77+H77+J77 -> 13150 | M77: =+K77+K25 -> 28213.36 | N77: =+L77+L25 -> 13150
A78: 171 | B78: MANT. Y REPARACION DE EDIFICIOS | C78: 3638.33 | D78: 1200 | E78: 3638.33 | F78: 2400 | G78: 3638.33 | H78: 7400 | I78: 3638.33 | J78: 1200 | K78: =+C78+E78+G78+I78 -> 14553.32 | L78: =+D78+F78+H78+J78 -> 12200 | M78: =+K78+K26 -> 29106.64 | N78: =+L78+L26 -> 12200
A79: 174 | B79: MANT. Y REP. DE INSTALACIONES | C79: 7356.33 | D79: 3180 | E79: 7356.33 | F79: 13545 | G79: 7356.33 | H79: 4530 | I79: 7356.33 | J79: 3180 | K79: =+C79+E79+G79+I79 -> 29425.32 | L79: =+D79+F79+H79+J79 -> 24435 | M79: =+K79+K27 -> 58850.64 | N79: =+L79+L27 -> 30795
A80: 182 | B80: SERVICIOS MEDICO-SANITARIOS | C80: 317986.83 | D80: 287212.34 | E80: 317986.83 | F80: 391667.16 | G80: 317986.83 | H80: 285438 | I80: 317986.83 | J80: 226561 | K80: =+C80+E80+G80+I80 -> 1271947.3 | L80: =+D80+F80+H80+J80 -> 1190878.5 | M80: =+K80+K28 -> 2543894.6 | N80: =+L80+L28 -> 1323628
A81: 197 | B81: SERVICIOS DE VIGILANCIA | C81: 42350 | D81: 84000 | E81: 42350 | F81: 42000 | G81: 42350 | H81: 42000 | I81: 42350 | J81: 42000 | K81: =+C81+E81+G81+I81 -> 169400 | L81: =+D81+F81+H81+J81 -> 210000 | M81: =+K81+K29 -> 338800 | N81: =+L81+L29 -> 294000
A82: 199 | B82: OTROS SERVICIOS NO PERSONALES | C82: 67060 | D82: 47611.05 | E82: 67060 | F82: 118481 | G82: 67060 | H82: 70039 | I82: 67060 | J82: 51262.3 | K82: =+C82+E82+G82+I82 -> 268240 | L82: =+D82+F82+H82+J82 -> 287393.35 | M82: =+K82+K30 -> 536480 | N82: =+L82+L30 -> 305844.35
B83: SUMA GASTOS GENERALES | C83: =SUM(C72:C82) -> 611808.13 | D83: =SUM(D72:D82) -> 550426.01 | E83: =SUM(E72:E82) -> 611808.13 | F83: =SUM(F72:F82) -> 799285.86 | G83: =SUM(G72:G82) -> 611808.13 | H83: =SUM(H72:H82) -> 591243.12 | I83: =SUM(I72:I82) -> 611808.13 | J83: =SUM(J72:J82) -> 527512.02 | ... N83: =SUM(N72:N82) -> 2890962.1
B84: MATERIALES Y SUMINISTROS
A85: 211 | B85: ALIMENTOS PARA PERSONAS | C85: 58165.57 | D85: 60286 | E85: 58165.57 | F85: 48763.25 | G85: 58165.57 | H85: 61735.5 | I85: 58165.57 | J85: 36540 | K85: =+C85+E85+G85+I85 -> 232662.28 | L85: =+D85+F85+H85+J85 -> 207324.75 | M85: =+K85+K33 -> 465324.56 | N85: =+L85+L33 -> 310885
A86: 232 | B86: ACABADOS TEXTILES | C86: 12500 | D86: 0 | E86: 12500 | F86: 0 | G86: 12500 | H86: 0 | I86: 12500 | J86: 0 | K86: =+C86+E86+G86+I86 -> 50000 | L86: =+D86+F86+H86+J86 -> 0 | M86: =+K86+K34 -> 100000 | N86: =+L86+L34 -> 0
A87: 261 | B87: ELEMENTOS Y COMPUESTOS QUIMICOS | C87: 82888.02 | D87: 70520.36 | E87: 82888.02 | F87: 113332.23 | G87: 82888.02 | H87: 76741.63 | I87: 82888.02 | J87: 58281.54 | K87: =+C87+E87+G87+I87 -> 331552.08 | L87: =+D87+F87+H87+J87 -> 318875.76 | M87: =+K87+K35 -> 663104.16 | N87: =+L87+L35 -> 380560.83
A88: 262 | B88: COMBUSTIBLES Y LUBRICANTES | C88: 666.67 | D88: 0 | E88: 666.67 | F88: 0 | G88: 666.67 | H88: 0 | I88: 666.67 | J88: 0 | K88: =+C88+E88+G88+I88 -> 2666.68 | L88: =+D88+F88+H88+J88 -> 0 | M88: =+K88+K36 -> 5333.36 | N88: =+L88+L36 -> 0
A89: 266 | B89: PRODUCTOS MEDICINALES Y FARMACEUTICOS | C89: 381939.32 | D89: 319595.33 | E89: 381939.32 | F89: 554062.46 | G89: 381939.32 | H89: 554408.41 | I89: 381939.32 | J89: 487437.1 | K89: =+C89+E89+G89+I89 -> 1527757.3 | L89: =+D89+F89+H89+J89 -> 1915503.3 | M89: =+K89+K37 -> 3055514.6 | N89: =+L89+L37 -> 2110059.3
A90: 267 | B90: TINTES, PINTURAS Y COLORANTES | C90: 750 | D90: 0 | E90: 750 | F90: 0 | G90: 750 | H90: 1798.5 | I90: 750 | J90: 0 | K90: =+C90+E90+G90+I90 -> 3000 | L90: =+D90+F90+H90+J90 -> 1798.5 | M90: =+K90+K38 -> 6000 | N90: =+L90+L38 -> 1798.5
A91: 268 | B91: PRODUCTOS PLASTICOS, NYLON, VINIL Y PVC | C91: 11811.29 | D91: 0 | E91: 11811.29 | F91: 47270.98 | G91: 11811.29 | H91: 21978 | I91: 11811.29 | J91: 7820 | K91: =+C91+E91+G91+I91 -> 47245.16 | L91: =+D91+F91+H91+J91 -> 77068.98 | M91: =+K91+K39 -> 94490.32 | N91: =+L91+L39 -> 77068.98
A92: 269 | B92: OTROS PRODUCTOS QUIMICOS Y CONEXOS | C92: 833.33 | D92: 0 | E92: 833.33 | F92: 0 | G92: 833.33 | H92: 0 | I92: 833.33 | J92: 0 | K92: =+C92+E92+G92+I92 -> 3333.32 | L92: =+D92+F92+H92+J92 -> 0 | M92: =+K92+K40 -> 6666.64 | N92: =+L92+L40 -> 0
A93: 289 | B93: OTROS PRODUCTOS METALICOS | C93: 574.88 | D93: 6592.5 | E93: 574.88 | F93: 0 | G93: 574.88 | H93: 0 | I93: 574.88 | J93: 0 | K93: =+C93+E93+G93+I93 -> 2299.52 | L93: =+D93+F93+H93+J93 -> 6592.5 | M93: =+K93+K41 -> 4599.04 | N93: =+L93+L41 -> 6592.5
A94: 292 | B94: UTILES DE LIMPIEZA Y PRODUCTOS SANITARIOS | C94: 7014.93 | D94: 5886 | E94: 7014.93 | F94: 69850.45 | G94: 7014.93 | H94: 7734.24 | I94: 7014.93 | J94: 0 | K94: =+C94+E94+G94+I94 -> 28059.72 | L94: =+D94+F94+H94+J94 -> 83470.69 | M94: =+K94+K42 -> 56119.44 | N94: =+L94+L42 -> 83470.69
A95: 295 | B95: UTILES MENORES MEDICO QUIRURGICOS Y DE LAB. | C95: 1548540.1 | D95: 230759.8 | E95: 1548540.1 | F95: 1697231 | G95: 1548540.1 | H95: 1069438.9 | I95: 1548540.1 | J95: 3237195.4 | K95: =+C95+E95+G95+I95 -> 6194160.2 | L95: =+D95+F95+H95+J95 -> 6234625.2 | M95: =+K95+K43 -> 12388320 | N95: =+L95+L43 -> 6343002.2
A96: 297 | B96: UTILES, ACCESORIOS Y MATERIALES ELECTRICOS | C96: 1591.07 | D96: 8599.25 | E96: 1591.07 | F96: 0 | G96: 1591.07 | H96: 9483.3 | I96: 1591.07 | J96: 0 | K96: =+C96+E96+G96+I96 -> 6364.28 | L96: =+D96+F96+H96+J96 -> 18082.55 | M96: =+K96+K44 -> 12728.56 | N96: =+L96+L44 -> 18082.55
... A98: 299 | B98: OTROS MATERIALES Y SUMINISTROS | C98: 19041.83 | D98: 14265 | E98: 19041.83 | F98: 0 | G98: 19041.83 | H98: 9438 | I98: 19041.83 | J98: 24860.61 | K98: =+C98+E98+G98+I98 -> 76167.32 | L98: =+D98+F98+H98+J98 -> 48563.61 | M98: =+K98+K46 -> 152334.64 | N98: =+L98+L46 -> 48563.61
B99: TOTAL MATERIALES Y SUMINISTROS | C99: =SUM(C85:C98) -> 2160075.1 | D99: =SUM(D85:D98) -> 745304.77 | E99: =SUM(E85:E98) -> 2160075.1 | F99: =SUM(F85:F98) -> 2539322 | G99: =SUM(G85:G98) -> 2160075.1 | H99: =SUM(H85:H98) -> 1841901.5 | I99: =SUM(I85:I98) -> 2160075.1 | J99: =SUM(J85:J98) -> 3953617.3 | ... N99: =SUM(N85:N98) -> 9555666.8
B100: PROPIEDAD PLANTA Y EQUIPO
B101: EQUIPO MEDICO SANITARIO Y DE LABORATORIO | K101: =+C101+E101+G101+I101 -> 0 | L101: =+D101+F101+H101+J101 -> 0
B102: OTRAS MAQUINARIAS Y EQUIPOS | K102: =+C102+E102+G102+I102 -> 0 | L102: =+D102+F102+H102+J102 -> 0
B103: TOTAL PROPIEDAD PLANTA Y EQUIPO | C103: =SUM(C101:C102) -> 0 | D103: =SUM(D101:D102) -> 0 | E103: =SUM(E101:E102) -> 0 | F103: =SUM(F101:F102) -> 0 | G103: =SUM(G101:G102) -> 0 | H103: =SUM(H101:H102) -> 0 | I103: =SUM(I101:I102) -> 0 | J103: =SUM(J101:J102) -> 0 | ... L103: =SUM(L101:L102) -> 0
A131: Programación y ejecucion mensual por tipo de gasto año 2022, Expresado en Quetzales tercer cuatrimestre 2022
A132: No. | B132: CATEGORIA DE GASTO | C132: SEPTIEMBRE | E132: OCTUBRE | G132: NOVIEMBRE | I132: DICIEMBRE | K132: TOTAL CUATRIMESTRE | M132: TOTAL ACUMULADO
C133: PRESUPUESTO | D133: REAL | E133: PRESUPUESTO | F133: REAL | G133: PRESUPUESTO | H133: REAL | I133: PRESUPUESTO | J133: REAL | K133: PRESUPUESTO | L133: REAL | M133: PRESUPUESTO | N133: REAL
A134: 011 | B134: RECURSO HUMANO | C134: 2414811.3 | D134: 2400886.3 | E134: 2414811.3 | F134: 2409784.7 | G134: 2414811.3 | H134: 2486510.3 | K134: =+C134+E134+G134+I134 -> 7244434 | L134: =+D134+F134+H134+J134 -> 7297181.3 | M134: =+K134+K69+K17 -> 26562925 | N134: =+L134+L69+L17 -> 26558322
B136: GASTOS DE FUNCIONAMIENTO | C136: =+C148+C164 -> 2573947.4 | D136: =+D148+D164 -> 2328043.8 | E136: =+E148+E164 -> 2497042 | F136: =+F148+F164 -> 3874897.3 | G136: =+G148+G164 -> 2678771.9 | H136: =+H148+H164 -> 2968160.4 | I136: =+I148+I164 -> 0 | J136: =+J148+J164 -> 0 | K136: =+C136+E136+G136+I136 -> 7749761.2 | L136: =+D136+F136+H136+J136 -> 9171101.6 | M136: =+K136+K71+K19 -> 29683492 | N136: =+L136+L71+L19 -> 21617730
A137: 111 | B137: ENERGIA ELECTRICA | C137: 93171.61 | D137: 193484.29 | E137: 93171.61 | F137: 0 | G137: 124672.78 | H137: 99063.6 | K137: =+C137+E137+G137+I137 -> 311016 | L137: =+D137+F137+H137+J137 -> 292547.89 | M137: =+K137+K72+K20 -> 852225.41 | N137: =+L137+L72+L20 -> 796898.2
A138: 113 | B138: TELEFONIA | C138: 9831.16 | D138: 11339.3 | E138: 9831.16 | F138: 11488.1 | G138: 10245.6 | H138: 11436.96 | K138: =+C138+E138+G138+I138 -> 29907.92 | L138: =+D138+F138+H138+J138 -> 34264.36 | M138: =+K138+K73+K21 -> 114424.56 | N138: =+L138+L73+L21 -> 110197.12
A139: 122 | B139: IMPRESIÓN, ENCUADERNACION Y REPRODUCCION | C139: 6085.56 | D139: 0 | E139: 6085.56 | F139: 0 | G139: 6027.76 | H139: 1993 | K139: =+C139+E139+G139+I139 -> 18198.88 | L139: =+D139+F139+H139+J139 -> 1993 | M139: =+K139+K74+K22 -> 54712.24 | N139: =+L139+L74+L22 -> 60739.99
A140: 163 | B140: MANT. Y REP. EQUIPO MEDICO SANITARIO Y DE LAB. | C140: 75924.2 | D140: 77012 | E140: 75924.2 | F140: 8250 | G140: 75924.2 | H140: 0 | K140: =+C140+E140+G140+I140 -> 227772.6 | L140: =+D140+F140+H140+J140 -> 85262 | M140: =+K140+K75+K23 -> 683317.8 | N140: =+L140+L75+L23 -> 357576.68
A141: 168 | B141: MANTENIMIENTO Y REPARACION DE EQUIPO DE COMPUTO | C141: 0 | D141: 0 | E141: 0 | F141: 0 | G141: 0 | H141: 0 | K141: =+C141+E141+G141+I141 -> 0 | L141: =+D141+F141+H141+J141 -> 0 | M141: =+K141+K76+K24 -> 0 | N141: =+L141+L76+L24 -> 0
A142: 169 | B142: MANT. Y REP. DE OTRAS MAQ. Y EQUIPO | C142: 3526.66 | D142: 0 | E142: 3526.66 | F142: 0 | G142: 3526.66 | H142: 0 | K142: =+C142+E142+G142+I142 -> 10579.98 | L142: =+D142+F142+H142+J142 -> 0 | M142: =+K142+K77+K25 -> 38793.34 | N142: =+L142+L77+L25 -> 13150
A143: 171 | B143: MANT. Y REPARACION DE EDIFICIOS | C143: 3638.34 | D143: 9390 | E143: 3638.34 | F143: 1200 | G143: 3638.34 | H143: 1200 | K143: =+C143+E143+G143+I143 -> 10915.02 | L143: =+D143+F143+H143+J143 -> 11790 | M143: =+K143+K78+K26 -> 40021.66 | N143: =+L143+L78+L26 -> 23990
A144: 174 | B144: MANT. Y REP. DE INSTALACIONES | C144: 7356.34 | D144: 4530 | E144: 7356.34 | F144: 23159.46 | G144: 7356.34 | H144: 5400.54 | K144: =+C144+E144+G144+I144 -> 22069.02 | L144: =+D144+F144+H144+J144 -> 33090 | M144: =+K144+K79+K27 -> 80919.66 | N144: =+L144+L79+L27 -> 63885
A145: 182 | B145: SERVICIOS MEDICO-SANITARIOS | C145: 77031.34 | D145: 288204 | E145: 55078.02 | F145: 321557 | G145: 0 | H145: 221740 | K145: =+C145+E145+G145+I145 -> 132109.36 | L145: =+D145+F145+H145+J145 -> 831501 | M145: =+K145+K80+K28 -> 2676004 | N145: =+L145+L80+L28 -> 2155129
A146: 197 | B146: SERVICIOS DE VIGILANCIA | C146: 41900 | D146: 42000 | E146: 41900 | F146: 42000 | G146: 40700 | H146: 42000 | K146: =+C146+E146+G146+I146 -> 124500 | L146: =+D146+F146+H146+J146 -> 126000 | M146: =+K146+K81+K29 -> 463300 | N146: =+L146+L81+L29 -> 420000
A147: 199 | B147: OTROS SERVICIOS NO PERSONALES | C147: 23237.15 | D147: 38345.65 | E147: 23237.15 | F147: 62459.25 | G147: 30237.15 | H147: 77987.65 | K147: =+C147+E147+G147+I147 -> 76711.45 | L147: =+D147+F147+H147+J147 -> 178792.55 | M147: =+K147+K82+K30 -> 613191.45 | N147: =+L147+L82+L30 -> 484636.9
B148: SUMA GASTOS GENERALES | C148: =SUM(C137:C147) -> 341702.36 | D148: =SUM(D137:D147) -> 664305.24 | E148: =SUM(E137:E147) -> 319749.04 | F148: =SUM(F137:F147) -> 470113.81 | G148: =SUM(G137:G147) -> 302328.83 | H148: =SUM(H137:H147) -> 460821.75 | I148: =SUM(I137:I147) -> 0 | J148: =SUM(J137:J147) -> 0 | ... N148: =SUM(N137:N147) -> 4486202.9
B149: MATERIALES Y SUMINISTROS
A150: 211 | B150: ALIMENTOS PARA PERSONAS | C150: 34048.26 | D150: 52483.75 | E150: 34048.26 | F150: 51033.5 | G150: 18060.46 | H150: 69440 | K150: =+C150+E150+G150+I150 -> 86156.98 | L150: =+D150+F150+H150+J150 -> 172957.25 | M150: =+K150+K85+K33 -> 551481.54 | N150: =+L150+L85+L33 -> 483842.25
A151: 232 | B151: ACABADOS TEXTILES | C151: 12500 | D151: 0 | E151: 7500 | F151: 0 | G151: 0 | H151: 0 | K151: =+C151+E151+G151+I151 -> 20000 | L151: =+D151+F151+H151+J151 -> 0 | M151: =+K151+K86+K34 -> 120000 | N151: =+L151+L86+L34 -> 0
A152: 261 | B152: ELEMENTOS Y COMPUESTOS QUIMICOS | C152: 49952.1 | D152: 58142.31 | E152: 0 | F152: 44486.79 | G152: 0 | H152: 73650.42 | K152: =+C152+E152+G152+I152 -> 49952.1 | L152: =+D152+F152+H152+J152 -> 176279.52 | M152: =+K152+K87+K35 -> 713056.26 | N152: =+L152+L87+L35 -> 556840.35
A153: 262 | B153: COMBUSTIBLES Y LUBRICANTES | C153: 666.66 | D153: 0 | E153: 666.66 | F153: 7708.85 | G153: 521.09 | H153: 0 | K153: =+C153+E153+G153+I153 -> 1854.41 | L153: =+D153+F153+H153+J153 -> 7708.85 | M153: =+K153+K88+K36 -> 7187.77 | N153: =+L153+L88+L36 -> 7708.85
A154: 266 | B154: PRODUCTOS MEDICINALES Y FARMACEUTICOS | C154: 214106.21 | D154: 85549.55 | E154: 214106.2 | F154: 523178.34 | G154: 127372.07 | H154: 169013.07 | K154: =+C154+E154+G154+I154 -> 555584.48 | L154: =+D154+F154+H154+J154 -> 777740.96 | M154: =+K154+K89+K37 -> 3611099 | N154: =+L154+L89+L37 -> 2887800.3
A155: 267 | B155: TINTES, PINTURAS Y COLORANTES | C155: 750 | D155: 0 | E155: 750 | F155: 4894 | G155: 13394 | H155: 0 | K155: =+C155+E155+G155+I155 -> 14894 | L155: =+D155+F155+H155+J155 -> 4894 | M155: =+K155+K90+K38 -> 20894 | N155: =+L155+L90+L38 -> 6692.5
...

Sheet DICIEMBRE CTE-5
B8: ÀREA FINANCIERA | K8: CTE-5
A10: UNIDAD DE CIRUGIA CARDIOVASCULAR DE GUATEMALA
A11: 5a. AVENIDA 6-22 ZONA 11
A12: dgunicar@yahoo.es Tel. 24163000
A14: Programación y ejecucion mensual por tipo de gasto año 2022, Expresado en Quetzales primer cuatrimestre 2022
A15: No. | B15: CATEGORIA DE GASTO | C15: ENERO | E15: FEBRERO | G15: MARZO | I15: ABRIL | K15: TOTAL CUATRIMESTRE
C16: PRESUPUESTO | D16: REAL | E16: PRESUPUESTO | F16: REAL | G16: PRESUPUESTO | H16: REAL | I16: PRESUPUESTO | J16: REAL | K16: PRESUPUESTO | L16: REAL
A17: 011 | B17: RECURSO HUMANO | C17: 2414811.3 | D17: 2367268.7 | E17: 2414811.3 | F17: 2396683.9 | G17: 2414811.3 | H17: 2410583.5 | I17: 2414811.3 | J17: 2417060.8 | K17: =+C17+E17+G17+I17 -> 9659245.3 | L17: =+D17+F17+H17+J17 -> 9591596.9
B19: GASTOS DE FUNCIONAMIENTO | C19: =+C31+C47 -> 2612557.9 | D19: =+D31+D47 -> 0 | E19: =+E31+E47 -> 2689873.5 | F19: =+F31+F47 -> 16502.89 | G19: =+G31+G47 -> 2771883.2 | H19: =+H31+H47 -> 132643.57 | I19: =+I31+I47 -> 2771883.2 | J19: =+J31+J47 -> 748869.8 | K19: =+C19+E19+G19+I19 -> 10846198 | L19: =+D19+F19+H19+J19 -> 898016.26
A20: 111 | B20: ENERGIA ELECTRICA | C20: 0 | D20: 0 | E20: 77315.63 | F20: 0 | G20: 77315.63 | H20: 70182.48 | I20: 77315.63 | J20: 80017.57 | K20: =+C20+E20+G20+I20 -> 231946.89 | L20: =+D20+F20+H20+J20 -> 150200.05
A21: 113 | B21: TELEFONIA | C21: 10564.58 | D21: 0 | E21: 10564.58 | F21: 8302.09 | G21: 10564.58 | H21: 11306.4 | I21: 10564.58 | J21: 11126.04 | K21: =+C21+E21+G21+I21 -> 42258.32 | L21: =+D21+F21+H21+J21 -> 30734.53
A22: 122 | B22: IMPRESIÓN, ENCUADERNACION Y REPRODUCCION | C22: 0 | D22: 0 | E22: 0 | F22: 0 | G22: 6085.56 | H22: 0 | I22: 6085.56 | J22: 0 | K22: =+C22+E22+G22+I22 -> 12171.12 | L22: =+D22+F22+H22+J22 -> 0
A23: 163 | B23: MANT. Y REP. EQUIPO MEDICO SANITARIO Y DE LAB. | C23: 0 | D23: 0 | E23: 0 | F23: 0 | G23: 75924.2 | H23: 0 | I23: 75924.2 | J23: 0 | K23: =+C23+E23+G23+I23 -> 151848.4 | L23: =+D23+F23+H23+J23 -> 0
A24: 168 | B24: MANTENIMIENTO Y REPARACION DE EQUIPO DE COMPUTO | C24: 0 | D24: 0 | E24: 0 | F24: 0 | G24: 0 | H24: 0 | I24: 0 | J24: 0 | K24: =+C24+E24+G24+I24 -> 0 | L24: =+D24+F24+H24+J24 -> 0
A25: 169 | B25: MANT. Y REP. DE OTRAS MAQ. Y EQUIPO | C25: 3526.67 | D25: 0 | E25: 3526.67 | F25: 0 | G25: 3526.67 | H25: 0 | I25: 3526.67 | J25: 0 | K25: =+C25+E25+G25+I25 -> 14106.68 | L25: =+D25+F25+H25+J25 -> 0
A26: 171 | B26: MANT. Y REPARACION DE EDIFICIOS | C26: 3638.33 | D26: 0 | E26: 3638.33 | F26: 0 | G26: 3638.33 | H26: 0 | I26: 3638.33 | J26: 0 | K26: =+C26+E26+G26+I26 -> 14553.32 | L26: =+D26+F26+H26+J26 -> 0
A27: 174 | B27: MANT. Y REP. DE INSTALACIONES | C27: 7356.33 | D27: 0 | E27: 7356.33 | F27: 0 | G27: 7356.33 | H27: 0 | I27: 7356.33 | J27: 6360 | K27: =+C27+E27+G27+I27 -> 29425.32 | L27: =+D27+F27+H27+J27 -> 6360
A28: 182 | B28: SERVICIOS MEDICO-SANITARIOS | C28: 317986.83 | D28: 0 | E28: 317986.83 | F28: 0 | G28: 317986.83 | H28: 32843.76 | I28: 317986.83 | J28: 99905.74 | K28: =+C28+E28+G28+I28 -> 1271947.3 | L28: =+D28+F28+H28+J28 -> 132749.5
A29: 197 | B29: SERVICIOS DE VIGILANCIA | C29: 42350 | D29: 0 | E29: 42350 | F29: 0 | G29: 42350 | H29: 0 | I29: 42350 | J29: 84000 | K29: =+C29+E29+G29+I29 -> 169400 | L29: =+D29+F29+H29+J29 -> 84000
A30: 199 | B30: OTROS SERVICIOS NO PERSONALES | C30: 67060 | D30: 0 | E30: 67060 | F30: 8200.8 | G30: 67060 | H30: 4100 | I30: 67060 | J30: 6150.2 | K30: =+C30+E30+G30+I30 -> 268240 | L30: =+D30+F30+H30+J30 -> 18451
B31: SUMA GASTOS GENERALES | C31: =SUM(C20:C30) -> 452482.74 | D31: =SUM(D20:D30) -> 0 | E31: =SUM(E20:E30) -> 529798.37 | F31: =SUM(F20:F30) -> 16502.89 | G31: =SUM(G20:G30) -> 611808.13 | H31: =SUM(H20:H30) -> 118432.64 | I31: =SUM(I20:I30) -> 611808.13 | J31: =SUM(J20:J30) -> 287559.55 | ... L31: =SUM(L20:L30) -> 422495.08
B32: MATERIALES Y SUMINISTROS
A33: 211 | B33: ALIMENTOS PARA PERSONAS | C33: 58165.57 | D33: 0 | E33: 58165.57 | F33: 0 | G33: 58165.57 | H33: 13077 | I33: 58165.57 | J33: 90483.25 | K33: =+C33+E33+G33+I33 -> 232662.28 | L33: =+D33+F33+H33+J33 -> 103560.25
A34: 232 | B34: ACABADOS TEXTILES | C34: 12500 | D34: 0 | E34: 12500 | F34: 0 | G34: 12500 | H34: 0 | I34: 12500 | J34: 0 | K34: =+C34+E34+G34+I34 -> 50000 | L34: =+D34+F34+H34+J34 -> 0
A35: 261 | B35: ELEMENTOS Y COMPUESTOS QUIMICOS | C35: 82888.02 | D35: 0 | E35: 82888.02 | F35: 0 | G35: 82888.02 | H35: 0 | I35: 82888.02 | J35: 61685.07 | K35: =+C35+E35+G35+I35 -> 331552.08 | L35: =+D35+F35+H35+J35 -> 61685.07
A36: 262 | B36: COMBUSTIBLES Y LUBRICANTES | C36: 666.67 | D36: 0 | E36: 666.67 | F36: 0 | G36: 666.67 | H36: 0 | I36: 666.67 | J36: 0 | K36: =+C36+E36+G36+I36 -> 2666.68 | L36: =+D36+F36+H36+J36 -> 0
A37: 266 | B37: PRODUCTOS MEDICINALES Y FARMACEUTICOS | C37: 381939.32 | D37: 0 | E37: 381939.32 | F37: 0 | G37: 381939.32 | H37: 133.93 | I37: 381939.32 | J37: 194422.07 | K37: =+C37+E37+G37+I37 -> 1527757.3 | L37: =+D37+F37+H37+J37 -> 194556
A38: 267 | B38: TINTES, PINTURAS Y COLORANTES | C38: 750 | D38: 0 | E38: 750 | F38: 0 | G38: 750 | H38: 0 | I38: 750 | J38: 0 | K38: =+C38+E38+G38+I38 -> 3000 | L38: =+D38+F38+H38+J38 -> 0
A39: 268 | B39: PRODUCTOS PLASTICOS, NYLON, VINIL Y PVC | C39: 11811.29 | D39: 0 | E39: 11811.29 | F39: 0 | G39: 11811.29 | H39: 0 | I39: 11811.29 | J39: 0 | K39: =+C39+E39+G39+I39 -> 47245.16 | L39: =+D39+F39+H39+J39 -> 0
A40: 269 | B40: OTROS PRODUCTOS QUIMICOS Y CONEXOS | C40: 833.33 | D40: 0 | E40: 833.33 | F40: 0 | G40: 833.33 | H40: 0 | I40: 833.33 | J40: 0 | K40: =+C40+E40+G40+I40 -> 3333.32 | L40: =+D40+F40+H40+J40 -> 0
A41: 289 | B41: OTROS PRODUCTOS METALICOS | C41: 574.88 | D41: 0 | E41: 574.88 | F41: 0 | G41: 574.88 | H41: 0 | I41: 574.88 | J41: 0 | K41: =+C41+E41+G41+I41 -> 2299.52 | L41: =+D41+F41+H41+J41 -> 0
A42: 292 | B42: UTILES DE LIMPIEZA Y PRODUCTOS SANITARIOS | C42: 7014.93 | D42: 0 | E42: 7014.93 | F42: 0 | G42: 7014.93 | H42: 0 | I42: 7014.93 | J42: 0 | K42: =+C42+E42+G42+I42 -> 28059.72 | L42: =+D42+F42+H42+J42 -> 0
A43: 295 | B43: UTILES MENORES MEDICO QUIRURGICOS Y DE LAB. | C43: 1548540.1 | D43: 0 | E43: 1548540.1 | F43: 0 | G43: 1548540.1 | H43: 0 | I43: 1548540.1 | J43: 108377 | K43: =+C43+E43+G43+I43 -> 6194160.2 | L43: =+D43+F43+H43+J43 -> 108377
A44: 297 | B44: UTILES, ACCESORIOS Y MATERIALES ELECTRICOS | C44: 1591.07 | D44: 0 | E44: 1591.07 | F44: 0 | G44: 1591.07 | H44: 0 | I44: 1591.07 | J44: 0 | K44: =+C44+E44+G44+I44 -> 6364.28 | L44: =+D44+F44+H44+J44 -> 0
... A46: 299 | B46: OTROS MATERIALES Y SUMINISTROS | C46: 19041.83 | D46: 0 | E46: 19041.83 | F46: 0 | G46: 19041.83 | H46: 0 | I46: 19041.83 | J46: 0 | K46: =+C46+E46+G46+I46 -> 76167.32 | L46: =+D46+F46+H46+J46 -> 0
B47: TOTAL MATERIALES Y SUMINISTROS | C47: =SUM(C33:C46) -> 2160075.1 | D47: =SUM(D33:D46) -> 0 | E47: =SUM(E33:E46) -> 2160075.1 | F47: =SUM(F33:F46) -> 0 | G47: =SUM(G33:G46) -> 2160075.1 | H47: =SUM(H33:H46) -> 14210.93 | I47: =SUM(I33:I46) -> 2160075.1 | J47: =SUM(J33:J46) -> 461310.25 | ... L47: =SUM(L33:L46) -> 475521.18
B48: PROPIEDAD PLANTA Y EQUIPO
B49: EQUIPO MEDICO SANITARIO Y DE LABORATORIO | C49: 0 | D49: 0 | E49: 0 | F49: 0 | H49: 0 | K49: =+C49+E49+G49+I49 -> 0 | L49: =+D49+F49+H49+J49 -> 0
B50: OTRAS MAQUINARIAS Y EQUIPOS | C50: 0 | D50: 0 | E50: 0 | F50: 0 | H50: 0 | I50: 0 | K50: =+C50+E50+G50+I50 -> 0 | L50: =+D50+F50+H50+J50 -> 0
B51: TOTAL PROPIEDAD PLANTA Y EQUIPO | C51: =SUM(C49:C50) -> 0 | D51: =SUM(D49:D50) -> 0 | E51: =SUM(E49:E50) -> 0 | F51: =SUM(F49:F50) -> 0 | G51: =SUM(G49:G50) -> 0 | H51: =SUM(H49:H50) -> 0 | I51: =SUM(I49:I50) -> 0 | J51: =SUM(J49:J50) -> 0 | ... L51: =SUM(L49:L50) -> 0
A60: Programación y ejecucion mensual por tipo de gasto año 2022, Expresado en Quetzales segundo cuatrimestre 2022
A61: No. | B61: CATEGORIA DE GASTO | C61: MAYO | E61: JUNIO | G61: JULIO | I61: AGOSTO | K61: TOTAL CUATRIMESTRE | M61: TOTAL ACUMULADO
C62: PRESUPUESTO | D62: REAL | E62: PRESUPUESTO | F62: REAL | G62: PRESUPUESTO | H62: REAL | I62: PRESUPUESTO | J62: REAL | K62: PRESUPUESTO | L62: REAL | M62: PRESUPUESTO | N62: REAL
A63: 011 | B63: RECURSO HUMANO | C63: 2414811.3 | D63: 2417711.1 | E63: 2414811.3 | F63: 2408593 | G63: 2414811.3 | H63: 2416876.5 | I63: 2414811.3 | J63: 2426363.1 | K63: =+C63+E63+G63+I63 -> 9659245.3 | L63: =+D63+F63+H63+J63 -> 9669543.8 | M63: =+K63+K17 -> 19318491 | N63: =+L63+L17 -> 19261141
B65: GASTOS DE FUNCIONAMIENTO | C65: =+C77+C93 -> 2771883.2 | D65: =+D77+D93+D97 -> 1295730.8 | E65: =+E77+E93 -> 2771883.2 | F65: =+F77+F93 -> 3338607.9 | G65: =+G77+G93 -> 2771883.2 | H65: =+H77+H93 -> 2433144.6 | I65: =+I77+I93 -> 2771883.2 | J65: =+J77+J93 -> 4481129.3 | K65: =+C65+E65+G65+I65 -> 11087533 | L65: =+D65+F65+H65+J65 -> 11548613 | M65: =+K65+K19 -> 21933731 | N65: =+L65+L19 -> 12446629
A66: 111 | B66: ENERGIA ELECTRICA | C66: 77315.63 | D66: 86367.27 | E66: 77315.63 | F66: 94176.3 | G66: 77315.63 | H66: 86010.19 | I66: 77315.63 | J66: 87596.5 | K66: =+C66+E66+G66+I66 -> 309262.52 | L66: =+D66+F66+H66+J66 -> 354150.26 | M66: =+K66+K20 -> 541209.41 | N66: =+L66+L20 -> 504350.31
A67: 113 | B67: TELEFONIA | C67: 10564.58 | D67: 11246.38 | E67: 10564.58 | F67: 11291.9 | G67: 10564.58 | H67: 11339.74 | I67: 10564.58 | J67: 11320.21 | K67: =+C67+E67+G67+I67 -> 42258.32 | L67: =+D67+F67+H67+J67 -> 45198.23 | M67: =+K67+K21 -> 84516.64 | N67: =+L67+L21 -> 75932.76
A68: 122 | B68: IMPRESIÓN, ENCUADERNACION Y REPRODUCCION | C68: 6085.56 | D68: 0 | E68: 6085.56 | F68: 16633.47 | G68: 6085.56 | H68: 23433.02 | I68: 6085.56 | J68: 18680.5 | K68: =+C68+E68+G68+I68 -> 24342.24 | L68: =+D68+F68+H68+J68 -> 58746.99 | M68: =+K68+K22 -> 36513.36 | N68: =+L68+L22 -> 58746.99
A69: 163 | B69: MANT. Y REP. EQUIPO MEDICO SANITARIO Y DE LAB. | C69: 75924.2 | D69: 29608.97 | E69: 75924.2 | F69: 104241.03 | G69: 75924.2 | H69: 52753.17 | I69: 75924.2 | J69: 85711.51 | K69: =+C69+E69+G69+I69 -> 303696.8 | L69: =+D69+F69+H69+J69 -> 272314.68 | M69: =+K69+K23 -> 455545.2 | N69: =+L69+L23 -> 272314.68
A70: 168 | B70: MANTENIMIENTO Y REPARACION DE EQUIPO DE COMPUTO | C70: 0 | D70: 0 | E70: 0 | F70: 0 | G70: 0 | H70: 0 | I70: 0 | J70: 0 | K70: =+C70+E70+G70+I70 -> 0 | L70: =+D70+F70+H70+J70 -> 0 | M70: =+K70+K24 -> 0 | N70: =+L70+L24 -> 0
A71: 169 | B71: MANT. Y REP. DE OTRAS MAQ. Y EQUIPO | C71: 3526.67 | D71: 0 | E71: 3526.67 | F71: 4850 | G71: 3526.67 | H71: 8300 | I71: 3526.67 | J71: 0 | K71: =+C71+E71+G71+I71 -> 14106.68 | L71: =+D71+F71+H71+J71 -> 13150 | M71: =+K71+K25 -> 28213.36 | N71: =+L71+L25 -> 13150
A72: 171 | B72: MANT. Y REPARACION DE EDIFICIOS | C72: 3638.33 | D72: 1200 | E72: 3638.33 | F72: 2400 | G72: 3638.33 | H72: 7400 | I72: 3638.33 | J72: 1200 | K72: =+C72+E72+G72+I72 -> 14553.32 | L72: =+D72+F72+H72+J72 -> 12200 | M72: =+K72+K26 -> 29106.64 | N72: =+L72+L26 -> 12200
A73: 174 | B73: MANT. Y REP. DE INSTALACIONES | C73: 7356.33 | D73: 3180 | E73: 7356.33 | F73: 13545 | G73: 7356.33 | H73: 4530 | I73: 7356.33 | J73: 3180 | K73: =+C73+E73+G73+I73 -> 29425.32 | L73: =+D73+F73+H73+J73 -> 24435 | M73: =+K73+K27 -> 58850.64 | N73: =+L73+L27 -> 30795
A74: 182 | B74: SERVICIOS MEDICO-SANITARIOS | C74: 317986.83 | D74: 287212.34 | E74: 317986.83 | F74: 391667.16 | G74: 317986.83 | H74: 285438 | I74: 317986.83 | J74: 226561 | K74: =+C74+E74+G74+I74 -> 1271947.3 | L74: =+D74+F74+H74+J74 -> 1190878.5 | M74: =+K74+K28 -> 2543894.6 | N74: =+L74+L28 -> 1323628
A75: 197 | B75: SERVICIOS DE VIGILANCIA | C75: 42350 | D75: 84000 | E75: 42350 | F75: 42000 | G75: 42350 | H75: 42000 | I75: 42350 | J75: 42000 | K75: =+C75+E75+G75+I75 -> 169400 | L75: =+D75+F75+H75+J75 -> 210000 | M75: =+K75+K29 -> 338800 | N75: =+L75+L29 -> 294000
A76: 199 | B76: OTROS SERVICIOS NO PERSONALES | C76: 67060 | D76: 47611.05 | E76: 67060 | F76: 118481 | G76: 67060 | H76: 70039 | I76: 67060 | J76: 51262.3 | K76: =+C76+E76+G76+I76 -> 268240 | L76: =+D76+F76+H76+J76 -> 287393.35 | M76: =+K76+K30 -> 536480 | N76: =+L76+L30 -> 305844.35
B77: SUMA GASTOS GENERALES | C77: =SUM(C66:C76) -> 611808.13 | D77: =SUM(D66:D76) -> 550426.01 | E77: =SUM(E66:E76) -> 611808.13 | F77: =SUM(F66:F76) -> 799285.86 | G77: =SUM(G66:G76) -> 611808.13 | H77: =SUM(H66:H76) -> 591243.12 | I77: =SUM(I66:I76) -> 611808.13 | J77: =SUM(J66:J76) -> 527512.02 | ... N77: =SUM(N66:N76) -> 2890962.1
B78: MATERIALES Y SUMINISTROS
A79: 211 | B79: ALIMENTOS PARA PERSONAS | C79: 58165.57 | D79: 60286 | E79: 58165.57 | F79: 48763.25 | G79: 58165.57 | H79: 61735.5 | I79: 58165.57 | J79: 36540 | K79: =+C79+E79+G79+I79 -> 232662.28 | L79: =+D79+F79+H79+J79 -> 207324.75 | M79: =+K79+K33 -> 465324.56 | N79: =+L79+L33 -> 310885
A80: 232 | B80: ACABADOS TEXTILES | C80: 12500 | D80: 0 | E80: 12500 | F80: 0 | G80: 12500 | H80: 0 | I80: 12500 | J80: 0 | K80: =+C80+E80+G80+I80 -> 50000 | L80: =+D80+F80+H80+J80 -> 0 | M80: =+K80+K34 -> 100000 | N80: =+L80+L34 -> 0
A81: 261 | B81: ELEMENTOS Y COMPUESTOS QUIMICOS | C81: 82888.02 | D81: 70520.36 | E81: 82888.02 | F81: 113332.23 | G81: 82888.02 | H81: 76741.63 | I81: 82888.02 | J81: 58281.54 | K81: =+C81+E81+G81+I81 -> 331552.08 | L81: =+D81+F81+H81+J81 -> 318875.76 | M81: =+K81+K35 -> 663104.16 | N81: =+L81+L35 -> 380560.83
A82: 262 | B82: COMBUSTIBLES Y LUBRICANTES | C82: 666.67 | D82: 0 | E82: 666.67 | F82: 0 | G82: 666.67 | H82: 0 | I82: 666.67 | J82: 0 | K82: =+C82+E82+G82+I82 -> 2666.68 | L82: =+D82+F82+H82+J82 -> 0 | M82: =+K82+K36 -> 5333.36 | N82: =+L82+L36 -> 0
A83: 266 | B83: PRODUCTOS MEDICINALES Y FARMACEUTICOS | C83: 381939.32 | D83: 319595.33 | E83: 381939.32 | F83: 554062.46 | G83: 381939.32 | H83: 554408.41 | I83: 381939.32 | J83: 487437.1 | K83: =+C83+E83+G83+I83 -> 1527757.3 | L83: =+D83+F83+H83+J83 -> 1915503.3 | M83: =+K83+K37 -> 3055514.6 | N83: =+L83+L37 -> 2110059.3
A84: 267 | B84: TINTES, PINTURAS Y COLORANTES | C84: 750 | D84: 0 | E84: 750 | F84: 0 | G84: 750 | H84: 1798.5 | I84: 750 | J84: 0 | K84: =+C84+E84+G84+I84 -> 3000 | L84: =+D84+F84+H84+J84 -> 1798.5 | M84: =+K84+K38 -> 6000 | N84: =+L84+L38 -> 1798.5
A85: 268 | B85: PRODUCTOS PLASTICOS, NYLON, VINIL Y PVC | C85: 11811.29 | D85: 0 | E85: 11811.29 | F85: 47270.98 | G85: 11811.29 | H85: 21978 | I85: 11811.29 | J85: 7820 | K85: =+C85+E85+G85+I85 -> 47245.16 | L85: =+D85+F85+H85+J85 -> 77068.98 | M85: =+K85+K39 -> 94490.32 | N85: =+L85+L39 -> 77068.98
A86: 269 | B86: OTROS PRODUCTOS QUIMICOS Y CONEXOS | C86: 833.33 | D86: 0 | E86: 833.33 | F86: 0 | G86: 833.33 | H86: 0 | I86: 833.33 | J86: 0 | K86: =+C86+E86+G86+I86 -> 3333.32 | L86: =+D86+F86+H86+J86 -> 0 | M86: =+K86+K40 -> 6666.64 | N86: =+L86+L40 -> 0
A87: 289 | B87: OTROS PRODUCTOS METALICOS | C87: 574.88 | D87: 6592.5 | E87: 574.88 | F87: 0 | G87: 574.88 | H87: 0 | I87: 574.88 | J87: 0 | K87: =+C87+E87+G87+I87 -> 2299.52 | L87: =+D87+F87+H87+J87 -> 6592.5 | M87: =+K87+K41 -> 4599.04 | N87: =+L87+L41 -> 6592.5
A88: 292 | B88: UTILES DE LIMPIEZA Y PRODUCTOS SANITARIOS | C88: 7014.93 | D88: 5886 | E88: 7014.93 | F88: 69850.45 | G88: 7014.93 | H88: 7734.24 | I88: 7014.93 | J88: 0 | K88: =+C88+E88+G88+I88 -> 28059.72 | L88: =+D88+F88+H88+J88 -> 83470.69 | M88: =+K88+K42 -> 56119.44 | N88: =+L88+L42 -> 83470.69
A89: 295 | B89: UTILES MENORES MEDICO QUIRURGICOS Y DE LAB. | C89: 1548540.1 | D89: 230759.8 | E89: 1548540.1 | F89: 1697231 | G89: 1548540.1 | H89: 1069438.9 | I89: 1548540.1 | J89: 3237195.4 | K89: =+C89+E89+G89+I89 -> 6194160.2 | L89: =+D89+F89+H89+J89 -> 6234625.2 | M89: =+K89+K43 -> 12388320 | N89: =+L89+L43 -> 6343002.2
A90: 297 | B90: UTILES, ACCESORIOS Y MATERIALES ELECTRICOS | C90: 1591.07 | D90: 8599.25 | E90: 1591.07 | F90: 0 | G90: 1591.07 | H90: 9483.3 | I90: 1591.07 | J90: 0 | K90: =+C90+E90+G90+I90 -> 6364.28 | L90: =+D90+F90+H90+J90 -> 18082.55 | M90: =+K90+K44 -> 12728.56 | N90: =+L90+L44 -> 18082.55
... A92: 299 | B92: OTROS MATERIALES Y SUMINISTROS | C92: 19041.83 | D92: 14265 | E92: 19041.83 | F92: 0 | G92: 19041.83 | H92: 9438 | I92: 19041.83 | J92: 24860.61 | K92: =+C92+E92+G92+I92 -> 76167.32 | L92: =+D92+F92+H92+J92 -> 48563.61 | M92: =+K92+K46 -> 152334.64 | N92: =+L92+L46 -> 48563.61
B93: TOTAL MATERIALES Y SUMINISTROS | C93: =SUM(C79:C92) -> 2160075.1 | D93: =SUM(D79:D92) -> 745304.77 | E93: =SUM(E79:E92) -> 2160075.1 | F93: =SUM(F79:F92) -> 2539322 | G93: =SUM(G79:G92) -> 2160075.1 | H93: =SUM(H79:H92) -> 1841901.5 | I93: =SUM(I79:I92) -> 2160075.1 | J93: =SUM(J79:J92) -> 3953617.3 | ... N93: =SUM(N79:N92) -> 9555666.8
B94: PROPIEDAD PLANTA Y EQUIPO
B95: EQUIPO MEDICO SANITARIO Y DE LABORATORIO | K95: =+C95+E95+G95+I95 -> 0 | L95: =+D95+F95+H95+J95 -> 0
B96: OTRAS MAQUINARIAS Y EQUIPOS | K96: =+C96+E96+G96+I96 -> 0 | L96: =+D96+F96+H96+J96 -> 0
B97: TOTAL PROPIEDAD PLANTA Y EQUIPO | C97: =SUM(C95:C96) -> 0 | D97: =SUM(D95:D96) -> 0 | E97: =SUM(E95:E96) -> 0 | F97: =SUM(F95:F96) -> 0 | G97: =SUM(G95:G96) -> 0 | H97: =SUM(H95:H96) -> 0 | I97: =SUM(I95:I96) -> 0 | J97: =SUM(J95:J96) -> 0 | ... L97: =SUM(L95:L96) -> 0
A119: Programación y ejecucion mensual por tipo de gasto año 2022, Expresado en Quetzales tercer cuatrimestre 2022
A120: No. | B120: CATEGORIA DE GASTO | C120: SEPTIEMBRE | E120: OCTUBRE | G120: NOVIEMBRE | I120: DICIEMBRE | K120: TOTAL CUATRIMESTRE | M120: TOTAL ACUMULADO
C121: PRESUPUESTO | D121: REAL | E121: PRESUPUESTO | F121: REAL | G121: PRESUPUESTO | H121: REAL | I121: PRESUPUESTO | J121: REAL | K121: PRESUPUESTO | L121: REAL | M121: PRESUPUESTO | N121: REAL
A122: 011 | B122: RECURSO HUMANO | C122: 2414811.3 | D122: 2400886.3 | E122: 2414811.3 | F122: 2409784.7 | G122: 2414811.3 | H122: 2486510.3 | I122: 2414811.3 | J122: 2419414 | K122: =+C122+E122+G122+I122 -> 9659245.3 | L122: =+D122+F122+H122+J122 -> 9716595.3 | M122: =+K122+K63+K17 -> 28977736 | N122: =+L122+L63+L17 -> 28977736
B124: GASTOS DE FUNCIONAMIENTO | C124: =+C136+C152 -> 2573947.4 | D124: =+D136+D152 -> 2328043.8 | E124: =+E136+E152 -> 2497042 | F124: =+F136+F152 -> 3874897.3 | G124: =+G136+G152 -> 2678771.9 | H124: =+H136+H152 -> 2968160.4 | I124: =+I136+I152 -> 2678771.9 | J124: =+J136+J152 -> 10631013 | K124: =+C124+E124+G124+I124 -> 10428533 | L124: =+D124+F124+H124+J124 -> 19802114 | M124: =+K124+K65+K19 -> 32362264 | N124: =+L124+L65+L19 -> 32248743
A125: 111 | B125: ENERGIA ELECTRICA | C125: 93171.61 | D125: 193484.29 | E125: 93171.61 | F125: 0 | G125: 124672.78 | H125: 99063.6 | I125: 124672.79 | J125: 179012.34 | K125: =+C125+E125+G125+I125 -> 435688.79 | L125: =+D125+F125+H125+J125 -> 471560.23 | M125: =+K125+K66+K20 -> 976898.2 | N125: =+L125+L66+L20 -> 975910.54
A126: 113 | B126: TELEFONIA | C126: 9831.16 | D126: 11339.3 | E126: 9831.16 | F126: 11488.1 | G126: 10245.6 | H126: 11436.96 | I126: 10245.6 | J126: 14401.82 | K126: =+C126+E126+G126+I126 -> 40153.52 | L126: =+D126+F126+H126+J126 -> 48666.18 | M126: =+K126+K67+K21 -> 124670.16 | N126: =+L126+L67+L21 -> 124598.94
A127: 122 | B127: IMPRESIÓN, ENCUADERNACION Y REPRODUCCION | C127: 6085.56 | D127: 0 | E127: 6085.56 | F127: 0 | G127: 6027.76 | H127: 1993 | I127: 6027.75 | J127: 0 | K127: =+C127+E127+G127+I127 -> 24226.63 | L127: =+D127+F127+H127+J127 -> 1993 | M127: =+K127+K68+K22 -> 60739.99 | N127: =+L127+L68+L22 -> 60739.99
A128: 163 | B128: MANT. Y REP. EQUIPO MEDICO SANITARIO Y DE LAB. | C128: 75924.2 | D128: 77012 | E128: 75924.2 | F128: 8250 | G128: 75924.2 | H128: 0 | I128: 75924.2 | J128: 401664.4 | K128: =+C128+E128+G128+I128 -> 303696.8 | L128: =+D128+F128+H128+J128 -> 486926.4 | M128: =+K128+K69+K23 -> 759242 | N128: =+L128+L69+L23 -> 759241.08
A129: 168 | B129: MANTENIMIENTO Y REPARACION DE EQUIPO DE COMPUTO | C129: 0 | D129: 0 | E129: 0 | F129: 0 | G129: 0 | H129: 0 | I129: 0 | J129: 0 | K129: =+C129+E129+G129+I129 -> 0 | L129: =+D129+F129+H129+J129 -> 0 | M129: =+K129+K70+K24 -> 0 | N129: =+L129+L70+L24 -> 0
A130: 169 | B130: MANT. Y REP. DE OTRAS MAQ. Y EQUIPO | C130: 3526.66 | D130: 0 | E130: 3526.66 | F130: 0 | G130: 3526.66 | H130: 0 | I130: 3526.66 | J130: 28537 | K130: =+C130+E130+G130+I130 -> 14106.64 | L130: =+D130+F130+H130+J130 -> 28537 | M130: =+K130+K71+K25 -> 42320 | N130: =+L130+L71+L25 -> 41687
A131: 171 | B131: MANT. Y REPARACION DE EDIFICIOS | C131: 3638.34 | D131: 9390 | E131: 3638.34 | F131: 1200 | G131: 3638.34 | H131: 1200 | I131: 3638.34 | J131: 19670 | K131: =+C131+E131+G131+I131 -> 14553.36 | L131: =+D131+F131+H131+J131 -> 31460 | M131: =+K131+K72+K26 -> 43660 | N131: =+L131+L72+L26 -> 43660
A132: 174 | B132: MANT. Y REP. DE INSTALACIONES | C132: 7356.34 | D132: 4530 | E132: 7356.34 | F132: 23159.46 | G132: 7356.34 | H132: 5400.54 | I132: 7356.34 | J132: 24391 | K132: =+C132+E132+G132+I132 -> 29425.36 | L132: =+D132+F132+H132+J132 -> 57481 | M132: =+K132+K73+K27 -> 88276 | N132: =+L132+L73+L27 -> 88276
A133: 182 | B133: SERVICIOS MEDICO-SANITARIOS | C133: 77031.34 | D133: 288204 | E133: 55078.02 | F133: 321557 | G133: 0 | H133: 221740 | I133: 0 | J133: 520081 | K133: =+C133+E133+G133+I133 -> 132109.36 | L133: =+D133+F133+H133+J133 -> 1351582 | M133: =+K133+K74+K28 -> 2676004 | N133: =+L133+L74+L28 -> 2675210
A134: 197 | B134: SERVICIOS DE VIGILANCIA | C134: 41900 | D134: 42000 | E134: 41900 | F134: 42000 | G134: 40700 | H134: 42000 | I134: 40700 | J134: 84000 | K134: =+C134+E134+G134+I134 -> 165200 | L134: =+D134+F134+H134+J134 -> 210000 | M134: =+K134+K75+K29 -> 504000 | N134: =+L134+L75+L29 -> 504000
A135: 199 | B135: OTROS SERVICIOS NO PERSONALES | C135: 23237.15 | D135: 38345.65 | E135: 23237.15 | F135: 62459.25 | G135: 30237.15 | H135: 77987.65 | I135: 30237.15 | J135: 146754.75 | K135: =+C135+E135+G135+I135 -> 106948.6 | L135: =+D135+F135+H135+J135 -> 325547.3 | M135: =+K135+K76+K30 -> 643428.6 | N135: =+L135+L76+L30 -> 631391.65
B136: SUMA GASTOS GENERALES | C136: =SUM(C125:C135) -> 341702.36 | D136: =SUM(D125:D135) -> 664305.24 | E136: =SUM(E125:E135) -> 319749.04 | F136: =SUM(F125:F135) -> 470113.81 | G136: =SUM(G125:G135) -> 302328.83 | H136: =SUM(H125:H135) -> 460821.75 | I136: =SUM(I125:I135) -> 302328.83 | J136: =SUM(J125:J135) -> 1418512.3 | ... N136: =SUM(N125:N135) -> 5904715.2
B137: MATERIALES Y SUMINISTROS
A138: 211 | B138: ALIMENTOS PARA PERSONAS | C138: 34048.26 | D138: 52483.75 | E138: 34048.26 | F138: 51033.5 | G138: 18060.46 | H138: 69440 | I138: 18060.46 | J138: 85292.25 | K138: =+C138+E138+G138+I138 -> 104217.44 | L138: =+D138+F138+H138+J138 -> 258249.5 | M138: =+K138+K79+K33 -> 569542 | N138: =+L138+L79+L33 -> 569134.5
A139: 232 | B139: ACABADOS TEXTILES | C139: 12500 | D139: 0 | E139: 7500 | F139: 0 | G139: 0 | H139: 0 | I139: 0 | J139: 119815 | K139: =+C139+E139+G139+I139 -> 20000 | L139: =+D139+F139+H139+J139 -> 119815 | M139: =+K139+K80+K34 -> 120000 | N139: =+L139+L80+L34 -> 119815
A140: 261 | B140: ELEMENTOS Y COMPUESTOS QUIMICOS | C140: 49952.1 | D140: 58142.31 | E140: 0 | F140: 44486.79 | G140: 0 | H140: 73650.42 | I140: 0 | J140: 156184.44 | K140: =+C140+E140+G140+I140 -> 49952.1 | L140: =+D140+F140+H140+J140 -> 332463.96 | M140: =+K140+K81+K35 -> 713056.26 | N140: =+L140+L81+L35 -> 713024.79
A141: 262 | B141: COMBUSTIBLES Y LUBRICANTES | C141: 666.66 | D141: 0 | E141: 666.66 | F141: 7708.85 | G141: 521.09 | H141: 0 | I141: 521.08 | J141: 0 | K141: =+C141+E141+G141+I141 -> 2375.49 | L141: =+D141+F141+H141+J141 -> 7708.85 | M141: =+K141+K82+K36 -> 7708.85 | N141: =+L141+L82+L36 -> 7708.85
A142: 266 | B142: PRODUCTOS MEDICINALES Y FARMACEUTICOS | C142: 214106.21 | D142: 85549.55 | E142: 214106.2 | F142: 523178.34 | G142: 127372.07 | H142: 169013.07 | I142: 127372.07 | J142: =761491.42+83055 -> 844546.42 | K142: =+C142+E142+G142+I142 -> 682956.55 | L142: =+D142+F142+H142+J142 -> 1622287.4 | M142: =+K142+K83+K37 -> 3738471.1 | N142: =+L142+L83+L37 -> 3732346.7
A143: 267 | B143: TINTES, PINTURAS Y COLORANTES | C143: 750 | D143: 0 | E143: 750 | F143: 4894 | G143: 13394 | H143: 0 | I143: 13394 | J143: 27594 | K143: =+C143+E143+G143+I143 -> 28288 | L143: =+D143+F143+H143+J143 -> 32488 | M143: =+K143+K84+K38 -> 34288 | N143: =+L143+L84+L38 -> 34286.5
...

Sheet SEPTIEMBRE ANEXO A CTE-5
B8: ÀREA FINANCIERA | I8: ANEXO DE CTE-5
A10: UNIDAD DE CIRUGIA CARDIOVASCULAR DE GUATEMALA
A11: 5a. AVENIDA 6-22 ZONA 11
A12: dgunicar@yahoo.es Tel. 24163000
A14: Programación mensual por tipo de gasto año 2018, Expresado en Quetzales primer cuatrimestre 2018
A15: No. | B15: CATEGORIA DE GASTO | C15: ENERO | E15: FEBRERO | G15: MARZO | I15: ABRIL
C16: PRESUPUESTO | D16: REAL | E16: PRESUPUESTO | F16: REAL | G16: PRESUPUESTO | H16: REAL | I16: PRESUPUESTO | J16: REAL
B17: RECURSO HUMANO | C17: 1764858.4 | D17: 1492317.4 | E17: 1764858.4 | F17: 1792563.6 | G17: 1764858.4 | H17: 1578007.9 | I17: 1764858.4 | J17: 1803793.6
B19: GASTOS DE FUNCIONAMIENTO | C19: =+C27+C43 -> 2818474.9 | D19: =+D27+D43 -> 0 | E19: =+E27+E43 -> 2818474.9 | F19: =+F27+F43 -> 67111.02 | G19: =+G27+G43 -> 2818474.9 | H19: =+H27+H43 -> 58543.64 | I19: =+I27+I43 -> 2818474.9 | J19: =+J27+J43 -> 3743927.3
B20: ENERGIA ELECTRICA | C20: 62500 | E20: 62500 | F20: 56112.02 | G20: 62500 | I20: 62500 | J20: 68083.01
B21: TELEFONIA | C21: 7500 | E21: 7500 | F21: 10999 | G21: 7500 | H21: 11011 | I21: 7500 | J21: 10992
B22: IMPRESIÓN, ENCUADERNACION Y REPRODUCCION | C22: 8133.97 | E22: 8133.97 | G22: 8133.97 | I22: 8133.97 | J22: 4358
B23: MANT. Y REP. EQUIPO MEDICO SANITARIO Y DE LAB. | C23: 33333.33 | E23: 33333.33 | G23: 33333.33 | I23: 33333.33 | J23: 45020
B24: SERVICIOS MEDICO-SANITARIOS | C24: 165141.75 | E24: 165141.75 | G24: 165141.75 | H24: 1000 | I24: 165141.75 | J24: 26842.86
B25: SERVICIOS DE VIGILANCIA | C25: 40000 | E25: 40000 | G25: 40000 | I25: 40000 | J25: 76240
B26: OTROS SERVICIOS NO PERSONALES | C26: 26305.03 | E26: 26305.03 | G26: 26305.03 | H26: 46532.64 | I26: 26305.03 | J26: 55063.68
B27: SUMA GASTOS GENERALES | C27: =SUM(C20:C26) -> 342914.08 | D27: =SUM(D20:D26) -> 0 | E27: =SUM(E20:E26) -> 342914.08 | F27: =SUM(F20:F26) -> 67111.02 | G27: =SUM(G20:G26) -> 342914.08 | H27: =SUM(H20:H26) -> 58543.64 | I27: =SUM(I20:I26) -> 342914.08 | J27: =SUM(J20:J26) -> 286599.55
B28: MATERIALES Y SUMINISTROS
B29: ALIMENTOS PARA PERSONAS | C29: 60936.45 | E29: 60936.45 | G29: 60936.45 | I29: 60936.45 | J29: 202940.25
B30: ACABADOS TEXTILES | C30: 600 | E30: 600 | G30: 600 | I30: 600
B31: PRODUCTOS DE PAPEL O CARTON | C31: 945.42 | E31: 945.42 | G31: 945.42 | I31: 945.42
B32: ELEMENTOS Y COMPUESTOS QUIMICOS | C32: 169652.57 | E32: 169652.57 | G32: 169652.57 | I32: 169652.57 | J32: 178282.05
B33: COMBUSTIBLES Y LUBRICANTES | C33: 912 | E33: 912 | G33: 912 | I33: 912
B34: PRODUCTOS MEDICINALES Y FARMACEUTICOS | C34: 427229.65 | E34: 427229.65 | G34: 427229.65 | I34: 427229.65 | J34: 1425199.8
B35: TINTES, PINTURAS Y COLORANTES | C35: 100 | E35: 100 | G35: 100 | I35: 100
B36: PRODUCTOS PLASTICOS, NYLON, VINIL Y PVC | C36: 13579.7 | E36: 13579.7 | G36: 13579.7 | I36: 13579.7 | J36: 75162.24
B37: OTROS PRODUCTOS METALICOS | C37: 310 | E37: 310 | G37: 310 | I37: 310
B38: UTILES DE LIMPIEZA Y PRODUCTOS SANITARIOS | C38: 10809.43 | E38: 10809.43 | G38: 10809.43 | I38: 10809.43 | J38: 14528.6
B39: UTILES MENORES MEDICO QUIRURGICOS Y DE LAB. | C39: 1780006.3 | E39: 1780006.3 | G39: 1780006.3 | I39: 1780006.3 | J39: 1545914.8
B40: UTILES, ACCESORIOS Y MATERIALES ELECTRICOS | C40: 2208.7 | E40: 2208.7 | G40: 2208.7 | I40: 2208.7 | J40: 15300
B41: ACCESORIOS Y REPUESTOS EN GENERAL | C41: 8105.1 | E41: 8105.1 | G41: 8105.1 | I41: 8105.1
B42: OTROS MATERIALES Y SUMINISTROS | C42: 165.5 | E42: 165.5 | G42: 165.5 | I42: 165.5
B43: TOTAL MATERIALES Y SUMINISTROS | C43: =SUM(C29:C42) -> 2475560.8 | D43: =SUM(D29:D42) -> 0 | E43: =SUM(E29:E42) -> 2475560.8 | F43: =SUM(F29:F42) -> 0 | G43: =SUM(G29:G42) -> 2475560.8 | H43: =SUM(H29:H42) -> 0 | I43: =SUM(I29:I42) -> 2475560.8 | J43: =SUM(J29:J42) -> 3457327.8
A46: Programación mensual por tipo de gasto año 2016, Expresado en Quetzales
A47: No. | B47: Categoría de Gasto | C47: Julio | E47: Agosto | G47: Septiembre
B48: Recurso Humano | C48: Pto. | D48: Real | E48: Pto. | F48: Real | G48: Pto. | H48: Real
B51: Gastos de Funcionamiento
B52: detallar cada gasto cargado
A60: TOTALES
A73: Programación mensual por tipo de gasto año 2018, Expresado en Quetzales segundo cuatrimestre 2018
A74: No. | B74: CATEGORIA DE GASTO | C74: MAYO | E74: JUNIO | G74: JULIO | I74: AGOSTO
C75: PRESUPUESTO | D75: REAL | E75: PRESUPUESTO | F75: REAL | G75: PRESUPUESTO | H75: REAL | I75: PRESUPUESTO | J75: REAL
B76: RECURSO HUMANO | C76: 1764858.4 | D76: 2281196.2 | E76: 1764858.4 | F76: 1896496.9
B78: GASTOS DE FUNCIONAMIENTO | C78: =+C86+C102 -> 2818474.9 | D78: =+D86+D102 -> 3820610.3 | E78: =+E86+E102 -> 2818474.9 | F78: =+F86+F102 -> 2361172.2 | G78: =+G86+G102 -> 0 | H78: =+H86+H102 -> 0 | I78: =+I86+I102 -> 0 | J78: =+J86+J102 -> 0
B79: ENERGIA ELECTRICA | C79: 62500 | D79: 138609.61 | E79: 62500
B80: TELEFONIA | C80: 7500 | D80: 9818.25 | E80: 7500 | F80: 9560.36
B81: IMPRESIÓN, ENCUADERNACION Y REPRODUCCION | C81: 8133.97 | E81: 8133.97 | F81: 39787
B82: MANT. Y REP. EQUIPO MEDICO SANITARIO Y DE LAB. | C82: 33333.33 | D82: 19161.8 | E82: 33333.33
B83: SERVICIOS MEDICO-SANITARIOS | C83: 165141.75 | D83: 4057.14 | E83: 165141.75 | F83: 184282.78
B84: SERVICIOS DE VIGILANCIA | C84: 40000 | D84: 38120 | E84: 40000 | F84: 38120
B85: OTROS SERVICIOS NO PERSONALES | C85: 26305.03 | D85: 48548.64 | E85: 26305.03 | F85: 44604
B86: SUMA GASTOS GENERALES | C86: =SUM(C79:C85) -> 342914.08 | D86: =SUM(D79:D85) -> 258315.44 | E86: =SUM(E79:E85) -> 342914.08 | F86: =SUM(F79:F85) -> 316354.14 | G86: =SUM(G79:G85) -> 0 | H86: =SUM(H79:H85) -> 0 | I86: =SUM(I79:I85) -> 0 | J86: =SUM(J79:J85) -> 0
B87: MATERIALES Y SUMINISTROS
B88: ALIMENTOS PARA PERSONAS | C88: 60936.45 | D88: 1023 | E88: 60936.45 | F88: 58023.7
B89: ACABADOS TEXTILES | C89: 600 | E89: 600
B90: PRODUCTOS DE PAPEL O CARTON | C90: 945.42 | E90: 945.42
B91: ELEMENTOS Y COMPUESTOS QUIMICOS | C91: 169652.57 | D91: 181188.84 | E91: 169652.57 | F91: 66957.58
B92: COMBUSTIBLES Y LUBRICANTES | C92: 912 | E92: 912
B93: PRODUCTOS MEDICINALES Y FARMACEUTICOS | C93: 427229.65 | D93: 535053.33 | E93: 427229.65 | F93: 261536.69
B94: TINTES, PINTURAS Y COLORANTES | C94: 100 | E94: 100
B95: PRODUCTOS PLASTICOS, NYLON, VINIL Y PVC | C95: 13579.7 | D95: 6224.76 | E95: 13579.7 | F95: 6630
B96: OTROS PRODUCTOS METALICOS | C96: 310 | D96: 3610 | E96: 310
B97: UTILES DE LIMPIEZA Y PRODUCTOS SANITARIOS | C97: 10809.43 | D97: 39404.76 | E97: 10809.43 | F97: 23463
B98: UTILES MENORES MEDICO QUIRURGICOS Y DE LAB. | C98: 1780006.3 | D98: 2752150.2 | E98: 1780006.3 | F98: 1617110.1
B99: UTILES, ACCESORIOS Y MATERIALES ELECTRICOS | C99: 2208.7 | E99: 2208.7 | F99: 11097
B100: ACCESORIOS Y REPUESTOS EN GENERAL | C100: 8105.1 | D100: 43640 | E100: 8105.1
B101: OTROS MATERIALES Y SUMINISTROS | C101: 165.5 | E101: 165.5
B102: TOTAL MATERIALES Y SUMINISTROS | C102: =SUM(C88:C101) -> 2475560.8 | D102: =SUM(D88:D101) -> 3562294.9 | E102: =SUM(E88:E101) -> 2475560.8 | F102: =SUM(F88:F101) -> 2044818 | G102: =SUM(G88:G101) -> 0 | H102: =SUM(H88:H101) -> 0 | I102: =SUM(I88:I101) -> 0 | J102: =SUM(J88:J101) -> 0
A123: Programación mensual por tipo de gasto año 2017, Expresado en Quetzales tercer cuatrimestre 2018
A124: No. | B124: CATEGORIA DE GASTO | C124: SEPTIEMBRE | E124: OCTUBRE | G124: NOVIEMBRE | I124: DICIEMBRE
C125: PRESUPUESTO | D125: REAL | E125: PRESUPUESTO | F125: REAL | G125: PRESUPUESTO | H125: REAL | I125: PRESUPUESTO | J125: REAL
B126: RECURSO HUMANO
B128: GASTOS DE FUNCIONAMIENTO | C128: =+C136+C152 -> 0 | D128: =+D136+D152 -> 0 | E128: =+E136+E152 -> 0 | F128: =+F136+F152 -> 0 | G128: =+G136+G152 -> 0 | H128: =+H136+H152 -> 0 | I128: =+I136+I152 -> 0 | J128: =+J136+J152 -> 0
B129: ENERGIA ELECTRICA
B130: TELEFONIA
B131: IMPRESIÓN, ENCUADERNACION Y REPRODUCCION
B132: MANT. Y REP. EQUIPO MEDICO SANITARIO Y DE LAB.
B133: SERVICIOS MEDICO-SANITARIOS
B134: SERVICIOS DE VIGILANCIA
B135: OTROS SERVICIOS NO PERSONALES
B136: SUMA GASTOS GENERALES | C136: =SUM(C129:C135) -> 0 | D136: =SUM(D129:D135) -> 0 | E136: =SUM(E129:E135) -> 0 | F136: =SUM(F129:F135) -> 0 | G136: =SUM(G129:G135) -> 0 | H136: =SUM(H129:H135) -> 0 | I136: =SUM(I129:I135) -> 0 | J136: =SUM(J129:J135) -> 0
B137: MATERIALES Y SUMINISTROS
B138: ALIMENTOS PARA PERSONAS
B139: AVABADOS TEXTILES
B140: PRODUCTOS DE PAPEL O CARTON
B141: ELEMENTOS Y COMPUESTOS QUIMICOS
B142: COMBUSTIBLES Y LUBRICANTES
B143: PRODUCTOS MEDICINALES Y FARMACEUTICOS
B144: TINTES, PINTURAS Y COLORANTES
B145: PRODUCTOS PLASTICOS, NYLON, VINIL Y PVC
B146: OTROS PRODUCTOS METALICOS
B147: UTILES DE LIMPIEZA Y PRODUCTOS SANITARIOS
B148: UTILES MENORES MEDICO QUIRURGICOS Y DE LAB.
... B151: OTROS MATERIALES Y SUMINISTROS
B152: TOTAL MATERIALES Y SUMINISTROS | C152: =SUM(C138:C151) -> 0 | D152: =SUM(D138:D151) -> 0 | E152: =SUM(E138:E151) -> 0 | F152: =SUM(F138:F151) -> 0 | G152: =SUM(G138:G151) -> 0 | H152: =SUM(H138:H151) -> 0 | I152: =SUM(I138:I151) -> 0 | J152: =SUM(J138:J151) -> 0
C177: PROGRAMACION POR TIPO DE GASTO AÑO 2022
C178: RESUMEN AL 30 DE SEPTIEMBRE 2022
C179: No. | D179: CATEGORIA DE GASTO | E179: TOTAL ANUAL
E180: PRESUPUESTO | F180: COMPROMETIDO
D181: RECURSO HUMANO | E181: =+'SEPTIEMBRE CTE-5'!C177 -> 21733302 | F181: =+'SEPTIEMBRE CTE-5'!D177 -> 21662027
...

Sheet OCTUBRE ANEXO A CTE-5
B8: ÀREA FINANCIERA | I8: ANEXO DE CTE-5
A10: UNIDAD DE CIRUGIA CARDIOVASCULAR DE GUATEMALA
A11: 5a. AVENIDA 6-22 ZONA 11
A12: dgunicar@yahoo.es Tel. 24163000
A14: Programación mensual por tipo de gasto año 2018, Expresado en Quetzales primer cuatrimestre 2018
A15: No. | B15: CATEGORIA DE GASTO | C15: ENERO | E15: FEBRERO | G15: MARZO | I15: ABRIL
C16: PRESUPUESTO | D16: REAL | E16: PRESUPUESTO | F16: REAL | G16: PRESUPUESTO | H16: REAL | I16: PRESUPUESTO | J16: REAL
B17: RECURSO HUMANO | C17: 1764858.4 | D17: 1492317.4 | E17: 1764858.4 | F17: 1792563.6 | G17: 1764858.4 | H17: 1578007.9 | I17: 1764858.4 | J17: 1803793.6
B19: GASTOS DE FUNCIONAMIENTO | C19: =+C27+C43 -> 2818474.9 | D19: =+D27+D43 -> 0 | E19: =+E27+E43 -> 2818474.9 | F19: =+F27+F43 -> 67111.02 | G19: =+G27+G43 -> 2818474.9 | H19: =+H27+H43 -> 58543.64 | I19: =+I27+I43 -> 2818474.9 | J19: =+J27+J43 -> 3743927.3
B20: ENERGIA ELECTRICA | C20: 62500 | E20: 62500 | F20: 56112.02 | G20: 62500 | I20: 62500 | J20: 68083.01
B21: TELEFONIA | C21: 7500 | E21: 7500 | F21: 10999 | G21: 7500 | H21: 11011 | I21: 7500 | J21: 10992
B22: IMPRESIÓN, ENCUADERNACION Y REPRODUCCION | C22: 8133.97 | E22: 8133.97 | G22: 8133.97 | I22: 8133.97 | J22: 4358
B23: MANT. Y REP. EQUIPO MEDICO SANITARIO Y DE LAB. | C23: 33333.33 | E23: 33333.33 | G23: 33333.33 | I23: 33333.33 | J23: 45020
B24: SERVICIOS MEDICO-SANITARIOS | C24: 165141.75 | E24: 165141.75 | G24: 165141.75 | H24: 1000 | I24: 165141.75 | J24: 26842.86
B25: SERVICIOS DE VIGILANCIA | C25: 40000 | E25: 40000 | G25: 40000 | I25: 40000 | J25: 76240
B26: OTROS SERVICIOS NO PERSONALES | C26: 26305.03 | E26: 26305.03 | G26: 26305.03 | H26: 46532.64 | I26: 26305.03 | J26: 55063.68
B27: SUMA GASTOS GENERALES | C27: =SUM(C20:C26) -> 342914.08 | D27: =SUM(D20:D26) -> 0 | E27: =SUM(E20:E26) -> 342914.08 | F27: =SUM(F20:F26) -> 67111.02 | G27: =SUM(G20:G26) -> 342914.08 | H27: =SUM(H20:H26) -> 58543.64 | I27: =SUM(I20:I26) -> 342914.08 | J27: =SUM(J20:J26) -> 286599.55
B28: MATERIALES Y SUMINISTROS
B29: ALIMENTOS PARA PERSONAS | C29: 60936.45 | E29: 60936.45 | G29: 60936.45 | I29: 60936.45 | J29: 202940.25
B30: ACABADOS TEXTILES | C30: 600 | E30: 600 | G30: 600 | I30: 600
B31: PRODUCTOS DE PAPEL O CARTON | C31: 945.42 | E31: 945.42 | G31: 945.42 | I31: 945.42
B32: ELEMENTOS Y COMPUESTOS QUIMICOS | C32: 169652.57 | E32: 169652.57 | G32: 169652.57 | I32: 169652.57 | J32: 178282.05
B33: COMBUSTIBLES Y LUBRICANTES | C33: 912 | E33: 912 | G33: 912 | I33: 912
B34: PRODUCTOS MEDICINALES Y FARMACEUTICOS | C34: 427229.65 | E34: 427229.65 | G34: 427229.65 | I34: 427229.65 | J34: 1425199.8
B35: TINTES, PINTURAS Y COLORANTES | C35: 100 | E35: 100 | G35: 100 | I35: 100
B36: PRODUCTOS PLASTICOS, NYLON, VINIL Y PVC | C36: 13579.7 | E36: 13579.7 | G36: 13579.7 | I36: 13579.7 | J36: 75162.24
B37: OTROS PRODUCTOS METALICOS | C37: 310 | E37: 310 | G37: 310 | I37: 310
B38: UTILES DE LIMPIEZA Y PRODUCTOS SANITARIOS | C38: 10809.43 | E38: 10809.43 | G38: 10809.43 | I38: 10809.43 | J38: 14528.6
B39: UTILES MENORES MEDICO QUIRURGICOS Y DE LAB. | C39: 1780006.3 | E39: 1780006.3 | G39: 1780006.3 | I39: 1780006.3 | J39: 1545914.8
B40: UTILES, ACCESORIOS Y MATERIALES ELECTRICOS | C40: 2208.7 | E40: 2208.7 | G40: 2208.7 | I40: 2208.7 | J40: 15300
B41: ACCESORIOS Y REPUESTOS EN GENERAL | C41: 8105.1 | E41: 8105.1 | G41: 8105.1 | I41: 8105.1
B42: OTROS MATERIALES Y SUMINISTROS | C42: 165.5 | E42: 165.5 | G42: 165.5 | I42: 165.5
B43: TOTAL MATERIALES Y SUMINISTROS | C43: =SUM(C29:C42) -> 2475560.8 | D43: =SUM(D29:D42) -> 0 | E43: =SUM(E29:E42) -> 2475560.8 | F43: =SUM(F29:F42) -> 0 | G43: =SUM(G29:G42) -> 2475560.8 | H43: =SUM(H29:H42) -> 0 | I43: =SUM(I29:I42) -> 2475560.8 | J43: =SUM(J29:J42) -> 3457327.8
A46: Programación mensual por tipo de gasto año 2016, Expresado en Quetzales
A47: No. | B47: Categoría de Gasto | C47: Julio | E47: Agosto | G47: Septiembre
B48: Recurso Humano | C48: Pto. | D48: Real | E48: Pto. | F48: Real | G48: Pto. | H48: Real
B51: Gastos de Funcionamiento
B52: detallar cada gasto cargado
A60: TOTALES
A73: Programación mensual por tipo de gasto año 2018, Expresado en Quetzales segundo cuatrimestre 2018
A74: No. | B74: CATEGORIA DE GASTO | C74: MAYO | E74: JUNIO | G74: JULIO | I74: AGOSTO
C75: PRESUPUESTO | D75: REAL | E75: PRESUPUESTO | F75: REAL | G75: PRESUPUESTO | H75: REAL | I75: PRESUPUESTO | J75: REAL
B76: RECURSO HUMANO | C76: 1764858.4 | D76: 2281196.2 | E76: 1764858.4 | F76: 1896496.9
B78: GASTOS DE FUNCIONAMIENTO | C78: =+C86+C102 -> 2818474.9 | D78: =+D86+D102 -> 3820610.3 | E78: =+E86+E102 -> 2818474.9 | F78: =+F86+F102 -> 2361172.2 | G78: =+G86+G102 -> 0 | H78: =+H86+H102 -> 0 | I78: =+I86+I102 -> 0 | J78: =+J86+J102 -> 0
B79: ENERGIA ELECTRICA | C79: 62500 | D79: 138609.61 | E79: 62500
B80: TELEFONIA | C80: 7500 | D80: 9818.25 | E80: 7500 | F80: 9560.36
B81: IMPRESIÓN, ENCUADERNACION Y REPRODUCCION | C81: 8133.97 | E81: 8133.97 | F81: 39787
B82: MANT. Y REP. EQUIPO MEDICO SANITARIO Y DE LAB. | C82: 33333.33 | D82: 19161.8 | E82: 33333.33
B83: SERVICIOS MEDICO-SANITARIOS | C83: 165141.75 | D83: 4057.14 | E83: 165141.75 | F83: 184282.78
B84: SERVICIOS DE VIGILANCIA | C84: 40000 | D84: 38120 | E84: 40000 | F84: 38120
B85: OTROS SERVICIOS NO PERSONALES | C85: 26305.03 | D85: 48548.64 | E85: 26305.03 | F85: 44604
B86: SUMA GASTOS GENERALES | C86: =SUM(C79:C85) -> 342914.08 | D86: =SUM(D79:D85) -> 258315.44 | E86: =SUM(E79:E85) -> 342914.08 | F86: =SUM(F79:F85) -> 316354.14 | G86: =SUM(G79:G85) -> 0 | H86: =SUM(H79:H85) -> 0 | I86: =SUM(I79:I85) -> 0 | J86: =SUM(J79:J85) -> 0
B87: MATERIALES Y SUMINISTROS
B88: ALIMENTOS PARA PERSONAS | C88: 60936.45 | D88: 1023 | E88: 60936.45 | F88: 58023.7
B89: ACABADOS TEXTILES | C89: 600 | E89: 600
B90: PRODUCTOS DE PAPEL O CARTON | C90: 945.42 | E90: 945.42
B91: ELEMENTOS Y COMPUESTOS QUIMICOS | C91: 169652.57 | D91: 181188.84 | E91: 169652.57 | F91: 66957.58
B92: COMBUSTIBLES Y LUBRICANTES | C92: 912 | E92: 912
B93: PRODUCTOS MEDICINALES Y FARMACEUTICOS | C93: 427229.65 | D93: 535053.33 | E93: 427229.65 | F93: 261536.69
B94: TINTES, PINTURAS Y COLORANTES | C94: 100 | E94: 100
B95: PRODUCTOS PLASTICOS, NYLON, VINIL Y PVC | C95: 13579.7 | D95: 6224.76 | E95: 13579.7 | F95: 6630
B96: OTROS PRODUCTOS METALICOS | C96: 310 | D96: 3610 | E96: 310
B97: UTILES DE LIMPIEZA Y PRODUCTOS SANITARIOS | C97: 10809.43 | D97: 39404.76 | E97: 10809.43 | F97: 23463
B98: UTILES MENORES MEDICO QUIRURGICOS Y DE LAB. | C98: 1780006.3 | D98: 2752150.2 | E98: 1780006.3 | F98: 1617110.1
B99: UTILES, ACCESORIOS Y MATERIALES ELECTRICOS | C99: 2208.7 | E99: 2208.7 | F99: 11097
B100: ACCESORIOS Y REPUESTOS EN GENERAL | C100: 8105.1 | D100: 43640 | E100: 8105.1
B101: OTROS MATERIALES Y SUMINISTROS | C101: 165.5 | E101: 165.5
B102: TOTAL MATERIALES Y SUMINISTROS | C102: =SUM(C88:C101) -> 2475560.8 | D102: =SUM(D88:D101) -> 3562294.9 | E102: =SUM(E88:E101) -> 2475560.8 | F102: =SUM(F88:F101) -> 2044818 | G102: =SUM(G88:G101) -> 0 | H102: =SUM(H88:H101) -> 0 | I102: =SUM(I88:I101) -> 0 | J102: =SUM(J88:J101) -> 0
A123: Programación mensual por tipo de gasto año 2017, Expresado en Quetzales tercer cuatrimestre 2018
A124: No. | B124: CATEGORIA DE GASTO | C124: SEPTIEMBRE | E124: OCTUBRE | G124: NOVIEMBRE | I124: DICIEMBRE
C125: PRESUPUESTO | D125: REAL | E125: PRESUPUESTO | F125: REAL | G125: PRESUPUESTO | H125: REAL | I125: PRESUPUESTO | J125: REAL
B126: RECURSO HUMANO
B128: GASTOS DE FUNCIONAMIENTO | C128: =+C136+C152 -> 0 | D128: =+D136+D152 -> 0 | E128: =+E136+E152 -> 0 | F128: =+F136+F152 -> 0 | G128: =+G136+G152 -> 0 | H128: =+H136+H152 -> 0 | I128: =+I136+I152 -> 0 | J128: =+J136+J152 -> 0
B129: ENERGIA ELECTRICA
B130: TELEFONIA
B131: IMPRESIÓN, ENCUADERNACION Y REPRODUCCION
B132: MANT. Y REP. EQUIPO MEDICO SANITARIO Y DE LAB.
B133: SERVICIOS MEDICO-SANITARIOS
B134: SERVICIOS DE VIGILANCIA
B135: OTROS SERVICIOS NO PERSONALES
B136: SUMA GASTOS GENERALES | C136: =SUM(C129:C135) -> 0 | D136: =SUM(D129:D135) -> 0 | E136: =SUM(E129:E135) -> 0 | F136: =SUM(F129:F135) -> 0 | G136: =SUM(G129:G135) -> 0 | H136: =SUM(H129:H135) -> 0 | I136: =SUM(I129:I135) -> 0 | J136: =SUM(J129:J135) -> 0
B137: MATERIALES Y SUMINISTROS
B138: ALIMENTOS PARA PERSONAS
B139: AVABADOS TEXTILES
B140: PRODUCTOS DE PAPEL O CARTON
B141: ELEMENTOS Y COMPUESTOS QUIMICOS
B142: COMBUSTIBLES Y LUBRICANTES
B143: PRODUCTOS MEDICINALES Y FARMACEUTICOS
B144: TINTES, PINTURAS Y COLORANTES
B145: PRODUCTOS PLASTICOS, NYLON, VINIL Y PVC
B146: OTROS PRODUCTOS METALICOS
B147: UTILES DE LIMPIEZA Y PRODUCTOS SANITARIOS
B148: UTILES MENORES MEDICO QUIRURGICOS Y DE LAB.
... B151: OTROS MATERIALES Y SUMINISTROS
B152: TOTAL MATERIALES Y SUMINISTROS | C152: =SUM(C138:C151) -> 0 | D152: =SUM(D138:D151) -> 0 | E152: =SUM(E138:E151) -> 0 | F152: =SUM(F138:F151) -> 0 | G152: =SUM(G138:G151) -> 0 | H152: =SUM(H138:H151) -> 0 | I152: =SUM(I138:I151) -> 0 | J152: =SUM(J138:J151) -> 0
C177: PROGRAMACION POR TIPO DE GASTO AÑO 2022
C178: RESUMEN AL 31 DE OCTUBRE 2022
C179: No. | D179: CATEGORIA DE GASTO | E179: TOTAL ANUAL
E180: PRESUPUESTO | F180: COMPROMETIDO
D181: RECURSO HUMANO | E181: =+'OCTUBRE CTE-5'!C177 -> 24148113 | F181: =+'OCTUBRE CTE-5'!D177 -> 24071812
...

Sheet NOVIEMBRE ANEXO A CTE-5
B8: ÀREA FINANCIERA | H8: ANEXO DE CTE-5
A10: UNIDAD DE CIRUGIA CARDIOVASCULAR DE GUATEMALA
A11: 5a. AVENIDA 6-22 ZONA 11
A12: dgunicar@yahoo.es Tel. 24163000
A14: Programación mensual por tipo de gasto año 2018, Expresado en Quetzales primer cuatrimestre 2018
A15: No. | B15: CATEGORIA DE GASTO | C15: ENERO | E15: FEBRERO | H15: ABRIL
C16: PRESUPUESTO | D16: REAL | E16: PRESUPUESTO | F16: REAL | G16: REAL | H16: PRESUPUESTO | I16: REAL
B17: RECURSO HUMANO | C17: 1764858.4 | D17: 1492317.4 | E17: 1764858.4 | F17: 1792563.6 | G17: 1578007.9 | H17: 1764858.4 | I17: 1803793.6
B19: GASTOS DE FUNCIONAMIENTO | C19: =+C27+C43 -> 2818474.9 | D19: =+D27+D43 -> 0 | E19: =+E27+E43 -> 2818474.9 | F19: =+F27+F43 -> 67111.02 | G19: =+G27+G43 -> 58543.64 | H19: =+H27+H43 -> 2818474.9 | I19: =+I27+I43 -> 3743927.3
B20: ENERGIA ELECTRICA | C20: 62500 | E20: 62500 | F20: 56112.02 | H20: 62500 | I20: 68083.01
B21: TELEFONIA | C21: 7500 | E21: 7500 | F21: 10999 | G21: 11011 | H21: 7500 | I21: 10992
B22: IMPRESIÓN, ENCUADERNACION Y REPRODUCCION | C22: 8133.97 | E22: 8133.97 | H22: 8133.97 | I22: 4358
B23: MANT. Y REP. EQUIPO MEDICO SANITARIO Y DE LAB. | C23: 33333.33 | E23: 33333.33 | H23: 33333.33 | I23: 45020
B24: SERVICIOS MEDICO-SANITARIOS | C24: 165141.75 | E24: 165141.75 | G24: 1000 | H24: 165141.75 | I24: 26842.86
B25: SERVICIOS DE VIGILANCIA | C25: 40000 | E25: 40000 | H25: 40000 | I25: 76240
B26: OTROS SERVICIOS NO PERSONALES | C26: 26305.03 | E26: 26305.03 | G26: 46532.64 | H26: 26305.03 | I26: 55063.68
B27: SUMA GASTOS GENERALES | C27: =SUM(C20:C26) -> 342914.08 | D27: =SUM(D20:D26) -> 0 | E27: =SUM(E20:E26) -> 342914.08 | F27: =SUM(F20:F26) -> 67111.02 | G27: =SUM(G20:G26) -> 58543.64 | H27: =SUM(H20:H26) -> 342914.08 | I27: =SUM(I20:I26) -> 286599.55
B28: MATERIALES Y SUMINISTROS
B29: ALIMENTOS PARA PERSONAS | C29: 60936.45 | E29: 60936.45 | H29: 60936.45 | I29: 202940.25
B30: ACABADOS TEXTILES | C30: 600 | E30: 600 | H30: 600
B31: PRODUCTOS DE PAPEL O CARTON | C31: 945.42 | E31: 945.42 | H31: 945.42
B32: ELEMENTOS Y COMPUESTOS QUIMICOS | C32: 169652.57 | E32: 169652.57 | H32: 169652.57 | I32: 178282.05
B33: COMBUSTIBLES Y LUBRICANTES | C33: 912 | E33: 912 | H33: 912
B34: PRODUCTOS MEDICINALES Y FARMACEUTICOS | C34: 427229.65 | E34: 427229.65 | H34: 427229.65 | I34: 1425199.8
B35: TINTES, PINTURAS Y COLORANTES | C35: 100 | E35: 100 | H35: 100
B36: PRODUCTOS PLASTICOS, NYLON, VINIL Y PVC | C36: 13579.7 | E36: 13579.7 | H36: 13579.7 | I36: 75162.24
B37: OTROS PRODUCTOS METALICOS | C37: 310 | E37: 310 | H37: 310
B38: UTILES DE LIMPIEZA Y PRODUCTOS SANITARIOS | C38: 10809.43 | E38: 10809.43 | H38: 10809.43 | I38: 14528.6
B39: UTILES MENORES MEDICO QUIRURGICOS Y DE LAB. | C39: 1780006.3 | E39: 1780006.3 | H39: 1780006.3 | I39: 1545914.8
B40: UTILES, ACCESORIOS Y MATERIALES ELECTRICOS | C40: 2208.7 | E40: 2208.7 | H40: 2208.7 | I40: 15300
B41: ACCESORIOS Y REPUESTOS EN GENERAL | C41: 8105.1 | E41: 8105.1 | H41: 8105.1
B42: OTROS MATERIALES Y SUMINISTROS | C42: 165.5 | E42: 165.5 | H42: 165.5
B43: TOTAL MATERIALES Y SUMINISTROS | C43: =SUM(C29:C42) -> 2475560.8 | D43: =SUM(D29:D42) -> 0 | E43: =SUM(E29:E42) -> 2475560.8 | F43: =SUM(F29:F42) -> 0 | G43: =SUM(G29:G42) -> 0 | H43: =SUM(H29:H42) -> 2475560.8 | I43: =SUM(I29:I42) -> 3457327.8
A46: Programación mensual por tipo de gasto año 2016, Expresado en Quetzales
A47: No. | B47: Categoría de Gasto | C47: Julio | E47: Agosto
B48: Recurso Humano | C48: Pto. | D48: Real | E48: Pto. | F48: Real | G48: Real
B51: Gastos de Funcionamiento
B52: detallar cada gasto cargado
A60: TOTALES
A73: Programación mensual por tipo de gasto año 2018, Expresado en Quetzales segundo cuatrimestre 2018
A74: No. | B74: CATEGORIA DE GASTO | C74: MAYO | E74: JUNIO | H74: AGOSTO
C75: PRESUPUESTO | D75: REAL | E75: PRESUPUESTO | F75: REAL | G75: REAL | H75: PRESUPUESTO | I75: REAL
B76: RECURSO HUMANO | C76: 1764858.4 | D76: 2281196.2 | E76: 1764858.4 | F76: 1896496.9
B78: GASTOS DE FUNCIONAMIENTO | C78: =+C86+C102 -> 2818474.9 | D78: =+D86+D102 -> 3820610.3 | E78: =+E86+E102 -> 2818474.9 | F78: =+F86+F102 -> 2361172.2 | G78: =+G86+G102 -> 0 | H78: =+H86+H102 -> 0 | I78: =+I86+I102 -> 0
B79: ENERGIA ELECTRICA | C79: 62500 | D79: 138609.61 | E79: 62500
B80: TELEFONIA | C80: 7500 | D80: 9818.25 | E80: 7500 | F80: 9560.36
B81: IMPRESIÓN, ENCUADERNACION Y REPRODUCCION | C81: 8133.97 | E81: 8133.97 | F81: 39787
B82: MANT. Y REP. EQUIPO MEDICO SANITARIO Y DE LAB. | C82: 33333.33 | D82: 19161.8 | E82: 33333.33
B83: SERVICIOS MEDICO-SANITARIOS | C83: 165141.75 | D83: 4057.14 | E83: 165141.75 | F83: 184282.78
B84: SERVICIOS DE VIGILANCIA | C84: 40000 | D84: 38120 | E84: 40000 | F84: 38120
B85: OTROS SERVICIOS NO PERSONALES | C85: 26305.03 | D85: 48548.64 | E85: 26305.03 | F85: 44604
B86: SUMA GASTOS GENERALES | C86: =SUM(C79:C85) -> 342914.08 | D86: =SUM(D79:D85) -> 258315.44 | E86: =SUM(E79:E85) -> 342914.08 | F86: =SUM(F79:F85) -> 316354.14 | G86: =SUM(G79:G85) -> 0 | H86: =SUM(H79:H85) -> 0 | I86: =SUM(I79:I85) -> 0
B87: MATERIALES Y SUMINISTROS
B88: ALIMENTOS PARA PERSONAS | C88: 60936.45 | D88: 1023 | E88: 60936.45 | F88: 58023.7
B89: ACABADOS TEXTILES | C89: 600 | E89: 600
B90: PRODUCTOS DE PAPEL O CARTON | C90: 945.42 | E90: 945.42
B91: ELEMENTOS Y COMPUESTOS QUIMICOS | C91: 169652.57 | D91: 181188.84 | E91: 169652.57 | F91: 66957.58
B92: COMBUSTIBLES Y LUBRICANTES | C92: 912 | E92: 912
B93: PRODUCTOS MEDICINALES Y FARMACEUTICOS | C93: 427229.65 | D93: 535053.33 | E93: 427229.65 | F93: 261536.69
B94: TINTES, PINTURAS Y COLORANTES | C94: 100 | E94: 100
B95: PRODUCTOS PLASTICOS, NYLON, VINIL Y PVC | C95: 13579.7 | D95: 6224.76 | E95: 13579.7 | F95: 6630
B96: OTROS PRODUCTOS METALICOS | C96: 310 | D96: 3610 | E96: 310
B97: UTILES DE LIMPIEZA Y PRODUCTOS SANITARIOS | C97: 10809.43 | D97: 39404.76 | E97: 10809.43 | F97: 23463
B98: UTILES MENORES MEDICO QUIRURGICOS Y DE LAB. | C98: 1780006.3 | D98: 2752150.2 | E98: 1780006.3 | F98: 1617110.1
B99: UTILES, ACCESORIOS Y MATERIALES ELECTRICOS | C99: 2208.7 | E99: 2208.7 | F99: 11097
B100: ACCESORIOS Y REPUESTOS EN GENERAL | C100: 8105.1 | D100: 43640 | E100: 8105.1
B101: OTROS MATERIALES Y SUMINISTROS | C101: 165.5 | E101: 165.5
B102: TOTAL MATERIALES Y SUMINISTROS | C102: =SUM(C88:C101) -> 2475560.8 | D102: =SUM(D88:D101) -> 3562294.9 | E102: =SUM(E88:E101) -> 2475560.8 | F102: =SUM(F88:F101) -> 2044818 | G102: =SUM(G88:G101) -> 0 | H102: =SUM(H88:H101) -> 0 | I102: =SUM(I88:I101) -> 0
A123: Programación mensual por tipo de gasto año 2017, Expresado en Quetzales tercer cuatrimestre 2018
A124: No. | B124: CATEGORIA DE GASTO | C124: SEPTIEMBRE | E124: OCTUBRE | H124: DICIEMBRE
C125: PRESUPUESTO | D125: REAL | E125: PRESUPUESTO | F125: REAL | G125: REAL | H125: PRESUPUESTO | I125: REAL
B126: RECURSO HUMANO
B128: GASTOS DE FUNCIONAMIENTO | C128: =+C136+C152 -> 0 | D128: =+D136+D152 -> 0 | E128: =+E136+E152 -> 0 | F128: =+F136+F152 -> 0 | G128: =+G136+G152 -> 0 | H128: =+H136+H152 -> 0 | I128: =+I136+I152 -> 0
B129: ENERGIA ELECTRICA
B130: TELEFONIA
B131: IMPRESIÓN, ENCUADERNACION Y REPRODUCCION
B132: MANT. Y REP. EQUIPO MEDICO SANITARIO Y DE LAB.
B133: SERVICIOS MEDICO-SANITARIOS
B134: SERVICIOS DE VIGILANCIA
B135: OTROS SERVICIOS NO PERSONALES
B136: SUMA GASTOS GENERALES | C136: =SUM(C129:C135) -> 0 | D136: =SUM(D129:D135) -> 0 | E136: =SUM(E129:E135) -> 0 | F136: =SUM(F129:F135) -> 0 | G136: =SUM(G129:G135) -> 0 | H136: =SUM(H129:H135) -> 0 | I136: =SUM(I129:I135) -> 0
B137: MATERIALES Y SUMINISTROS
B138: ALIMENTOS PARA PERSONAS
B139: AVABADOS TEXTILES
B140: PRODUCTOS DE PAPEL O CARTON
B141: ELEMENTOS Y COMPUESTOS QUIMICOS
B142: COMBUSTIBLES Y LUBRICANTES
B143: PRODUCTOS MEDICINALES Y FARMACEUTICOS
B144: TINTES, PINTURAS Y COLORANTES
B145: PRODUCTOS PLASTICOS, NYLON, VINIL Y PVC
B146: OTROS PRODUCTOS METALICOS
B147: UTILES DE LIMPIEZA Y PRODUCTOS SANITARIOS
B148: UTILES MENORES MEDICO QUIRURGICOS Y DE LAB.
... B151: OTROS MATERIALES Y SUMINISTROS
B152: TOTAL MATERIALES Y SUMINISTROS | C152: =SUM(C138:C151) -> 0 | D152: =SUM(D138:D151) -> 0 | E152: =SUM(E138:E151) -> 0 | F152: =SUM(F138:F151) -> 0 | G152: =SUM(G138:G151) -> 0 | H152: =SUM(H138:H151) -> 0 | I152: =SUM(I138:I151) -> 0
C177: PROGRAMACION POR TIPO DE GASTO AÑO 2022
C178: RESUMEN AL 30 DE NOVIEMBRE 2022
C179: No. | D179: CATEGORIA DE GASTO | E179: TOTAL ANUAL
E180: PRESUPUESTO | F180: COMPROMETIDO
D181: RECURSO HUMANO | E181: =+'NOVIEMBRE CTE-5'!C195 -> 26562925 | F181: =+'NOVIEMBRE CTE-5'!D195 -> 26558322
...

Sheet DICIEMBRE ANEXO A CTE-5
B8: ÀREA FINANCIERA | I8: ANEXO DE CTE-5
A10: UNIDAD DE CIRUGIA CARDIOVASCULAR DE GUATEMALA
A11: 5a. AVENIDA 6-22 ZONA 11
A12: dgunicar@yahoo.es Tel. 24163000
A14: Programación mensual por tipo de gasto año 2018, Expresado en Quetzales primer cuatrimestre 2018
A15: No. | B15: CATEGORIA DE GASTO | C15: ENERO | E15: FEBRERO | G15: MARZO | I15: ABRIL
C16: PRESUPUESTO | D16: REAL | E16: PRESUPUESTO | F16: REAL | G16: PRESUPUESTO | H16: REAL | I16: PRESUPUESTO | J16: REAL
B17: RECURSO HUMANO | C17: 1764858.4 | D17: 1492317.4 | E17: 1764858.4 | F17: 1792563.6 | G17: 1764858.4 | H17: 1578007.9 | I17: 1764858.4 | J17: 1803793.6
B19: GASTOS DE FUNCIONAMIENTO | C19: =+C27+C43 -> 2818474.9 | D19: =+D27+D43 -> 0 | E19: =+E27+E43 -> 2818474.9 | F19: =+F27+F43 -> 67111.02 | G19: =+G27+G43 -> 2818474.9 | H19: =+H27+H43 -> 58543.64 | I19: =+I27+I43 -> 2818474.9 | J19: =+J27+J43 -> 3743927.3
B20: ENERGIA ELECTRICA | C20: 62500 | E20: 62500 | F20: 56112.02 | G20: 62500 | I20: 62500 | J20: 68083.01
B21: TELEFONIA | C21: 7500 | E21: 7500 | F21: 10999 | G21: 7500 | H21: 11011 | I21: 7500 | J21: 10992
B22: IMPRESIÓN, ENCUADERNACION Y REPRODUCCION | C22: 8133.97 | E22: 8133.97 | G22: 8133.97 | I22: 8133.97 | J22: 4358
B23: MANT. Y REP. EQUIPO MEDICO SANITARIO Y DE LAB. | C23: 33333.33 | E23: 33333.33 | G23: 33333.33 | I23: 33333.33 | J23: 45020
B24: SERVICIOS MEDICO-SANITARIOS | C24: 165141.75 | E24: 165141.75 | G24: 165141.75 | H24: 1000 | I24: 165141.75 | J24: 26842.86
B25: SERVICIOS DE VIGILANCIA | C25: 40000 | E25: 40000 | G25: 40000 | I25: 40000 | J25: 76240
B26: OTROS SERVICIOS NO PERSONALES | C26: 26305.03 | E26: 26305.03 | G26: 26305.03 | H26: 46532.64 | I26: 26305.03 | J26: 55063.68
B27: SUMA GASTOS GENERALES | C27: =SUM(C20:C26) -> 342914.08 | D27: =SUM(D20:D26) -> 0 | E27: =SUM(E20:E26) -> 342914.08 | F27: =SUM(F20:F26) -> 67111.02 | G27: =SUM(G20:G26) -> 342914.08 | H27: =SUM(H20:H26) -> 58543.64 | I27: =SUM(I20:I26) -> 342914.08 | J27: =SUM(J20:J26) -> 286599.55
B28: MATERIALES Y SUMINISTROS
B29: ALIMENTOS PARA PERSONAS | C29: 60936.45 | E29: 60936.45 | G29: 60936.45 | I29: 60936.45 | J29: 202940.25
B30: ACABADOS TEXTILES | C30: 600 | E30: 600 | G30: 600 | I30: 600
B31: PRODUCTOS DE PAPEL O CARTON | C31: 945.42 | E31: 945.42 | G31: 945.42 | I31: 945.42
B32: ELEMENTOS Y COMPUESTOS QUIMICOS | C32: 169652.57 | E32: 169652.57 | G32: 169652.57 | I32: 169652.57 | J32: 178282.05
B33: COMBUSTIBLES Y LUBRICANTES | C33: 912 | E33: 912 | G33: 912 | I33: 912
B34: PRODUCTOS MEDICINALES Y FARMACEUTICOS | C34: 427229.65 | E34: 427229.65 | G34: 427229.65 | I34: 427229.65 | J34: 1425199.8
B35: TINTES, PINTURAS Y COLORANTES | C35: 100 | E35: 100 | G35: 100 | I35: 100
B36: PRODUCTOS PLASTICOS, NYLON, VINIL Y PVC | C36: 13579.7 | E36: 13579.7 | G36: 13579.7 | I36: 13579.7 | J36: 75162.24
B37: OTROS PRODUCTOS METALICOS | C37: 310 | E37: 310 | G37: 310 | I37: 310
B38: UTILES DE LIMPIEZA Y PRODUCTOS SANITARIOS | C38: 10809.43 | E38: 10809.43 | G38: 10809.43 | I38: 10809.43 | J38: 14528.6
B39: UTILES MENORES MEDICO QUIRURGICOS Y DE LAB. | C39: 1780006.3 | E39: 1780006.3 | G39: 1780006.3 | I39: 1780006.3 | J39: 1545914.8
B40: UTILES, ACCESORIOS Y MATERIALES ELECTRICOS | C40: 2208.7 | E40: 2208.7 | G40: 2208.7 | I40: 2208.7 | J40: 15300
B41: ACCESORIOS Y REPUESTOS EN GENERAL | C41: 8105.1 | E41: 8105.1 | G41: 8105.1 | I41: 8105.1
B42: OTROS MATERIALES Y SUMINISTROS | C42: 165.5 | E42: 165.5 | G42: 165.5 | I42: 165.5
B43: TOTAL MATERIALES Y SUMINISTROS | C43: =SUM(C29:C42) -> 2475560.8 | D43: =SUM(D29:D42) -> 0 | E43: =SUM(E29:E42) -> 2475560.8 | F43: =SUM(F29:F42) -> 0 | G43: =SUM(G29:G42) -> 2475560.8 | H43: =SUM(H29:H42) -> 0 | I43: =SUM(I29:I42) -> 2475560.8 | J43: =SUM(J29:J42) -> 3457327.8
A46: Programación mensual por tipo de gasto año 2016, Expresado en Quetzales
A47: No. | B47: Categoría de Gasto | C47: Julio | E47: Agosto | G47: Septiembre
B48: Recurso Humano | C48: Pto. | D48: Real | E48: Pto. | F48: Real | G48: Pto. | H48: Real
B51: Gastos de Funcionamiento
B52: detallar cada gasto cargado
A60: TOTALES
A73: Programación mensual por tipo de gasto año 2018, Expresado en Quetzales segundo cuatrimestre 2018
A74: No. | B74: CATEGORIA DE GASTO | C74: MAYO | E74: JUNIO | G74: JULIO | I74: AGOSTO
C75: PRESUPUESTO | D75: REAL | E75: PRESUPUESTO | F75: REAL | G75: PRESUPUESTO | H75: REAL | I75: PRESUPUESTO | J75: REAL
B76: RECURSO HUMANO | C76: 1764858.4 | D76: 2281196.2 | E76: 1764858.4 | F76: 1896496.9
B78: GASTOS DE FUNCIONAMIENTO | C78: =+C86+C102 -> 2818474.9 | D78: =+D86+D102 -> 3820610.3 | E78: =+E86+E102 -> 2818474.9 | F78: =+F86+F102 -> 2361172.2 | G78: =+G86+G102 -> 0 | H78: =+H86+H102 -> 0 | I78: =+I86+I102 -> 0 | J78: =+J86+J102 -> 0
B79: ENERGIA ELECTRICA | C79: 62500 | D79: 138609.61 | E79: 62500
B80: TELEFONIA | C80: 7500 | D80: 9818.25 | E80: 7500 | F80: 9560.36
B81: IMPRESIÓN, ENCUADERNACION Y REPRODUCCION | C81: 8133.97 | E81: 8133.97 | F81: 39787
B82: MANT. Y REP. EQUIPO MEDICO SANITARIO Y DE LAB. | C82: 33333.33 | D82: 19161.8 | E82: 33333.33
B83: SERVICIOS MEDICO-SANITARIOS | C83: 165141.75 | D83: 4057.14 | E83: 165141.75 | F83: 184282.78
B84: SERVICIOS DE VIGILANCIA | C84: 40000 | D84: 38120 | E84: 40000 | F84: 38120
B85: OTROS SERVICIOS NO PERSONALES | C85: 26305.03 | D85: 48548.64 | E85: 26305.03 | F85: 44604
B86: SUMA GASTOS GENERALES | C86: =SUM(C79:C85) -> 342914.08 | D86: =SUM(D79:D85) -> 258315.44 | E86: =SUM(E79:E85) -> 342914.08 | F86: =SUM(F79:F85) -> 316354.14 | G86: =SUM(G79:G85) -> 0 | H86: =SUM(H79:H85) -> 0 | I86: =SUM(I79:I85) -> 0 | J86: =SUM(J79:J85) -> 0
B87: MATERIALES Y SUMINISTROS
B88: ALIMENTOS PARA PERSONAS | C88: 60936.45 | D88: 1023 | E88: 60936.45 | F88: 58023.7
B89: ACABADOS TEXTILES | C89: 600 | E89: 600
B90: PRODUCTOS DE PAPEL O CARTON | C90: 945.42 | E90: 945.42
B91: ELEMENTOS Y COMPUESTOS QUIMICOS | C91: 169652.57 | D91: 181188.84 | E91: 169652.57 | F91: 66957.58
B92: COMBUSTIBLES Y LUBRICANTES | C92: 912 | E92: 912
B93: PRODUCTOS MEDICINALES Y FARMACEUTICOS | C93: 427229.65 | D93: 535053.33 | E93: 427229.65 | F93: 261536.69
B94: TINTES, PINTURAS Y COLORANTES | C94: 100 | E94: 100
B95: PRODUCTOS PLASTICOS, NYLON, VINIL Y PVC | C95: 13579.7 | D95: 6224.76 | E95: 13579.7 | F95: 6630
B96: OTROS PRODUCTOS METALICOS | C96: 310 | D96: 3610 | E96: 310
B97: UTILES DE LIMPIEZA Y PRODUCTOS SANITARIOS | C97: 10809.43 | D97: 39404.76 | E97: 10809.43 | F97: 23463
B98: UTILES MENORES MEDICO QUIRURGICOS Y DE LAB. | C98: 1780006.3 | D98: 2752150.2 | E98: 1780006.3 | F98: 1617110.1
B99: UTILES, ACCESORIOS Y MATERIALES ELECTRICOS | C99: 2208.7 | E99: 2208.7 | F99: 11097
B100: ACCESORIOS Y REPUESTOS EN GENERAL | C100: 8105.1 | D100: 43640 | E100: 8105.1
B101: OTROS MATERIALES Y SUMINISTROS | C101: 165.5 | E101: 165.5
B102: TOTAL MATERIALES Y SUMINISTROS | C102: =SUM(C88:C101) -> 2475560.8 | D102: =SUM(D88:D101) -> 3562294.9 | E102: =SUM(E88:E101) -> 2475560.8 | F102: =SUM(F88:F101) -> 2044818 | G102: =SUM(G88:G101) -> 0 | H102: =SUM(H88:H101) -> 0 | I102: =SUM(I88:I101) -> 0 | J102: =SUM(J88:J101) -> 0
A123: Programación mensual por tipo de gasto año 2017, Expresado en Quetzales tercer cuatrimestre 2018
A124: No. | B124: CATEGORIA DE GASTO | C124: SEPTIEMBRE | E124: OCTUBRE | G124: NOVIEMBRE | I124: DICIEMBRE
C125: PRESUPUESTO | D125: REAL | E125: PRESUPUESTO | F125: REAL | G125: PRESUPUESTO | H125: REAL | I125: PRESUPUESTO | J125: REAL
B126: RECURSO HUMANO
B128: GASTOS DE FUNCIONAMIENTO | C128: =+C136+C152 -> 0 | D128: =+D136+D152 -> 0 | E128: =+E136+E152 -> 0 | F128: =+F136+F152 -> 0 | G128: =+G136+G152 -> 0 | H128: =+H136+H152 -> 0 | I128: =+I136+I152 -> 0 | J128: =+J136+J152 -> 0
B129: ENERGIA ELECTRICA
B130: TELEFONIA
B131: IMPRESIÓN, ENCUADERNACION Y REPRODUCCION
B132: MANT. Y REP. EQUIPO MEDICO SANITARIO Y DE LAB.
B133: SERVICIOS MEDICO-SANITARIOS
B134: SERVICIOS DE VIGILANCIA
B135: OTROS SERVICIOS NO PERSONALES
B136: SUMA GASTOS GENERALES | C136: =SUM(C129:C135) -> 0 | D136: =SUM(D129:D135) -> 0 | E136: =SUM(E129:E135) -> 0 | F136: =SUM(F129:F135) -> 0 | G136: =SUM(G129:G135) -> 0 | H136: =SUM(H129:H135) -> 0 | I136: =SUM(I129:I135) -> 0 | J136: =SUM(J129:J135) -> 0
B137: MATERIALES Y SUMINISTROS
B138: ALIMENTOS PARA PERSONAS
B139: AVABADOS TEXTILES
B140: PRODUCTOS DE PAPEL O CARTON
B141: ELEMENTOS Y COMPUESTOS QUIMICOS
B142: COMBUSTIBLES Y LUBRICANTES
B143: PRODUCTOS MEDICINALES Y FARMACEUTICOS
B144: TINTES, PINTURAS Y COLORANTES
B145: PRODUCTOS PLASTICOS, NYLON, VINIL Y PVC
B146: OTROS PRODUCTOS METALICOS
B147: UTILES DE LIMPIEZA Y PRODUCTOS SANITARIOS
B148: UTILES MENORES MEDICO QUIRURGICOS Y DE LAB.
... B151: OTROS MATERIALES Y SUMINISTROS
B152: TOTAL MATERIALES Y SUMINISTROS | C152: =SUM(C138:C151) -> 0 | D152: =SUM(D138:D151) -> 0 | E152: =SUM(E138:E151) -> 0 | F152: =SUM(F138:F151) -> 0 | G152: =SUM(G138:G151) -> 0 | H152: =SUM(H138:H151) -> 0 | I152: =SUM(I138:I151) -> 0 | J152: =SUM(J138:J151) -> 0
C177: PROGRAMACION POR TIPO DE GASTO AÑO 2022
C178: RESUMEN AL 31 DE DICIEMBRE 2022
C179: No. | D179: CATEGORIA DE GASTO | E179: TOTAL ANUAL
E180: PRESUPUESTO | F180: COMPROMETIDO
D181: RECURSO HUMANO | E181: =+'[1]DICIEMBRE CTE-5'!C177 -> 28977736 | F181: =+'[1]DICIEMBRE CTE-5'!D177 -> 28977736
...

Sheet SEPTIEMBRE CTE-7
B7: ÀREA FINANCIERA | J7: CTE-7
A9: UNIDAD DE CIRUGIA CARDIOVASCULAR DE GUATEMALA
A10: 5a. AVENIDA 6-22 ZONA 11
A11: dgunicar@yahoo.es Tel. 24163000
A13: Ejecucion de avance fìnanciero programado-ejecutado por categoria del gasto primer cuatrimestre 2022
A15: Categoría del gasto | B15: Enero | D15: Febrero | F15: Marzo | H15: Abril | J15: Totales
B16: Presupuestado | C16: Ejecutado | D16: Presupuestado | E16: Ejecutado | F16: Presupuestado | G16: Ejecutado | H16: Presupuestado | I16: Ejecutado | J16: Presupuestado | K16: Ejecutado
A17: Recurso Humano | B17: 2414811.3 | C17: 2367268.7 | D17: 2414811.3 | E17: 2396683.9 | F17: 2414811.3 | G17: 2410583.5 | H17: 2414811.3 | I17: 2417060.8 | J17: =+B17+D17+F17+H17 -> 9659245.3 | K17: =+C17+E17+G17+I17 -> 9591596.9
A18: Gastos de Funcionamiento | B18: 2612557.9 | C18: 0 | D18: 2689873.5 | E18: 16502.89 | F18: 2771983.2 | G18: 132643.57 | H18: 2771983.2 | I18: 748869.8 | J18: =+B18+D18+F18+H18 -> 10846398 | K18: =+C18+E18+G18+I18 -> 898016.26
A19: Propiedad planta y equipo | J19: =+B19+D19+F19+H19 -> 0 | K19: =+C19+E19+G19+I19 -> 0
A20: TOTAL | B20: =SUM(B17:B19) -> 5027369.2 | C20: =SUM(C17:C19) -> 2367268.7 | D20: =SUM(D17:D19) -> 5104684.8 | E20: =SUM(E17:E19) -> 2413186.8 | F20: =SUM(F17:F19) -> 5186794.6 | G20: =SUM(G17:G19) -> 2543227.1 | H20: =SUM(H17:H19) -> 5186794.6 | I20: =SUM(I17:I19) -> 3165930.6 | ... K20: =SUM(K17:K19) -> 10489613
A22: Ejecucion de avance fìnanciero programado-ejecutado por categoria del gasto segundo cuatrimestre 2022
A24: Categoría del gasto | B24: Mayo | D24: Junio | F24: Julio | H24: Agosto | J24: Totales | L24: Total acumulado
B25: Presupuestado | C25: Ejecutado | D25: Presupuestado | E25: Ejecutado | F25: Presupuestado | G25: Ejecutado | H25: Presupuestado | I25: Ejecutado | J25: Presupuestado | K25: Ejecutado | L25: Presupuestado | M25: Ejecutado
A26: Recurso Humano | B26: 2414811.3 | C26: 2417711.1 | D26: 2414811.3 | E26: 2408593 | F26: 2414811.3 | G26: 2416876.5 | H26: 2414811.3 | I26: 2426363.1 | J26: =+B26+D26+F26+H26 -> 9659245.3 | K26: =+C26+E26+G26+I26 -> 9669543.8
A27: Gastos de Funcionamiento | B27: 2771983.2 | C27: 1295730.8 | D27: 2771983.2 | E27: 3338607.9 | F27: 2771983.2 | G27: 2433144.6 | H27: 2771983.2 | I27: 4481129.3 | J27: =+B27+D27+F27+H27 -> 11087933 | K27: =+C27+E27+G27+I27 -> 11548613
A28: Propiedad planta y equipo | J28: =+B28+D28+F28+H28 -> 0 | K28: =+C28+E28+G28+I28 -> 0
A29: TOTAL | B29: =SUM(B26:B28) -> 5186794.6 | C29: =SUM(C26:C28) -> 3713441.9 | D29: =SUM(D26:D28) -> 5186794.6 | E29: =SUM(E26:E28) -> 5747200.9 | F29: =SUM(F26:F28) -> 5186794.6 | G29: =SUM(G26:G28) -> 4850021.2 | H29: =SUM(H26:H28) -> 5186794.6 | I29: =SUM(I26:I28) -> 6907492.4 | ... K29: =SUM(K26:K28) -> 21218156
A31: Ejecucion de avance fìnanciero programado-ejecutado por categoria del gasto tercer cuatrimestre 2022
A33: Categoría del gasto | B33: Septiembre | D33: Octubre | F33: Noviembre | H33: Diciembre | J33: Totales | L33: Total acumulado
B34: Presupuestado | C34: Ejecutado | D34: Presupuestado | E34: Ejecutado | F34: Presupuestado | G34: Ejecutado | H34: Presupuestado | I34: Ejecutado | J34: Presupuestado | K34: Ejecutado | L34: Presupuestado | M34: Ejecutado
A35: Recurso Humano | B35: 2414811.3 | C35: 2400886.3 | J35: =+B35+D35+F35+H35 -> 2414811.3 | K35: =+C35+E35+G35+I35 -> 2400886.3
A36: Gastos de Funcionamiento | B36: 2606983.3 | C36: 2328043.9 | J36: =+B36+D36+F36+H36 -> 2606983.3 | K36: =+C36+E36+G36+I36 -> 2328043.9
A37: Propiedad Planta y Equipo | B37: 4000000 | C37: 0 | J37: =+B37+D37+F37+H37 -> 4000000 | K37: =+C37+E37+G37+I37 -> 0
A38: TOTAL | B38: =SUM(B35:B37) -> 9021794.7 | C38: =SUM(C35:C37) -> 4728930.1 | D38: =SUM(D35:D37) -> 0 | E38: =SUM(E35:E37) -> 0 | F38: =SUM(F35:F37) -> 0 | G38: =SUM(G35:G37) -> 0 | H38: =SUM(H35:H37) -> 0 | I38: =SUM(I35:I37) -> 0 | ... K38: =SUM(K35:K37) -> 4728930.1
A40: Resumen año 2022
A41: Categoría del gasto | B41: año 2022
B42: Presupuestado | C42: Ejecutado
A43: Recurso Humano | B43: =+J17+J26+J35 -> 21733302 | C43: =+K17+K26+K35 -> 21662027
A44: Gastos de Funcionamiento | B44: =+J18+J27+J36 -> 24541314 | C44: =+K18+K27+K36 -> 14774673
A45: Propiedad Planta y Equipo | B45: =+J37+J28+J19 -> 4000000 | C45: =K37+K28+K19 -> 0
A46: TOTAL | B46: =SUM(B43:B45) -> 50274616 | C46: =SUM(C43:C45) -> 36436700
A64: Elaborado por: | C64: ___________________________ | F64: Autorizado por: | H64: ___________________________________
C65: Víctor Cresencio Reyes Porres | H65: Dr. Walter Antonio Mazariegos Samayoa
C66: Jefe de Contabilidad | H66: Director General
A67: Fecha: | C67: 10 de octubre 2022

Sheet OCTUBRE CTE-7
B7: ÀREA FINANCIERA | J7: CTE-7
A9: UNIDAD DE CIRUGIA CARDIOVASCULAR DE GUATEMALA
A10: 5a. AVENIDA 6-22 ZONA 11
A11: dgunicar@yahoo.es Tel. 24163000
A13: Ejecucion de avance fìnanciero programado-ejecutado por categoria del gasto primer cuatrimestre 2022
A15: Categoría del gasto | B15: Enero | D15: Febrero | F15: Marzo | H15: Abril | J15: Totales
B16: Presupuestado | C16: Ejecutado | D16: Presupuestado | E16: Ejecutado | F16: Presupuestado | G16: Ejecutado | H16: Presupuestado | I16: Ejecutado | J16: Presupuestado | K16: Ejecutado
A17: Recurso Humano | B17: 2414811.3 | C17: 2367268.7 | D17: 2414811.3 | E17: 2396683.9 | F17: 2414811.3 | G17: 2410583.5 | H17: 2414811.3 | I17: 2417060.8 | J17: =+B17+D17+F17+H17 -> 9659245.3 | K17: =+C17+E17+G17+I17 -> 9591596.9
A18: Gastos de Funcionamiento | B18: 2612557.9 | C18: 0 | D18: 2689873.5 | E18: 16502.89 | F18: 2771983.2 | G18: 132643.57 | H18: 2771983.2 | I18: 748869.8 | J18: =+B18+D18+F18+H18 -> 10846398 | K18: =+C18+E18+G18+I18 -> 898016.26
A19: Propiedad planta y equipo | J19: =+B19+D19+F19+H19 -> 0 | K19: =+C19+E19+G19+I19 -> 0
A20: TOTAL | B20: =SUM(B17:B19) -> 5027369.2 | C20: =SUM(C17:C19) -> 2367268.7 | D20: =SUM(D17:D19) -> 5104684.8 | E20: =SUM(E17:E19) -> 2413186.8 | F20: =SUM(F17:F19) -> 5186794.6 | G20: =SUM(G17:G19) -> 2543227.1 | H20: =SUM(H17:H19) -> 5186794.6 | I20: =SUM(I17:I19) -> 3165930.6 | ... K20: =SUM(K17:K19) -> 10489613
A22: Ejecucion de avance fìnanciero programado-ejecutado por categoria del gasto segundo cuatrimestre 2022
A24: Categoría del gasto | B24: Mayo | D24: Junio | F24: Julio | H24: Agosto | J24: Totales | L24: Total acumulado
B25: Presupuestado | C25: Ejecutado | D25: Presupuestado | E25: Ejecutado | F25: Presupuestado | G25: Ejecutado | H25: Presupuestado | I25: Ejecutado | J25: Presupuestado | K25: Ejecutado | L25: Presupuestado | M25: Ejecutado
A26: Recurso Humano | B26: 2414811.3 | C26: 2417711.1 | D26: 2414811.3 | E26: 2408593 | F26: 2414811.3 | G26: 2416876.5 | H26: 2414811.3 | I26: 2426363.1 | J26: =+B26+D26+F26+H26 -> 9659245.3 | K26: =+C26+E26+G26+I26 -> 9669543.8
A27: Gastos de Funcionamiento | B27: 2771983.2 | C27: 1295730.8 | D27: 2771983.2 | E27: 3338607.9 | F27: 2771983.2 | G27: 2433144.6 | H27: 2771983.2 | I27: 4481129.3 | J27: =+B27+D27+F27+H27 -> 11087933 | K27: =+C27+E27+G27+I27 -> 11548613
A28: Propiedad planta y equipo | J28: =+B28+D28+F28+H28 -> 0 | K28: =+C28+E28+G28+I28 -> 0
A29: TOTAL | B29: =SUM(B26:B28) -> 5186794.6 | C29: =SUM(C26:C28) -> 3713441.9 | D29: =SUM(D26:D28) -> 5186794.6 | E29: =SUM(E26:E28) -> 5747200.9 | F29: =SUM(F26:F28) -> 5186794.6 | G29: =SUM(G26:G28) -> 4850021.2 | H29: =SUM(H26:H28) -> 5186794.6 | I29: =SUM(I26:I28) -> 6907492.4 | ... K29: =SUM(K26:K28) -> 21218156
A32: Ejecucion de avance fìnanciero programado-ejecutado por categoria del gasto tercer cuatrimestre 2022
A34: Categoría del gasto | B34: Septiembre | D34: Octubre | F34: Noviembre | H34: Diciembre | J34: Totales | L34: Total acumulado
B35: Presupuestado | C35: Ejecutado | D35: Presupuestado | E35: Ejecutado | F35: Presupuestado | G35: Ejecutado | H35: Presupuestado | I35: Ejecutado | J35: Presupuestado | K35: Ejecutado | L35: Presupuestado | M35: Ejecutado
A36: Recurso Humano | B36: 2414811.3 | C36: 2400886.3 | D36: 2414811.3 | E36: 2409784.7 | J36: =+B36+D36+F36+H36 -> 4829622.7 | K36: =+C36+E36+G36+I36 -> 4810671
A37: Gastos de Funcionamiento | B37: 2606983.3 | C37: 2328043.9 | D37: 2606983.3 | E37: 3874897.3 | J37: =+B37+D37+F37+H37 -> 5213966.6 | K37: =+C37+E37+G37+I37 -> 6202941.2
A38: Propiedad Planta y Equipo | B38: 4000000 | C38: 0 | D38: 4660000 | J38: =+B38+D38+F38+H38 -> 8660000 | K38: =+C38+E38+G38+I38 -> 0
A39: TOTAL | B39: =SUM(B36:B38) -> 9021794.7 | C39: =SUM(C36:C38) -> 4728930.1 | D39: =SUM(D36:D38) -> 9681794.6 | E39: =SUM(E36:E38) -> 6284682 | F39: =SUM(F36:F38) -> 0 | G39: =SUM(G36:G38) -> 0 | H39: =SUM(H36:H38) -> 0 | I39: =SUM(I36:I38) -> 0 | ... K39: =SUM(K36:K38) -> 11013612
A46: Resumen año 2022
A47: Categoría del gasto | B47: año 2022
B48: Presupuestado | C48: Ejecutado
A49: Recurso Humano | B49: =+J17+J26+J36 -> 24148113 | C49: =+K17+K26+K36 -> 24071812
A50: Gastos de Funcionamiento | B50: =+J18+J27+J37 -> 27148297 | C50: =+K18+K27+K37 -> 18649570
A51: Propiedad Planta y Equipo | B51: =+J38+J28+J19 -> 8660000 | C51: =K38+K28+K19 -> 0
A52: TOTAL | B52: =SUM(B49:B51) -> 59956411 | C52: =SUM(C49:C51) -> 42721382
A70: Elaborado por: | C70: ___________________________ | F70: Autorizado por: | H70: ___________________________________
C71: Víctor Cresencio Reyes Porres | H71: Dr. Walter Antonio Mazariegos Samayoa
C72: Jefe de Contabilidad | H72: Director General
A73: Fecha: | C73: 10 de noviembre 2022

Sheet NOVIEMBRE CTE-7
B7: ÀREA FINANCIERA | J7: CTE-7
A9: UNIDAD DE CIRUGIA CARDIOVASCULAR DE GUATEMALA
A10: 5a. AVENIDA 6-22 ZONA 11
A11: dgunicar@yahoo.es Tel. 24163000
A13: Ejecucion de avance fìnanciero programado-ejecutado por categoria del gasto primer cuatrimestre 2022
A15: Categoría del gasto | B15: Enero | D15: Febrero | F15: Marzo | H15: Abril | J15: Totales
B16: Presupuestado | C16: Ejecutado | D16: Presupuestado | E16: Ejecutado | F16: Presupuestado | G16: Ejecutado | H16: Presupuestado | I16: Ejecutado | J16: Presupuestado | K16: Ejecutado
A17: Recurso Humano | B17: 2414811.3 | C17: 2367268.7 | D17: 2414811.3 | E17: 2396683.9 | F17: 2414811.3 | G17: 2410583.5 | H17: 2414811.3 | I17: 2417060.8 | J17: =+B17+D17+F17+H17 -> 9659245.3 | K17: =+C17+E17+G17+I17 -> 9591596.9
A18: Gastos de Funcionamiento | B18: 2612557.9 | C18: 0 | D18: 2689873.5 | E18: 16502.89 | F18: 2771883.2 | G18: 132643.57 | H18: 2771883.2 | I18: 748869.8 | J18: =+B18+D18+F18+H18 -> 10846198 | K18: =+C18+E18+G18+I18 -> 898016.26
A19: Propiedad planta y equipo | J19: =+B19+D19+F19+H19 -> 0 | K19: =+C19+E19+G19+I19 -> 0
A20: TOTAL | B20: =SUM(B17:B19) -> 5027369.2 | C20: =SUM(C17:C19) -> 2367268.7 | D20: =SUM(D17:D19) -> 5104684.8 | E20: =SUM(E17:E19) -> 2413186.8 | F20: =SUM(F17:F19) -> 5186694.6 | G20: =SUM(G17:G19) -> 2543227.1 | H20: =SUM(H17:H19) -> 5186694.6 | I20: =SUM(I17:I19) -> 3165930.6 | ... K20: =SUM(K17:K19) -> 10489613
A22: Ejecucion de avance fìnanciero programado-ejecutado por categoria del gasto segundo cuatrimestre 2022
A24: Categoría del gasto | B24: Mayo | D24: Junio | F24: Julio | H24: Agosto | J24: Totales | L24: Total acumulado
B25: Presupuestado | C25: Ejecutado | D25: Presupuestado | E25: Ejecutado | F25: Presupuestado | G25: Ejecutado | H25: Presupuestado | I25: Ejecutado | J25: Presupuestado | K25: Ejecutado | L25: Presupuestado | M25: Ejecutado
A26: Recurso Humano | B26: 2414811.3 | C26: 2417711.1 | D26: 2414811.3 | E26: 2408593 | F26: 2414811.3 | G26: 2416876.5 | H26: 2414811.3 | I26: 2426363.1 | J26: =+B26+D26+F26+H26 -> 9659245.3 | K26: =+C26+E26+G26+I26 -> 9669543.8 | L26: =+J26+J17 -> 19318491 | M26: =+K26+K17 -> 19261141
A27: Gastos de Funcionamiento | B27: 2771883.2 | C27: 1295730.8 | D27: 2771883.2 | E27: 3338607.9 | F27: 2771883.2 | G27: 2433144.6 | H27: 2771883.2 | I27: 4481129.3 | J27: =+B27+D27+F27+H27 -> 11087533 | K27: =+C27+E27+G27+I27 -> 11548613 | L27: =+J27+J18 -> 21933731 | M27: =+K27+K18 -> 12446629
A28: Propiedad planta y equipo | J28: =+B28+D28+F28+H28 -> 0 | K28: =+C28+E28+G28+I28 -> 0
A29: TOTAL | B29: =SUM(B26:B28) -> 5186694.6 | C29: =SUM(C26:C28) -> 3713441.9 | D29: =SUM(D26:D28) -> 5186694.6 | E29: =SUM(E26:E28) -> 5747200.9 | F29: =SUM(F26:F28) -> 5186694.6 | G29: =SUM(G26:G28) -> 4850021.2 | H29: =SUM(H26:H28) -> 5186694.6 | I29: =SUM(I26:I28) -> 6907492.4 | ... K29: =SUM(K26:K28) -> 21218156 | L29: =+J29+J20 -> 41252222 | M29: =+K29+K20 -> 31707770
A32: Ejecucion de avance fìnanciero programado-ejecutado por categoria del gasto tercer cuatrimestre 2022
A34: Categoría del gasto | B34: Septiembre | D34: Octubre | F34: Noviembre | H34: Diciembre | J34: Totales | L34: Total acumulado
B35: Presupuestado | C35: Ejecutado | D35: Presupuestado | E35: Ejecutado | F35: Presupuestado | G35: Ejecutado | H35: Presupuestado | I35: Ejecutado | J35: Presupuestado | K35: Ejecutado | L35: Presupuestado | M35: Ejecutado
A36: Recurso Humano | B36: 2414811.3 | C36: 2400886.3 | D36: 2414811.3 | E36: 2409784.7 | F36: 2414811.3 | G36: 2486510.3 | J36: =+B36+D36+F36+H36 -> 7244434 | K36: =+C36+E36+G36+I36 -> 7297181.3 | L36: =+L26+J36 -> 26562925 | M36: =+M26+K36 -> 26558322
A37: Gastos de Funcionamiento | B37: 2573947.4 | C37: 2328043.9 | D37: 2497042 | E37: 3874897.3 | F37: 2678771.9 | G37: 2968160.4 | J37: =+B37+D37+F37+H37 -> 7749761.2 | K37: =+C37+E37+G37+I37 -> 9171101.6 | L37: =+L27+J37 -> 29683492 | M37: =+M27+K37 -> 21617730
A38: Propiedad Planta y Equipo | B38: 4000000 | C38: 0 | D38: 4660000 | F38: 0 | G38: 30000 | J38: =+B38+D38+F38+H38 -> 8660000 | K38: =+C38+E38+G38+I38 -> 30000 | L38: =+J38 -> 8660000 | M38: =+M28+K38 -> 30000
A39: TOTAL | B39: =SUM(B36:B38) -> 8988758.7 | C39: =SUM(C36:C38) -> 4728930.1 | D39: =SUM(D36:D38) -> 9571853.3 | E39: =SUM(E36:E38) -> 6284682 | F39: =SUM(F36:F38) -> 5093583.2 | G39: =SUM(G36:G38) -> 5484670.7 | H39: =SUM(H36:H38) -> 0 | I39: =SUM(I36:I38) -> 0 | ... K39: =SUM(K36:K38) -> 16498283 | L39: =+L29+J39 -> 64906417 | M39: =+M29+K39 -> 48206052
A42: Resumen año 2022
A43: Categoría del gasto | B43: año 2022
B44: Presupuestado | C44: Ejecutado
A45: Recurso Humano | B45: =+J17+J26+J36 -> 26562925 | C45: =+K17+K26+K36 -> 26558322
A46: Gastos de Funcionamiento | B46: =+J18+J27+J37 -> 29683492 | C46: =+K18+K27+K37 -> 21617730
A47: Propiedad Planta y Equipo | B47: =+J38+J28+J19 -> 8660000 | C47: =K38+K28+K19 -> 30000
A48: TOTAL | B48: =SUM(B45:B47) -> 64906417 | C48: =SUM(C45:C47) -> 48206052
A74: Elaborado por: | C74: ___________________________ | F74: Autorizado por: | H74: ___________________________________
C75: Víctor Cresencio Reyes Porres | H75: Dr. Walter Antonio Mazariegos Samayoa
C76: Jefe de Contabilidad | H76: Director General
A77: Fecha: | C77: 9 de diciembre 2022

Sheet DICIEMBRE CTE-7
B7: ÀREA FINANCIERA | J7: CTE-7
A9: UNIDAD DE CIRUGIA CARDIOVASCULAR DE GUATEMALA
A10: 5a. AVENIDA 6-22 ZONA 11
A11: dgunicar@yahoo.es Tel. 24163000
A13: Ejecucion de avance fìnanciero programado-ejecutado por categoria del gasto primer cuatrimestre 2022
A15: Categoría del gasto | B15: Enero | D15: Febrero | F15: Marzo | H15: Abril | J15: Totales
B16: Presupuestado | C16: Ejecutado | D16: Presupuestado | E16: Ejecutado | F16: Presupuestado | G16: Ejecutado | H16: Presupuestado | I16: Ejecutado | J16: Presupuestado | K16: Ejecutado
A17: Recurso Humano | B17: 2414811.3 | C17: 2367268.7 | D17: 2414811.3 | E17: 2396683.9 | F17: 2414811.3 | G17: 2410583.5 | H17: 2414811.3 | I17: 2417060.8 | J17: =+B17+D17+F17+H17 -> 9659245.3 | K17: =+C17+E17+G17+I17 -> 9591596.9
A18: Gastos de Funcionamiento | B18: 2612557.9 | C18: 0 | D18: 2689873.5 | E18: 16502.89 | F18: 2771883.2 | G18: 132643.57 | H18: 2771883.2 | I18: 748869.8 | J18: =+B18+D18+F18+H18 -> 10846198 | K18: =+C18+E18+G18+I18 -> 898016.26
A19: Propiedad planta y equipo | J19: =+B19+D19+F19+H19 -> 0 | K19: =+C19+E19+G19+I19 -> 0
A20: TOTAL | B20: =SUM(B17:B19) -> 5027369.2 | C20: =SUM(C17:C19) -> 2367268.7 | D20: =SUM(D17:D19) -> 5104684.8 | E20: =SUM(E17:E19) -> 2413186.8 | F20: =SUM(F17:F19) -> 5186694.6 | G20: =SUM(G17:G19) -> 2543227.1 | H20: =SUM(H17:H19) -> 5186694.6 | I20: =SUM(I17:I19) -> 3165930.6 | ... K20: =SUM(K17:K19) -> 10489613
A22: Ejecucion de avance fìnanciero programado-ejecutado por categoria del gasto segundo cuatrimestre 2022
A24: Categoría del gasto | B24: Mayo | D24: Junio | F24: Julio | H24: Agosto | J24: Totales | L24: Total acumulado
B25: Presupuestado | C25: Ejecutado | D25: Presupuestado | E25: Ejecutado | F25: Presupuestado | G25: Ejecutado | H25: Presupuestado | I25: Ejecutado | J25: Presupuestado | K25: Ejecutado | L25: Presupuestado | M25: Ejecutado
A26: Recurso Humano | B26: 2414811.3 | C26: 2417711.1 | D26: 2414811.3 | E26: 2408593 | F26: 2414811.3 | G26: 2416876.5 | H26: 2414811.3 | I26: 2426363.1 | J26: =+B26+D26+F26+H26 -> 9659245.3 | K26: =+C26+E26+G26+I26 -> 9669543.8
A27: Gastos de Funcionamiento | B27: 2771883.2 | C27: 1295730.8 | D27: 2771883.2 | E27: 3338607.9 | F27: 2771883.2 | G27: 2433144.6 | H27: 2771883.2 | I27: 4481129.3 | J27: =+B27+D27+F27+H27 -> 11087533 | K27: =+C27+E27+G27+I27 -> 11548613
A28: Propiedad planta y equipo | J28: =+B28+D28+F28+H28 -> 0 | K28: =+C28+E28+G28+I28 -> 0
A29: TOTAL | B29: =SUM(B26:B28) -> 5186694.6 | C29: =SUM(C26:C28) -> 3713441.9 | D29: =SUM(D26:D28) -> 5186694.6 | E29: =SUM(E26:E28) -> 5747200.9 | F29: =SUM(F26:F28) -> 5186694.6 | G29: =SUM(G26:G28) -> 4850021.2 | H29: =SUM(H26:H28) -> 5186694.6 | I29: =SUM(I26:I28) -> 6907492.4 | ... K29: =SUM(K26:K28) -> 21218156
A32: Ejecucion de avance fìnanciero programado-ejecutado por categoria del gasto tercer cuatrimestre 2022
A34: Categoría del gasto | B34: Septiembre | D34: Octubre | F34: Noviembre | H34: Diciembre | J34: Totales | L34: Total acumulado
B35: Presupuestado | C35: Ejecutado | D35: Presupuestado | E35: Ejecutado | F35: Presupuestado | G35: Ejecutado | H35: Presupuestado | I35: Ejecutado | J35: Presupuestado | K35: Ejecutado | L35: Presupuestado | M35: Ejecutado
A36: Recurso Humano | B36: 2414811.3 | C36: 2400886.3 | D36: 2414811.3 | E36: 2409784.7 | F36: 2414811.3 | G36: 2486510.3 | H36: 2414811.3 | I36: 2419414 | J36: =+B36+D36+F36+H36 -> 9659245.3 | K36: =+C36+E36+G36+I36 -> 9716595.3
A37: Gastos de Funcionamiento | B37: 2573947.4 | C37: 2328043.9 | D37: 2497042 | E37: 3874897.3 | F37: 2678771.9 | G37: 2968160.4 | H37: 2678771.9 | I37: 10631013 | J37: =+B37+D37+F37+H37 -> 10428533 | K37: =+C37+E37+G37+I37 -> 19802114
A38: Propiedad Planta y Equipo | B38: 4000000 | C38: 0 | D38: 4660000 | F38: 0 | G38: 30000 | H38: 0 | I38: 8625044.1 | J38: =+B38+D38+F38+H38 -> 8660000 | K38: =+C38+E38+G38+I38 -> 8655044.1
A39: TOTAL | B39: =SUM(B36:B38) -> 8988758.7 | C39: =SUM(C36:C38) -> 4728930.1 | D39: =SUM(D36:D38) -> 9571853.3 | E39: =SUM(E36:E38) -> 6284682 | F39: =SUM(F36:F38) -> 5093583.2 | G39: =SUM(G36:G38) -> 5484670.7 | H39: =SUM(H36:H38) -> 5093583.2 | I39: =SUM(I36:I38) -> 21675471 | ... K39: =SUM(K36:K38) -> 38173754
A46: Resumen año 2022
A47: Categoría del gasto | B47: año 2022
B48: Presupuestado | C48: Ejecutado
A49: Recurso Humano | B49: =+J17+J26+J36 -> 28977736 | C49: =+K17+K26+K36 -> 28977736
A50: Gastos de Funcionamiento | B50: =+J18+J27+J37 -> 32362264 | C50: =+K18+K27+K37 -> 32248743
A51: Propiedad Planta y Equipo | B51: =+J38+J28+J19 -> 8660000 | C51: =K38+K28+K19 -> 8655044.1
A52: TOTAL | B52: =SUM(B49:B51) -> 70000000 | C52: =SUM(C49:C51) -> 69881523
A53: DEPOSITO FONDO COMUN | C53: =+B52-C52 -> 118476.62
A54: SUMAS IGUALES | B54: =+B52 -> 70000000 | C54: =+C53+C52 -> 70000000
A70: Elaborado por: | C70: ___________________________ | F70: Autorizado por: | H70: ___________________________________
C71: Víctor Cresencio Reyes Porres | H71: Dr. Walter Antonio Mazariegos Samayoa
C72: Jefe de Contabilidad | H72: Director General
A73: Fecha: | C73: 10 de enero 2023

Sheet EJECUCION FISICA SEPTIEMBRE
L2: CTE-9
L3: Vigente abril 2022
A6: UNIDAD DE CIRUGIA CARDIOVASCULAR DE GUATEMALA
A7: 5a. AVENIDA 6-22 ZONA 11
A8: dgunicar@yahoo.es Tel. 24163000
B10: Ejecucion y/o avance de cumplimiento de metas fisicas correspondiente al primer cuatrimestre
A11: No. | B11: Servicio | C11: Enero | E11: Febrero | G11: Marzo | I11: Abril | K11: Total cuatrimestre
C12: Programado | D12: Ejecutado | E12: Programado | F12: Ejecutado | G12: Programado | H12: Ejecutado | I12: Programado | J12: Ejecutado | K12: Programado | L12: Ejecutado
A13: 1 | B13: CIRUGIA DE ADULTOS | C13: 6 | D13: 9 | E13: 14 | F13: 8 | G13: 14 | H13: 12 | I13: 12 | J13: 10 | K13: =+C13+E13+G13+I13 -> 46 | L13: =+D13+F13+H13+J13 -> 39
A14: 2 | B14: CIRUGIA DE PEDIATRIA | C14: 6 | D14: 8 | E14: 14 | F14: 6 | G14: 14 | H14: 22 | I14: 12 | J14: 15 | K14: =+C14+E14+G14+I14 -> 46 | L14: =+D14+F14+H14+J14 -> 51
A15: 3 | B15: HEMODINAMIA ADULTOS | C15: 26 | D15: 84 | E15: 55 | F15: 82 | G15: 55 | H15: 93 | I15: 55 | J15: 72 | K15: =+C15+E15+G15+I15 -> 191 | L15: =+D15+F15+H15+J15 -> 331
A16: 4 | B16: HEMODINAMIA PEDIATRIA | C16: 5 | D16: 9 | E16: 11 | F16: 13 | G16: 11 | H16: 13 | I16: 11 | J16: 12 | K16: =+C16+E16+G16+I16 -> 38 | L16: =+D16+F16+H16+J16 -> 47
A17: 5 | B17: ECOCARDIOGRAMA ADULTOS | C17: 158 | D17: 411 | E17: 348 | F17: 324 | G17: 348 | H17: 331 | I17: 347 | J17: 285 | K17: =+C17+E17+G17+I17 -> 1201 | L17: =+D17+F17+H17+J17 -> 1351
A18: 6 | B18: ECOCARDIOGRAMA PEDIATRIA | C18: 85 | D18: 130 | E18: 183 | F18: 194 | G18: 183 | H18: 330 | I18: 183 | J18: 157 | K18: =+C18+E18+G18+I18 -> 634 | L18: =+D18+F18+H18+J18 -> 811
A19: 7 | B19: ELECTROCARDIOGRAMAS ADULTOS | C19: 65 | D19: 148 | E19: 141 | F19: 123 | G19: 141 | H19: 172 | I19: 141 | J19: 103 | K19: =+C19+E19+G19+I19 -> 488 | L19: =+D19+F19+H19+J19 -> 546
A20: 8 | B20: ELECTROCARDIOGRAMAS PEDIATRIA | C20: 62 | D20: 132 | E20: 138 | F20: 145 | G20: 138 | H20: 211 | I20: 134 | J20: 113 | K20: =+C20+E20+G20+I20 -> 472 | L20: =+D20+F20+H20+J20 -> 601
A21: 9 | B21: CONSULTAS MEDICAS ADULTOS | C21: 408 | D21: 935 | E21: 898 | F21: 1024 | G21: 898 | H21: 1155 | I21: 898 | J21: 829 | K21: =+C21+E21+G21+I21 -> 3102 | L21: =+D21+F21+H21+J21 -> 3943
A22: 10 | B22: CONSULTA MEDICAS PEDIATRICAS | C22: 208 | D22: 398 | E22: 459 | F22: 481 | G22: 459 | H22: 596 | I22: 453 | J22: 377 | K22: =+C22+E22+G22+I22 -> 1579 | L22: =+D22+F22+H22+J22 -> 1852
A23: 11 | B23: ESTOMATOLOGIA | C23: 20 | D23: 57 | E23: 44 | F23: 57 | G23: 44 | H23: 62 | I23: 44 | J23: 33 | K23: =+C23+E23+G23+I23 -> 152 | L23: =+D23+F23+H23+J23 -> 209
A24: 12 | B24: ENCAMAMIENTO POR COMPLICACIONES | C24: 10 | D24: 18 | E24: 23 | F24: 21 | G24: 23 | H24: 17 | I24: 23 | J24: 15 | K24: =+C24+E24+G24+I24 -> 79 | L24: =+D24+F24+H24+J24 -> 71
... A27: 15 | B27: HOLTERS | C27: 14 | D27: 17 | E27: 35 | F27: 24 | G27: 35 | H27: 21 | I27: 32 | J27: 21 | K27: =+C27+E27+G27+I27 -> 116 | L27: =+D27+F27+H27+J27 -> 83
A28: Total | C28: =SUM(C13:C27) -> 1091 | D28: =SUM(D13:D27) -> 2402 | E28: =SUM(E13:E27) -> 2403 | F28: =SUM(F13:F27) -> 2565 | G28: =SUM(G13:G27) -> 2403 | H28: =SUM(H13:H27) -> 3093 | I28: =SUM(I13:I27) -> 2381 | J28: =SUM(J13:J27) -> 2095 | ... L28: =SUM(L13:L27) -> 10155
B30: Programacion de metas fisicas versus ejecucion (mensual) segundo cuatrimestre
A31: No. | B31: Servicio | C31: Mayo | E31: Junio | G31: Julio | I31: Agosto | K31: Totales | M31: Total acumulado
C32: Programado | D32: Ejecutado | E32: Programado | F32: Ejecutado | G32: Programado | H32: Ejecutado | I32: Programado | J32: Ejecutado | K32: Programado | L32: Ejecutado | M32: Programado | N32: Ejecutado
A33: 1 | B33: CIRUGIA DE ADULTOS | C33: 14 | D33: 13 | E33: 14 | F33: 19 | G33: 14 | H33: 14 | I33: 15 | J33: 14 | K33: =+C33+E33+G33+I33 -> 57 | L33: =+D33+F33+H33+J33 -> 60 | M33: =+K33+K13 -> 103 | N33: =+L33+L13 -> 99
A34: 2 | B34: CIRUGIA DE PEDIATRIA | C34: 14 | D34: 20 | E34: 14 | F34: 9 | G34: 14 | H34: 8 | I34: 14 | J34: 14 | K34: =+C34+E34+G34+I34 -> 56 | L34: =+D34+F34+H34+J34 -> 51 | M34: =+K34+K14 -> 102 | N34: =+L34+L14 -> 102
A35: 3 | B35: HEMODINAMIA ADULTOS | C35: 56 | D35: 93 | E35: 56 | F35: 84 | G35: 56 | H35: 79 | I35: 128 | J35: 95 | K35: =+C35+E35+G35+I35 -> 296 | L35: =+D35+F35+H35+J35 -> 351 | M35: =+K35+K15 -> 487 | N35: =+L35+L15 -> 682
A36: 4 | B36: HEMODINAMIA PEDIATRIA | C36: 11 | D36: 19 | E36: 11 | F36: 15 | G36: 11 | H36: 11 | I36: 15 | J36: 21 | K36: =+C36+E36+G36+I36 -> 48 | L36: =+D36+F36+H36+J36 -> 66 | M36: =+K36+K16 -> 86 | N36: =+L36+L16 -> 113
A37: 5 | B37: ECOCARDIOGRAMA ADULTOS | C37: 348 | D37: 361 | E37: 348 | F37: 373 | G37: 349 | H37: 409 | I37: 349 | J37: 430 | K37: =+C37+E37+G37+I37 -> 1394 | L37: =+D37+F37+H37+J37 -> 1573 | M37: =+K37+K17 -> 2595 | N37: =+L37+L17 -> 2924
A38: 6 | B38: ECOCARDIOGRAMA PEDIATRIA | C38: 183 | D38: 177 | E38: 183 | F38: 176 | G38: 183 | H38: 166 | I38: 183 | J38: 249 | K38: =+C38+E38+G38+I38 -> 732 | L38: =+D38+F38+H38+J38 -> 768 | M38: =+K38+K18 -> 1366 | N38: =+L38+L18 -> 1579
A39: 7 | B39: ELECTROCARDIOGRAMAS ADULTOS | C39: 141 | D39: 151 | E39: 141 | F39: 108 | G39: 141 | H39: 131 | I39: 141 | J39: 147 | K39: =+C39+E39+G39+I39 -> 564 | L39: =+D39+F39+H39+J39 -> 537 | M39: =+K39+K19 -> 1052 | N39: =+L39+L19 -> 1083
A40: 8 | B40: ELECTROCARDIOGRAMAS PEDIATRIA | C40: 138 | D40: 181 | E40: 138 | F40: 163 | G40: 138 | H40: 130 | I40: 192 | J40: 149 | K40: =+C40+E40+G40+I40 -> 606 | L40: =+D40+F40+H40+J40 -> 623 | M40: =+K40+K20 -> 1078 | N40: =+L40+L20 -> 1224
A41: 9 | B41: CONSULTAS MEDICAS ADULTOS | C41: 898 | D41: 984 | E41: 898 | F41: 1002 | G41: 898 | H41: 956 | I41: 1201 | J41: 1062 | K41: =+C41+E41+G41+I41 -> 3895 | L41: =+D41+F41+H41+J41 -> 4004 | M41: =+K41+K21 -> 6997 | N41: =+L41+L21 -> 7947
A42: 10 | B42: CONSULTA MEDICAS PEDIATRICAS | C42: 459 | D42: 501 | E42: 459 | F42: 402 | G42: 459 | H42: 396 | I42: 494 | J42: 455 | K42: =+C42+E42+G42+I42 -> 1871 | L42: =+D42+F42+H42+J42 -> 1754 | M42: =+K42+K22 -> 3450 | N42: =+L42+L22 -> 3606
A43: 11 | B43: ESTOMATOLOGIA | C43: 44 | D43: 56 | E43: 44 | F43: 40 | G43: 44 | H43: 43 | I43: 44 | J43: 42 | K43: =+C43+E43+G43+I43 -> 176 | L43: =+D43+F43+H43+J43 -> 181 | M43: =+K43+K23 -> 328 | N43: =+L43+L23 -> 390
A44: 12 | B44: ENCAMAMIENTO POR COMPLICACIONES | C44: 23 | D44: 21 | E44: 23 | F44: 21 | G44: 23 | H44: 18 | I44: 23 | J44: 18 | K44: =+C44+E44+G44+I44 -> 92 | L44: =+D44+F44+H44+J44 -> 78 | M44: =+K44+K24 -> 171 | N44: =+L44+L24 -> 149
... A47: 15 | B47: HOLTERS | C47: 35 | D47: 21 | E47: 35 | F47: 46 | G47: 35 | H47: 46 | I47: 35 | J47: 63 | K47: =+C47+E47+G47+I47 -> 140 | L47: =+D47+F47+H47+J47 -> 176 | M47: =+K47+K27 -> 256 | N47: =+L47+L27 -> 259
A48: Total | C48: =SUM(C33:C47) -> 2404 | D48: =SUM(D33:D47) -> 2657 | E48: =SUM(E33:E47) -> 2404 | F48: =SUM(F33:F47) -> 2488 | G48: =SUM(G33:G47) -> 2405 | H48: =SUM(H33:H47) -> 2444 | I48: =SUM(I33:I47) -> 2900 | J48: =SUM(J33:J47) -> 2798 | ... N48: =SUM(N33:N47) -> 20542
B50: Programacion de metas fisicas versus ejecucion (mensual) tercer cuatrimestre
A51: No. | B51: Servicio | C51: Septiembre | E51: Octubre | G51: Noviembre | I51: Diciembre | K51: Totales | M51: Total acumulado
C52: Programado | D52: Ejecutado | E52: Programado | F52: Ejecutado | G52: Programado | H52: Ejecutado | I52: Programado | J52: Ejecutado | K52: Programado | L52: Ejecutado | M52: Programado | N52: Ejecutado
A53: 1 | B53: CIRUGIA DE ADULTOS | C53: 15 | D53: 17 | K53: =+C53+E53+G53+I53 -> 15 | L53: =+D53+F53+H53+J53 -> 17 | M53: =+K53+M33 -> 118 | N53: =+L53+N33 -> 116
A54: 2 | B54: CIRUGIA DE PEDIATRIA | C54: 14 | D54: 9 | K54: =+C54+E54+G54+I54 -> 14 | L54: =+D54+F54+H54+J54 -> 9 | M54: =+K54+M34 -> 116 | N54: =+L54+N34 -> 111
A55: 3 | B55: HEMODINAMIA ADULTOS | C55: 128 | D55: 81 | K55: =+C55+E55+G55+I55 -> 128 | L55: =+D55+F55+H55+J55 -> 81 | M55: =+K55+M35 -> 615 | N55: =+L55+N35 -> 763
A56: 4 | B56: HEMODINAMIA PEDIATRIA | C56: 18 | D56: 11 | K56: =+C56+E56+G56+I56 -> 18 | L56: =+D56+F56+H56+J56 -> 11 | M56: =+K56+M36 -> 104 | N56: =+L56+N36 -> 124
A57: 5 | B57: ECOCARDIOGRAMA ADULTOS | C57: 425 | D57: 454 | K57: =+C57+E57+G57+I57 -> 425 | L57: =+D57+F57+H57+J57 -> 454 | M57: =+K57+M37 -> 3020 | N57: =+L57+N37 -> 3378
A58: 6 | B58: ECOCARDIOGRAMA PEDIATRIA | C58: 233 | D58: 253 | K58: =+C58+E58+G58+I58 -> 233 | L58: =+D58+F58+H58+J58 -> 253 | M58: =+K58+M38 -> 1599 | N58: =+L58+N38 -> 1832
A59: 7 | B59: ELECTROCARDIOGRAMAS ADULTOS | C59: 141 | D59: 126 | K59: =+C59+E59+G59+I59 -> 141 | L59: =+D59+F59+H59+J59 -> 126 | M59: =+K59+M39 -> 1193 | N59: =+L59+N39 -> 1209
A60: 8 | B60: ELECTROCARDIOGRAMAS PEDIATRIA | C60: 192 | D60: 127 | K60: =+C60+E60+G60+I60 -> 192 | L60: =+D60+F60+H60+J60 -> 127 | M60: =+K60+M40 -> 1270 | N60: =+L60+N40 -> 1351
A61: 9 | B61: CONSULTAS MEDICAS ADULTOS | C61: 1202 | D61: 975 | K61: =+C61+E61+G61+I61 -> 1202 | L61: =+D61+F61+H61+J61 -> 975 | M61: =+K61+M41 -> 8199 | N61: =+L61+N41 -> 8922
A62: 10 | B62: CONSULTA MEDICAS PEDIATRICAS | C62: 494 | D62: 390 | K62: =+C62+E62+G62+I62 -> 494 | L62: =+D62+F62+H62+J62 -> 390 | M62: =+K62+M42 -> 3944 | N62: =+L62+N42 -> 3996
A63: 11 | B63: ESTOMATOLOGIA | C63: 44 | D63: 43 | K63: =+C63+E63+G63+I63 -> 44 | L63: =+D63+F63+H63+J63 -> 43 | M63: =+K63+M43 -> 372 | N63: =+L63+N43 -> 433
A64: 12 | B64: ENCAMAMIENTO POR COMPLICACIONES | C64: 23 | D64: 23 | K64: =+C64+E64+G64+I64 -> 23 | L64: =+D64+F64+H64+J64 -> 23 | M64: =+K64+M44 -> 194 | N64: =+L64+N44 -> 172
... A67: 15 | B67: HOLTERS | C67: 35 | D67: 63 | K67: =+C67+E67+G67+I67 -> 35 | L67: =+D67+F67+H67+J67 -> 63 | M67: =+K67+M47 -> 291 | N67: =+L67+N47 -> 322
A68: Total | C68: =SUM(C53:C67) -> 3030 | D68: =SUM(D53:D67) -> 2598 | E68: =SUM(E53:E67) -> 0 | F68: =SUM(F53:F67) -> 0 | G68: =SUM(G53:G67) -> 0 | H68: =SUM(H53:H67) -> 0 | I68: =SUM(I53:I67) -> 0 | J68: =SUM(J53:J67) -> 0 | ... N68: =SUM(N53:N67) -> 23140
B71: RESUMEN AÑO 2022
A72: No. | B72: Servicio | C72: Totales
C73: Programado | D73: Ejecutado
A74: 1 | B74: CIRUGIA DE ADULTOS | C74: =+K13+K33+K53 -> 118 | D74: =+L13+L33+L53 -> 116
A75: 2 | B75: CIRUGIA DE PEDIATRIA | C75: =+K14+K34+K54 -> 116 | D75: =+L14+L34+L54 -> 111
A76: 3 | B76: HEMODINAMIA ADULTOS | C76: =+K15+K35+K55 -> 615 | D76: =+L15+L35+L55 -> 763
A77: 4 | B77: HEMODINAMIA PEDIATRIA | C77: =+K16+K36+K56 -> 104 | D77: =+L16+L36+L56 -> 124
A78: 5 | B78: ECOCARDIOGRAMA ADULTOS | C78: =+K17+K37+K57 -> 3020 | D78: =+L17+L37+L57 -> 3378
A79: 6 | B79: ECOCARDIOGRAMA PEDIATRIA | C79: =+K18+K38+K58 -> 1599 | D79: =+L18+L38+L58 -> 1832
A80: 7 | B80: ELECTROCARDIOGRAMAS ADULTOS | C80: =+K19+K39+K59 -> 1193 | D80: =+L19+L39+L59 -> 1209
A81: 8 | B81: ELECTROCARDIOGRAMAS PEDIATRIA | C81: =+K20+K40+K60 -> 1270 | D81: =+L20+L40+L60 -> 1351
A82: 9 | B82: CONSULTAS MEDICAS ADULTOS | C82: =+K21+K41+K61 -> 8199 | D82: =+L21+L41+L61 -> 8922
A83: 10 | B83: CONSULTA MEDICAS PEDIATRICAS | C83: =+K22+K42+K62 -> 3944 | D83: =+L22+L42+L62 -> 3996
A84: 11 | B84: ESTOMATOLOGIA | C84: =+K23+K43+K63 -> 372 | D84: =+L23+L43+L63 -> 433
A85: 12 | B85: ENCAMAMIENTO POR COMPLICACIONES | C85: =+K24+K44+K64 -> 194 | D85: =+L24+L44+L64 -> 172
... A88: 15 | B88: HOLTERS | C88: =+K27+K47+K67 -> 291 | D88: =+L27+L47+L67 -> 322
A89: Total | C89: =SUM(C74:C88) -> 21421 | D89: =SUM(D74:D88) -> 23140
B113: Elaborado por: | C113: ___________________________ | F113: Autorizado por: | H113: _______________________________________
C114: VÍctor Cresencio Reyes Porres | H114: Dr. Walter Antonio Mazariegos Samayoa
C115: Jefe de Contabilidad | H115: Director General
B116: Fecha: | C116: 10 de octubre 2,022

Sheet EJECUCION FISICA OCTUBRE
L2: CTE-9
L3: Vigente abril 2022
A6: UNIDAD DE CIRUGIA CARDIOVASCULAR DE GUATEMALA
A7: 5a. AVENIDA 6-22 ZONA 11
A8: dgunicar@yahoo.es Tel. 24163000
B10: Ejecucion y/o avance de cumplimiento de metas fisicas correspondiente al primer cuatrimestre
A11: No. | B11: Servicio | C11: Enero | E11: Febrero | G11: Marzo | I11: Abril | K11: Total cuatrimestre
C12: Programado | D12: Ejecutado | E12: Programado | F12: Ejecutado | G12: Programado | H12: Ejecutado | I12: Programado | J12: Ejecutado | K12: Programado | L12: Ejecutado
A13: 1 | B13: CIRUGIA DE ADULTOS | C13: 6 | D13: 9 | E13: 14 | F13: 8 | G13: 14 | H13: 12 | I13: 12 | J13: 10 | K13: =+C13+E13+G13+I13 -> 46 | L13: =+D13+F13+H13+J13 -> 39
A14: 2 | B14: CIRUGIA DE PEDIATRIA | C14: 6 | D14: 8 | E14: 14 | F14: 6 | G14: 14 | H14: 22 | I14: 12 | J14: 15 | K14: =+C14+E14+G14+I14 -> 46 | L14: =+D14+F14+H14+J14 -> 51
A15: 3 | B15: HEMODINAMIA ADULTOS | C15: 26 | D15: 84 | E15: 55 | F15: 82 | G15: 55 | H15: 93 | I15: 55 | J15: 72 | K15: =+C15+E15+G15+I15 -> 191 | L15: =+D15+F15+H15+J15 -> 331
A16: 4 | B16: HEMODINAMIA PEDIATRIA | C16: 5 | D16: 9 | E16: 11 | F16: 13 | G16: 11 | H16: 13 | I16: 11 | J16: 12 | K16: =+C16+E16+G16+I16 -> 38 | L16: =+D16+F16+H16+J16 -> 47
A17: 5 | B17: ECOCARDIOGRAMA ADULTOS | C17: 158 | D17: 411 | E17: 348 | F17: 324 | G17: 348 | H17: 331 | I17: 347 | J17: 285 | K17: =+C17+E17+G17+I17 -> 1201 | L17: =+D17+F17+H17+J17 -> 1351
A18: 6 | B18: ECOCARDIOGRAMA PEDIATRIA | C18: 85 | D18: 130 | E18: 183 | F18: 194 | G18: 183 | H18: 330 | I18: 183 | J18: 157 | K18: =+C18+E18+G18+I18 -> 634 | L18: =+D18+F18+H18+J18 -> 811
A19: 7 | B19: ELECTROCARDIOGRAMAS ADULTOS | C19: 65 | D19: 148 | E19: 141 | F19: 123 | G19: 141 | H19: 172 | I19: 141 | J19: 103 | K19: =+C19+E19+G19+I19 -> 488 | L19: =+D19+F19+H19+J19 -> 546
A20: 8 | B20: ELECTROCARDIOGRAMAS PEDIATRIA | C20: 62 | D20: 132 | E20: 138 | F20: 145 | G20: 138 | H20: 211 | I20: 134 | J20: 113 | K20: =+C20+E20+G20+I20 -> 472 | L20: =+D20+F20+H20+J20 -> 601
A21: 9 | B21: CONSULTAS MEDICAS ADULTOS | C21: 408 | D21: 935 | E21: 898 | F21: 1024 | G21: 898 | H21: 1155 | I21: 898 | J21: 829 | K21: =+C21+E21+G21+I21 -> 3102 | L21: =+D21+F21+H21+J21 -> 3943
A22: 10 | B22: CONSULTA MEDICAS PEDIATRICAS | C22: 208 | D22: 398 | E22: 459 | F22: 481 | G22: 459 | H22: 596 | I22: 453 | J22: 377 | K22: =+C22+E22+G22+I22 -> 1579 | L22: =+D22+F22+H22+J22 -> 1852
A23: 11 | B23: ESTOMATOLOGIA | C23: 20 | D23: 57 | E23: 44 | F23: 57 | G23: 44 | H23: 62 | I23: 44 | J23: 33 | K23: =+C23+E23+G23+I23 -> 152 | L23: =+D23+F23+H23+J23 -> 209
A24: 12 | B24: ENCAMAMIENTO POR COMPLICACIONES | C24: 10 | D24: 18 | E24: 23 | F24: 21 | G24: 23 | H24: 17 | I24: 23 | J24: 15 | K24: =+C24+E24+G24+I24 -> 79 | L24: =+D24+F24+H24+J24 -> 71
... A27: 15 | B27: HOLTERS | C27: 14 | D27: 17 | E27: 35 | F27: 24 | G27: 35 | H27: 21 | I27: 32 | J27: 21 | K27: =+C27+E27+G27+I27 -> 116 | L27: =+D27+F27+H27+J27 -> 83
A28: Total | C28: =SUM(C13:C27) -> 1091 | D28: =SUM(D13:D27) -> 2402 | E28: =SUM(E13:E27) -> 2403 | F28: =SUM(F13:F27) -> 2565 | G28: =SUM(G13:G27) -> 2403 | H28: =SUM(H13:H27) -> 3093 | I28: =SUM(I13:I27) -> 2381 | J28: =SUM(J13:J27) -> 2095 | ... L28: =SUM(L13:L27) -> 10155
B30: Programacion de metas fisicas versus ejecucion (mensual) segundo cuatrimestre
A31: No. | B31: Servicio | C31: Mayo | E31: Junio | G31: Julio | I31: Agosto | K31: Totales | M31: Total acumulado
C32: Programado | D32: Ejecutado | E32: Programado | F32: Ejecutado | G32: Programado | H32: Ejecutado | I32: Programado | J32: Ejecutado | K32: Programado | L32: Ejecutado | M32: Programado | N32: Ejecutado
A33: 1 | B33: CIRUGIA DE ADULTOS | C33: 14 | D33: 13 | E33: 14 | F33: 19 | G33: 14 | H33: 14 | I33: 15 | J33: 14 | K33: =+C33+E33+G33+I33 -> 57 | L33: =+D33+F33+H33+J33 -> 60 | M33: =+K33+K13 -> 103 | N33: =+L33+L13 -> 99
A34: 2 | B34: CIRUGIA DE PEDIATRIA | C34: 14 | D34: 20 | E34: 14 | F34: 9 | G34: 14 | H34: 8 | I34: 14 | J34: 14 | K34: =+C34+E34+G34+I34 -> 56 | L34: =+D34+F34+H34+J34 -> 51 | M34: =+K34+K14 -> 102 | N34: =+L34+L14 -> 102
A35: 3 | B35: HEMODINAMIA ADULTOS | C35: 56 | D35: 93 | E35: 56 | F35: 84 | G35: 56 | H35: 79 | I35: 128 | J35: 95 | K35: =+C35+E35+G35+I35 -> 296 | L35: =+D35+F35+H35+J35 -> 351 | M35: =+K35+K15 -> 487 | N35: =+L35+L15 -> 682
A36: 4 | B36: HEMODINAMIA PEDIATRIA | C36: 11 | D36: 19 | E36: 11 | F36: 15 | G36: 11 | H36: 11 | I36: 15 | J36: 21 | K36: =+C36+E36+G36+I36 -> 48 | L36: =+D36+F36+H36+J36 -> 66 | M36: =+K36+K16 -> 86 | N36: =+L36+L16 -> 113
A37: 5 | B37: ECOCARDIOGRAMA ADULTOS | C37: 348 | D37: 361 | E37: 348 | F37: 373 | G37: 349 | H37: 409 | I37: 349 | J37: 430 | K37: =+C37+E37+G37+I37 -> 1394 | L37: =+D37+F37+H37+J37 -> 1573 | M37: =+K37+K17 -> 2595 | N37: =+L37+L17 -> 2924
A38: 6 | B38: ECOCARDIOGRAMA PEDIATRIA | C38: 183 | D38: 177 | E38: 183 | F38: 176 | G38: 183 | H38: 166 | I38: 183 | J38: 249 | K38: =+C38+E38+G38+I38 -> 732 | L38: =+D38+F38+H38+J38 -> 768 | M38: =+K38+K18 -> 1366 | N38: =+L38+L18 -> 1579
A39: 7 | B39: ELECTROCARDIOGRAMAS ADULTOS | C39: 141 | D39: 151 | E39: 141 | F39: 108 | G39: 141 | H39: 131 | I39: 141 | J39: 147 | K39: =+C39+E39+G39+I39 -> 564 | L39: =+D39+F39+H39+J39 -> 537 | M39: =+K39+K19 -> 1052 | N39: =+L39+L19 -> 1083
A40: 8 | B40: ELECTROCARDIOGRAMAS PEDIATRIA | C40: 138 | D40: 181 | E40: 138 | F40: 163 | G40: 138 | H40: 130 | I40: 192 | J40: 149 | K40: =+C40+E40+G40+I40 -> 606 | L40: =+D40+F40+H40+J40 -> 623 | M40: =+K40+K20 -> 1078 | N40: =+L40+L20 -> 1224
A41: 9 | B41: CONSULTAS MEDICAS ADULTOS | C41: 898 | D41: 984 | E41: 898 | F41: 1002 | G41: 898 | H41: 956 | I41: 1201 | J41: 1062 | K41: =+C41+E41+G41+I41 -> 3895 | L41: =+D41+F41+H41+J41 -> 4004 | M41: =+K41+K21 -> 6997 | N41: =+L41+L21 -> 7947
A42: 10 | B42: CONSULTA MEDICAS PEDIATRICAS | C42: 459 | D42: 501 | E42: 459 | F42: 402 | G42: 459 | H42: 396 | I42: 494 | J42: 455 | K42: =+C42+E42+G42+I42 -> 1871 | L42: =+D42+F42+H42+J42 -> 1754 | M42: =+K42+K22 -> 3450 | N42: =+L42+L22 -> 3606
A43: 11 | B43: ESTOMATOLOGIA | C43: 44 | D43: 56 | E43: 44 | F43: 40 | G43: 44 | H43: 43 | I43: 44 | J43: 42 | K43: =+C43+E43+G43+I43 -> 176 | L43: =+D43+F43+H43+J43 -> 181 | M43: =+K43+K23 -> 328 | N43: =+L43+L23 -> 390
A44: 12 | B44: ENCAMAMIENTO POR COMPLICACIONES | C44: 23 | D44: 21 | E44: 23 | F44: 21 | G44: 23 | H44: 18 | I44: 23 | J44: 18 | K44: =+C44+E44+G44+I44 -> 92 | L44: =+D44+F44+H44+J44 -> 78 | M44: =+K44+K24 -> 171 | N44: =+L44+L24 -> 149
... A47: 15 | B47: HOLTERS | C47: 35 | D47: 21 | E47: 35 | F47: 46 | G47: 35 | H47: 46 | I47: 35 | J47: 63 | K47: =+C47+E47+G47+I47 -> 140 | L47: =+D47+F47+H47+J47 -> 176 | M47: =+K47+K27 -> 256 | N47: =+L47+L27 -> 259
A48: Total | C48: =SUM(C33:C47) -> 2404 | D48: =SUM(D33:D47) -> 2657 | E48: =SUM(E33:E47) -> 2404 | F48: =SUM(F33:F47) -> 2488 | G48: =SUM(G33:G47) -> 2405 | H48: =SUM(H33:H47) -> 2444 | I48: =SUM(I33:I47) -> 2900 | J48: =SUM(J33:J47) -> 2798 | ... N48: =SUM(N33:N47) -> 20542
B50: Programacion de metas fisicas versus ejecucion (mensual) tercer cuatrimestre
A51: No. | B51: Servicio | C51: Septiembre | E51: Octubre | G51: Noviembre | I51: Diciembre | K51: Totales | M51: Total acumulado
C52: Programado | D52: Ejecutado | E52: Programado | F52: Ejecutado | G52: Programado | H52: Ejecutado | I52: Programado | J52: Ejecutado | K52: Programado | L52: Ejecutado | M52: Programado | N52: Ejecutado
A53: 1 | B53: CIRUGIA DE ADULTOS | C53: 15 | D53: 17 | E53: 15 | F53: 11 | K53: =+C53+E53+G53+I53 -> 30 | L53: =+D53+F53+H53+J53 -> 28 | M53: =+K53+M33 -> 133 | N53: =+L53+N33 -> 127
A54: 2 | B54: CIRUGIA DE PEDIATRIA | C54: 14 | D54: 9 | E54: 14 | F54: 14 | K54: =+C54+E54+G54+I54 -> 28 | L54: =+D54+F54+H54+J54 -> 23 | M54: =+K54+M34 -> 130 | N54: =+L54+N34 -> 125
A55: 3 | B55: HEMODINAMIA ADULTOS | C55: 128 | D55: 81 | E55: 128 | F55: 75 | K55: =+C55+E55+G55+I55 -> 256 | L55: =+D55+F55+H55+J55 -> 156 | M55: =+K55+M35 -> 743 | N55: =+L55+N35 -> 838
A56: 4 | B56: HEMODINAMIA PEDIATRIA | C56: 18 | D56: 11 | E56: 18 | F56: 8 | K56: =+C56+E56+G56+I56 -> 36 | L56: =+D56+F56+H56+J56 -> 19 | M56: =+K56+M36 -> 122 | N56: =+L56+N36 -> 132
A57: 5 | B57: ECOCARDIOGRAMA ADULTOS | C57: 425 | D57: 454 | E57: 425 | F57: 390 | K57: =+C57+E57+G57+I57 -> 850 | L57: =+D57+F57+H57+J57 -> 844 | M57: =+K57+M37 -> 3445 | N57: =+L57+N37 -> 3768
A58: 6 | B58: ECOCARDIOGRAMA PEDIATRIA | C58: 233 | D58: 253 | E58: 229 | F58: 110 | K58: =+C58+E58+G58+I58 -> 462 | L58: =+D58+F58+H58+J58 -> 363 | M58: =+K58+M38 -> 1828 | N58: =+L58+N38 -> 1942
A59: 7 | B59: ELECTROCARDIOGRAMAS ADULTOS | C59: 141 | D59: 126 | E59: 141 | F59: 114 | K59: =+C59+E59+G59+I59 -> 282 | L59: =+D59+F59+H59+J59 -> 240 | M59: =+K59+M39 -> 1334 | N59: =+L59+N39 -> 1323
A60: 8 | B60: ELECTROCARDIOGRAMAS PEDIATRIA | C60: 192 | D60: 127 | E60: 192 | F60: 145 | K60: =+C60+E60+G60+I60 -> 384 | L60: =+D60+F60+H60+J60 -> 272 | M60: =+K60+M40 -> 1462 | N60: =+L60+N40 -> 1496
A61: 9 | B61: CONSULTAS MEDICAS ADULTOS | C61: 1202 | D61: 975 | E61: 1202 | F61: 939 | K61: =+C61+E61+G61+I61 -> 2404 | L61: =+D61+F61+H61+J61 -> 1914 | M61: =+K61+M41 -> 9401 | N61: =+L61+N41 -> 9861
A62: 10 | B62: CONSULTA MEDICAS PEDIATRICAS | C62: 494 | D62: 390 | E62: 494 | F62: 367 | K62: =+C62+E62+G62+I62 -> 988 | L62: =+D62+F62+H62+J62 -> 757 | M62: =+K62+M42 -> 4438 | N62: =+L62+N42 -> 4363
A63: 11 | B63: ESTOMATOLOGIA | C63: 44 | D63: 43 | E63: 44 | F63: 46 | K63: =+C63+E63+G63+I63 -> 88 | L63: =+D63+F63+H63+J63 -> 89 | M63: =+K63+M43 -> 416 | N63: =+L63+N43 -> 479
A64: 12 | B64: ENCAMAMIENTO POR COMPLICACIONES | C64: 23 | D64: 23 | E64: 23 | F64: 14 | K64: =+C64+E64+G64+I64 -> 46 | L64: =+D64+F64+H64+J64 -> 37 | M64: =+K64+M44 -> 217 | N64: =+L64+N44 -> 186
... A67: 15 | B67: HOLTERS | C67: 35 | D67: 63 | E67: 35 | F67: 58 | K67: =+C67+E67+G67+I67 -> 70 | L67: =+D67+F67+H67+J67 -> 121 | M67: =+K67+M47 -> 326 | N67: =+L67+N47 -> 380
A68: Total | C68: =SUM(C53:C67) -> 3030 | D68: =SUM(D53:D67) -> 2598 | E68: =SUM(E53:E67) -> 3026 | F68: =SUM(F53:F67) -> 2329 | G68: =SUM(G53:G67) -> 0 | H68: =SUM(H53:H67) -> 0 | I68: =SUM(I53:I67) -> 0 | J68: =SUM(J53:J67) -> 0 | ... N68: =SUM(N53:N67) -> 25469
B71: RESUMEN AÑO 2022
A72: No. | B72: Servicio | C72: Totales
C73: Programado | D73: Ejecutado
A74: 1 | B74: CIRUGIA DE ADULTOS | C74: =+K13+K33+K53 -> 133 | D74: =+L13+L33+L53 -> 127
A75: 2 | B75: CIRUGIA DE PEDIATRIA | C75: =+K14+K34+K54 -> 130 | D75: =+L14+L34+L54 -> 125
A76: 3 | B76: HEMODINAMIA ADULTOS | C76: =+K15+K35+K55 -> 743 | D76: =+L15+L35+L55 -> 838
A77: 4 | B77: HEMODINAMIA PEDIATRIA | C77: =+K16+K36+K56 -> 122 | D77: =+L16+L36+L56 -> 132
A78: 5 | B78: ECOCARDIOGRAMA ADULTOS | C78: =+K17+K37+K57 -> 3445 | D78: =+L17+L37+L57 -> 3768
A79: 6 | B79: ECOCARDIOGRAMA PEDIATRIA | C79: =+K18+K38+K58 -> 1828 | D79: =+L18+L38+L58 -> 1942
A80: 7 | B80: ELECTROCARDIOGRAMAS ADULTOS | C80: =+K19+K39+K59 -> 1334 | D80: =+L19+L39+L59 -> 1323
A81: 8 | B81: ELECTROCARDIOGRAMAS PEDIATRIA | C81: =+K20+K40+K60 -> 1462 | D81: =+L20+L40+L60 -> 1496
A82: 9 | B82: CONSULTAS MEDICAS ADULTOS | C82: =+K21+K41+K61 -> 9401 | D82: =+L21+L41+L61 -> 9861
A83: 10 | B83: CONSULTA MEDICAS PEDIATRICAS | C83: =+K22+K42+K62 -> 4438 | D83: =+L22+L42+L62 -> 4363
A84: 11 | B84: ESTOMATOLOGIA | C84: =+K23+K43+K63 -> 416 | D84: =+L23+L43+L63 -> 479
A85: 12 | B85: ENCAMAMIENTO POR COMPLICACIONES | C85: =+K24+K44+K64 -> 217 | D85: =+L24+L44+L64 -> 186
... A88: 15 | B88: HOLTERS | C88: =+K27+K47+K67 -> 326 | D88: =+L27+L47+L67 -> 380
A89: Total | C89: =SUM(C74:C88) -> 24447 | D89: =SUM(D74:D88) -> 25469
B113: Elaborado por: | C113: ___________________________ | F113: Autorizado por: | H113: _______________________________________
C114: VÍctor Cresencio Reyes Porres | H114: Dr. Walter Antonio Mazariegos Samayoa
C115: Jefe de Contabilidad | H115: Director General
B116: Fecha: | C116: 10 de octubre 2,022

Sheet EJECUCION FISICA NOVIEMBRE
L2: CTE-9
L3: Vigente abril 2022
A6: UNIDAD DE CIRUGIA CARDIOVASCULAR DE GUATEMALA
A7: 5a. AVENIDA 6-22 ZONA 11
A8: dgunicar@yahoo.es Tel. 24163000
B10: Ejecucion y/o avance de cumplimiento de metas fisicas correspondiente al primer cuatrimestre
A11: No. | B11: Servicio | C11: Enero | E11: Febrero | G11: Marzo | I11: Abril | K11: Total cuatrimestre
C12: Programado | D12: Ejecutado | E12: Programado | F12: Ejecutado | G12: Programado | H12: Ejecutado | I12: Programado | J12: Ejecutado | K12: Programado | L12: Ejecutado
A13: 1 | B13: CIRUGIA DE ADULTOS | C13: 6 | D13: 9 | E13: 14 | F13: 8 | G13: 14 | H13: 12 | I13: 12 | J13: 10 | K13: =+C13+E13+G13+I13 -> 46 | L13: =+D13+F13+H13+J13 -> 39
A14: 2 | B14: CIRUGIA DE PEDIATRIA | C14: 6 | D14: 8 | E14: 14 | F14: 6 | G14: 14 | H14: 22 | I14: 12 | J14: 15 | K14: =+C14+E14+G14+I14 -> 46 | L14: =+D14+F14+H14+J14 -> 51
A15: 3 | B15: HEMODINAMIA ADULTOS | C15: 26 | D15: 84 | E15: 55 | F15: 82 | G15: 55 | H15: 93 | I15: 55 | J15: 72 | K15: =+C15+E15+G15+I15 -> 191 | L15: =+D15+F15+H15+J15 -> 331
A16: 4 | B16: HEMODINAMIA PEDIATRIA | C16: 5 | D16: 9 | E16: 11 | F16: 13 | G16: 11 | H16: 13 | I16: 11 | J16: 12 | K16: =+C16+E16+G16+I16 -> 38 | L16: =+D16+F16+H16+J16 -> 47
A17: 5 | B17: ECOCARDIOGRAMA ADULTOS | C17: 158 | D17: 411 | E17: 348 | F17: 324 | G17: 348 | H17: 331 | I17: 347 | J17: 285 | K17: =+C17+E17+G17+I17 -> 1201 | L17: =+D17+F17+H17+J17 -> 1351
A18: 6 | B18: ECOCARDIOGRAMA PEDIATRIA | C18: 85 | D18: 130 | E18: 183 | F18: 194 | G18: 183 | H18: 330 | I18: 183 | J18: 157 | K18: =+C18+E18+G18+I18 -> 634 | L18: =+D18+F18+H18+J18 -> 811
A19: 7 | B19: ELECTROCARDIOGRAMAS ADULTOS | C19: 65 | D19: 148 | E19: 141 | F19: 123 | G19: 141 | H19: 172 | I19: 141 | J19: 103 | K19: =+C19+E19+G19+I19 -> 488 | L19: =+D19+F19+H19+J19 -> 546
A20: 8 | B20: ELECTROCARDIOGRAMAS PEDIATRIA | C20: 62 | D20: 132 | E20: 138 | F20: 145 | G20: 138 | H20: 211 | I20: 134 | J20: 113 | K20: =+C20+E20+G20+I20 -> 472 | L20: =+D20+F20+H20+J20 -> 601
A21: 9 | B21: CONSULTAS MEDICAS ADULTOS | C21: 408 | D21: 935 | E21: 898 | F21: 1024 | G21: 898 | H21: 1155 | I21: 898 | J21: 829 | K21: =+C21+E21+G21+I21 -> 3102 | L21: =+D21+F21+H21+J21 -> 3943
A22: 10 | B22: CONSULTA MEDICAS PEDIATRICAS | C22: 208 | D22: 398 | E22: 459 | F22: 481 | G22: 459 | H22: 596 | I22: 453 | J22: 377 | K22: =+C22+E22+G22+I22 -> 1579 | L22: =+D22+F22+H22+J22 -> 1852
A23: 11 | B23: ESTOMATOLOGIA | C23: 20 | D23: 57 | E23: 44 | F23: 57 | G23: 44 | H23: 62 | I23: 44 | J23: 33 | K23: =+C23+E23+G23+I23 -> 152 | L23: =+D23+F23+H23+J23 -> 209
A24: 12 | B24: ENCAMAMIENTO POR COMPLICACIONES | C24: 10 | D24: 18 | E24: 23 | F24: 21 | G24: 23 | H24: 17 | I24: 23 | J24: 15 | K24: =+C24+E24+G24+I24 -> 79 | L24: =+D24+F24+H24+J24 -> 71
... A27: 15 | B27: HOLTERS | C27: 14 | D27: 17 | E27: 35 | F27: 24 | G27: 35 | H27: 21 | I27: 32 | J27: 21 | K27: =+C27+E27+G27+I27 -> 116 | L27: =+D27+F27+H27+J27 -> 83
A28: Total | C28: =SUM(C13:C27) -> 1091 | D28: =SUM(D13:D27) -> 2402 | E28: =SUM(E13:E27) -> 2403 | F28: =SUM(F13:F27) -> 2565 | G28: =SUM(G13:G27) -> 2403 | H28: =SUM(H13:H27) -> 3093 | I28: =SUM(I13:I27) -> 2381 | J28: =SUM(J13:J27) -> 2095 | ... L28: =SUM(L13:L27) -> 10155
B30: Programacion de metas fisicas versus ejecucion (mensual) segundo cuatrimestre
A31: No. | B31: Servicio | C31: Mayo | E31: Junio | G31: Julio | I31: Agosto | K31: Totales | M31: Total acumulado
C32: Programado | D32: Ejecutado | E32: Programado | F32: Ejecutado | G32: Programado | H32: Ejecutado | I32: Programado | J32: Ejecutado | K32: Programado | L32: Ejecutado | M32: Programado | N32: Ejecutado
A33: 1 | B33: CIRUGIA DE ADULTOS | C33: 14 | D33: 13 | E33: 14 | F33: 19 | G33: 14 | H33: 14 | I33: 15 | J33: 14 | K33: =+C33+E33+G33+I33 -> 57 | L33: =+D33+F33+H33+J33 -> 60 | M33: =+K33+K13 -> 103 | N33: =+L33+L13 -> 99
A34: 2 | B34: CIRUGIA DE PEDIATRIA | C34: 14 | D34: 20 | E34: 14 | F34: 9 | G34: 14 | H34: 8 | I34: 14 | J34: 14 | K34: =+C34+E34+G34+I34 -> 56 | L34: =+D34+F34+H34+J34 -> 51 | M34: =+K34+K14 -> 102 | N34: =+L34+L14 -> 102
A35: 3 | B35: HEMODINAMIA ADULTOS | C35: 56 | D35: 93 | E35: 56 | F35: 84 | G35: 56 | H35: 79 | I35: 128 | J35: 95 | K35: =+C35+E35+G35+I35 -> 296 | L35: =+D35+F35+H35+J35 -> 351 | M35: =+K35+K15 -> 487 | N35: =+L35+L15 -> 682
A36: 4 | B36: HEMODINAMIA PEDIATRIA | C36: 11 | D36: 19 | E36: 11 | F36: 15 | G36: 11 | H36: 11 | I36: 15 | J36: 21 | K36: =+C36+E36+G36+I36 -> 48 | L36: =+D36+F36+H36+J36 -> 66 | M36: =+K36+K16 -> 86 | N36: =+L36+L16 -> 113
A37: 5 | B37: ECOCARDIOGRAMA ADULTOS | C37: 348 | D37: 361 | E37: 348 | F37: 373 | G37: 349 | H37: 409 | I37: 349 | J37: 430 | K37: =+C37+E37+G37+I37 -> 1394 | L37: =+D37+F37+H37+J37 -> 1573 | M37: =+K37+K17 -> 2595 | N37: =+L37+L17 -> 2924
A38: 6 | B38: ECOCARDIOGRAMA PEDIATRIA | C38: 183 | D38: 177 | E38: 183 | F38: 176 | G38: 183 | H38: 166 | I38: 183 | J38: 249 | K38: =+C38+E38+G38+I38 -> 732 | L38: =+D38+F38+H38+J38 -> 768 | M38: =+K38+K18 -> 1366 | N38: =+L38+L18 -> 1579
A39: 7 | B39: ELECTROCARDIOGRAMAS ADULTOS | C39: 141 | D39: 151 | E39: 141 | F39: 108 | G39: 141 | H39: 131 | I39: 141 | J39: 147 | K39: =+C39+E39+G39+I39 -> 564 | L39: =+D39+F39+H39+J39 -> 537 | M39: =+K39+K19 -> 1052 | N39: =+L39+L19 -> 1083
A40: 8 | B40: ELECTROCARDIOGRAMAS PEDIATRIA | C40: 138 | D40: 181 | E40: 138 | F40: 163 | G40: 138 | H40: 130 | I40: 192 | J40: 149 | K40: =+C40+E40+G40+I40 -> 606 | L40: =+D40+F40+H40+J40 -> 623 | M40: =+K40+K20 -> 1078 | N40: =+L40+L20 -> 1224
A41: 9 | B41: CONSULTAS MEDICAS ADULTOS | C41: 898 | D41: 984 | E41: 898 | F41: 1002 | G41: 898 | H41: 956 | I41: 1201 | J41: 1062 | K41: =+C41+E41+G41+I41 -> 3895 | L41: =+D41+F41+H41+J41 -> 4004 | M41: =+K41+K21 -> 6997 | N41: =+L41+L21 -> 7947
A42: 10 | B42: CONSULTA MEDICAS PEDIATRICAS | C42: 459 | D42: 501 | E42: 459 | F42: 402 | G42: 459 | H42: 396 | I42: 494 | J42: 455 | K42: =+C42+E42+G42+I42 -> 1871 | L42: =+D42+F42+H42+J42 -> 1754 | M42: =+K42+K22 -> 3450 | N42: =+L42+L22 -> 3606
A43: 11 | B43: ESTOMATOLOGIA | C43: 44 | D43: 56 | E43: 44 | F43: 40 | G43: 44 | H43: 43 | I43: 44 | J43: 42 | K43: =+C43+E43+G43+I43 -> 176 | L43: =+D43+F43+H43+J43 -> 181 | M43: =+K43+K23 -> 328 | N43: =+L43+L23 -> 390
A44: 12 | B44: ENCAMAMIENTO POR COMPLICACIONES | C44: 23 | D44: 21 | E44: 23 | F44: 21 | G44: 23 | H44: 18 | I44: 23 | J44: 18 | K44: =+C44+E44+G44+I44 -> 92 | L44: =+D44+F44+H44+J44 -> 78 | M44: =+K44+K24 -> 171 | N44: =+L44+L24 -> 149
... A47: 15 | B47: HOLTERS | C47: 35 | D47: 21 | E47: 35 | F47: 46 | G47: 35 | H47: 46 | I47: 35 | J47: 63 | K47: =+C47+E47+G47+I47 -> 140 | L47: =+D47+F47+H47+J47 -> 176 | M47: =+K47+K27 -> 256 | N47: =+L47+L27 -> 259
A48: Total | C48: =SUM(C33:C47) -> 2404 | D48: =SUM(D33:D47) -> 2657 | E48: =SUM(E33:E47) -> 2404 | F48: =SUM(F33:F47) -> 2488 | G48: =SUM(G33:G47) -> 2405 | H48: =SUM(H33:H47) -> 2444 | I48: =SUM(I33:I47) -> 2900 | J48: =SUM(J33:J47) -> 2798 | ... N48: =SUM(N33:N47) -> 20542
B50: Programacion de metas fisicas versus ejecucion (mensual) tercer cuatrimestre
A51: No. | B51: Servicio | C51: Septiembre | E51: Octubre | G51: Noviembre | I51: Diciembre | K51: Totales | M51: Total acumulado
C52: Programado | D52: Ejecutado | E52: Programado | F52: Ejecutado | G52: Programado | H52: Ejecutado | I52: Programado | J52: Ejecutado | K52: Programado | L52: Ejecutado | M52: Programado | N52: Ejecutado
A53: 1 | B53: CIRUGIA DE ADULTOS | C53: 15 | D53: 17 | E53: 15 | F53: 11 | G53: 15 | H53: 17 | K53: =+C53+E53+G53+I53 -> 45 | L53: =+D53+F53+H53+J53 -> 45 | M53: =+K53+M33 -> 148 | N53: =+L53+N33 -> 144
A54: 2 | B54: CIRUGIA DE PEDIATRIA | C54: 14 | D54: 9 | E54: 14 | F54: 14 | G54: 14 | H54: 18 | K54: =+C54+E54+G54+I54 -> 42 | L54: =+D54+F54+H54+J54 -> 41 | M54: =+K54+M34 -> 144 | N54: =+L54+N34 -> 143
A55: 3 | B55: HEMODINAMIA ADULTOS | C55: 128 | D55: 81 | E55: 128 | F55: 75 | G55: 128 | H55: 104 | K55: =+C55+E55+G55+I55 -> 384 | L55: =+D55+F55+H55+J55 -> 260 | M55: =+K55+M35 -> 871 | N55: =+L55+N35 -> 942
A56: 4 | B56: HEMODINAMIA PEDIATRIA | C56: 18 | D56: 11 | E56: 18 | F56: 8 | G56: 18 | H56: 15 | K56: =+C56+E56+G56+I56 -> 54 | L56: =+D56+F56+H56+J56 -> 34 | M56: =+K56+M36 -> 140 | N56: =+L56+N36 -> 147
A57: 5 | B57: ECOCARDIOGRAMA ADULTOS | C57: 425 | D57: 454 | E57: 425 | F57: 390 | G57: 425 | H57: 459 | K57: =+C57+E57+G57+I57 -> 1275 | L57: =+D57+F57+H57+J57 -> 1303 | M57: =+K57+M37 -> 3870 | N57: =+L57+N37 -> 4227
A58: 6 | B58: ECOCARDIOGRAMA PEDIATRIA | C58: 233 | D58: 253 | E58: 229 | F58: 110 | G58: 229 | H58: 251 | K58: =+C58+E58+G58+I58 -> 691 | L58: =+D58+F58+H58+J58 -> 614 | M58: =+K58+M38 -> 2057 | N58: =+L58+N38 -> 2193
A59: 7 | B59: ELECTROCARDIOGRAMAS ADULTOS | C59: 141 | D59: 126 | E59: 141 | F59: 114 | G59: 141 | H59: 154 | K59: =+C59+E59+G59+I59 -> 423 | L59: =+D59+F59+H59+J59 -> 394 | M59: =+K59+M39 -> 1475 | N59: =+L59+N39 -> 1477
A60: 8 | B60: ELECTROCARDIOGRAMAS PEDIATRIA | C60: 192 | D60: 127 | E60: 192 | F60: 145 | G60: 192 | H60: 282 | K60: =+C60+E60+G60+I60 -> 576 | L60: =+D60+F60+H60+J60 -> 554 | M60: =+K60+M40 -> 1654 | N60: =+L60+N40 -> 1778
A61: 9 | B61: CONSULTAS MEDICAS ADULTOS | C61: 1202 | D61: 975 | E61: 1202 | F61: 939 | G61: 1202 | H61: 1186 | K61: =+C61+E61+G61+I61 -> 3606 | L61: =+D61+F61+H61+J61 -> 3100 | M61: =+K61+M41 -> 10603 | N61: =+L61+N41 -> 11047
A62: 10 | B62: CONSULTA MEDICAS PEDIATRICAS | C62: 494 | D62: 390 | E62: 494 | F62: 367 | G62: 494 | H62: 511 | K62: =+C62+E62+G62+I62 -> 1482 | L62: =+D62+F62+H62+J62 -> 1268 | M62: =+K62+M42 -> 4932 | N62: =+L62+N42 -> 4874
A63: 11 | B63: ESTOMATOLOGIA | C63: 44 | D63: 43 | E63: 44 | F63: 46 | G63: 44 | H63: 46 | K63: =+C63+E63+G63+I63 -> 132 | L63: =+D63+F63+H63+J63 -> 135 | M63: =+K63+M43 -> 460 | N63: =+L63+N43 -> 525
A64: 12 | B64: ENCAMAMIENTO POR COMPLICACIONES | C64: 23 | D64: 23 | E64: 23 | F64: 14 | G64: 23 | H64: 23 | K64: =+C64+E64+G64+I64 -> 69 | L64: =+D64+F64+H64+J64 -> 60 | M64: =+K64+M44 -> 240 | N64: =+L64+N44 -> 209
... A67: 15 | B67: HOLTERS | C67: 35 | D67: 63 | E67: 35 | F67: 58 | G67: 35 | H67: 76 | K67: =+C67+E67+G67+I67 -> 105 | L67: =+D67+F67+H67+J67 -> 197 | M67: =+K67+M47 -> 361 | N67: =+L67+N47 -> 456
A68: Total | C68: =SUM(C53:C67) -> 3030 | D68: =SUM(D53:D67) -> 2598 | E68: =SUM(E53:E67) -> 3026 | F68: =SUM(F53:F67) -> 2329 | G68: =SUM(G53:G67) -> 3026 | H68: =SUM(H53:H67) -> 3224 | I68: =SUM(I53:I67) -> 0 | J68: =SUM(J53:J67) -> 0 | ... N68: =SUM(N53:N67) -> 28693
B71: RESUMEN AÑO 2022
A72: No. | B72: Servicio | C72: Totales
C73: Programado | D73: Ejecutado
A74: 1 | B74: CIRUGIA DE ADULTOS | C74: =+K13+K33+K53 -> 148 | D74: =+L13+L33+L53 -> 144
A75: 2 | B75: CIRUGIA DE PEDIATRIA | C75: =+K14+K34+K54 -> 144 | D75: =+L14+L34+L54 -> 143
A76: 3 | B76: HEMODINAMIA ADULTOS | C76: =+K15+K35+K55 -> 871 | D76: =+L15+L35+L55 -> 942
A77: 4 | B77: HEMODINAMIA PEDIATRIA | C77: =+K16+K36+K56 -> 140 | D77: =+L16+L36+L56 -> 147
A78: 5 | B78: ECOCARDIOGRAMA ADULTOS | C78: =+K17+K37+K57 -> 3870 | D78: =+L17+L37+L57 -> 4227
A79: 6 | B79: ECOCARDIOGRAMA PEDIATRIA | C79: =+K18+K38+K58 -> 2057 | D79: =+L18+L38+L58 -> 2193
A80: 7 | B80: ELECTROCARDIOGRAMAS ADULTOS | C80: =+K19+K39+K59 -> 1475 | D80: =+L19+L39+L59 -> 1477
A81: 8 | B81: ELECTROCARDIOGRAMAS PEDIATRIA | C81: =+K20+K40+K60 -> 1654 | D81: =+L20+L40+L60 -> 1778
A82: 9 | B82: CONSULTAS MEDICAS ADULTOS | C82: =+K21+K41+K61 -> 10603 | D82: =+L21+L41+L61 -> 11047
A83: 10 | B83: CONSULTA MEDICAS PEDIATRICAS | C83: =+K22+K42+K62 -> 4932 | D83: =+L22+L42+L62 -> 4874
A84: 11 | B84: ESTOMATOLOGIA | C84: =+K23+K43+K63 -> 460 | D84: =+L23+L43+L63 -> 525
A85: 12 | B85: ENCAMAMIENTO POR COMPLICACIONES | C85: =+K24+K44+K64 -> 240 | D85: =+L24+L44+L64 -> 209
... A88: 15 | B88: HOLTERS | C88: =+K27+K47+K67 -> 361 | D88: =+L27+L47+L67 -> 456
A89: Total | C89: =SUM(C74:C88) -> 27473 | D89: =SUM(D74:D88) -> 28693
B113: Elaborado por: | C113: ___________________________ | F113: Autorizado por: | H113: _______________________________________
C114: VÍctor Cresencio Reyes Porres | H114: Dr. Walter Antonio Mazariegos Samayoa
C115: Jefe de Contabilidad | H115: Director General
B116: Fecha: | C116: 9 de diciembre 2,022

Sheet EJECUCION FISICA DICIEMBRE
L2: CTE-9
L3: Vigente abril 2022
A6: UNIDAD DE CIRUGIA CARDIOVASCULAR DE GUATEMALA
A7: 5a. AVENIDA 6-22 ZONA 11
A8: dgunicar@yahoo.es Tel. 24163000
B10: Ejecucion y/o avance de cumplimiento de metas fisicas correspondiente al primer cuatrimestre
A11: No. | B11: Servicio | C11: Enero | E11: Febrero | G11: Marzo | I11: Abril | K11: Total cuatrimestre
C12: Programado | D12: Ejecutado | E12: Programado | F12: Ejecutado | G12: Programado | H12: Ejecutado | I12: Programado | J12: Ejecutado | K12: Programado | L12: Ejecutado
A13: 1 | B13: CIRUGIA DE ADULTOS | C13: 6 | D13: 9 | E13: 14 | F13: 8 | G13: 14 | H13: 12 | I13: 12 | J13: 10 | K13: =+C13+E13+G13+I13 -> 46 | L13: =+D13+F13+H13+J13 -> 39
A14: 2 | B14: CIRUGIA DE PEDIATRIA | C14: 6 | D14: 8 | E14: 14 | F14: 6 | G14: 14 | H14: 22 | I14: 12 | J14: 15 | K14: =+C14+E14+G14+I14 -> 46 | L14: =+D14+F14+H14+J14 -> 51
A15: 3 | B15: HEMODINAMIA ADULTOS | C15: 26 | D15: 84 | E15: 55 | F15: 82 | G15: 55 | H15: 93 | I15: 55 | J15: 72 | K15: =+C15+E15+G15+I15 -> 191 | L15: =+D15+F15+H15+J15 -> 331
A16: 4 | B16: HEMODINAMIA PEDIATRIA | C16: 5 | D16: 9 | E16: 11 | F16: 13 | G16: 11 | H16: 13 | I16: 11 | J16: 12 | K16: =+C16+E16+G16+I16 -> 38 | L16: =+D16+F16+H16+J16 -> 47
A17: 5 | B17: ECOCARDIOGRAMA ADULTOS | C17: 158 | D17: 411 | E17: 348 | F17: 324 | G17: 348 | H17: 331 | I17: 347 | J17: 285 | K17: =+C17+E17+G17+I17 -> 1201 | L17: =+D17+F17+H17+J17 -> 1351
A18: 6 | B18: ECOCARDIOGRAMA PEDIATRIA | C18: 85 | D18: 130 | E18: 183 | F18: 194 | G18: 183 | H18: 330 | I18: 183 | J18: 157 | K18: =+C18+E18+G18+I18 -> 634 | L18: =+D18+F18+H18+J18 -> 811
A19: 7 | B19: ELECTROCARDIOGRAMAS ADULTOS | C19: 65 | D19: 148 | E19: 141 | F19: 123 | G19: 141 | H19: 172 | I19: 141 | J19: 103 | K19: =+C19+E19+G19+I19 -> 488 | L19: =+D19+F19+H19+J19 -> 546
A20: 8 | B20: ELECTROCARDIOGRAMAS PEDIATRIA | C20: 62 | D20: 132 | E20: 138 | F20: 145 | G20: 138 | H20: 211 | I20: 134 | J20: 113 | K20: =+C20+E20+G20+I20 -> 472 | L20: =+D20+F20+H20+J20 -> 601
A21: 9 | B21: CONSULTAS MEDICAS ADULTOS | C21: 408 | D21: 935 | E21: 898 | F21: 1024 | G21: 898 | H21: 1155 | I21: 898 | J21: 829 | K21: =+C21+E21+G21+I21 -> 3102 | L21: =+D21+F21+H21+J21 -> 3943
A22: 10 | B22: CONSULTA MEDICAS PEDIATRICAS | C22: 208 | D22: 398 | E22: 459 | F22: 481 | G22: 459 | H22: 596 | I22: 453 | J22: 377 | K22: =+C22+E22+G22+I22 -> 1579 | L22: =+D22+F22+H22+J22 -> 1852
A23: 11 | B23: ESTOMATOLOGIA | C23: 20 | D23: 57 | E23: 44 | F23: 57 | G23: 44 | H23: 62 | I23: 44 | J23: 33 | K23: =+C23+E23+G23+I23 -> 152 | L23: =+D23+F23+H23+J23 -> 209
A24: 12 | B24: ENCAMAMIENTO POR COMPLICACIONES | C24: 10 | D24: 18 | E24: 23 | F24: 21 | G24: 23 | H24: 17 | I24: 23 | J24: 15 | K24: =+C24+E24+G24+I24 -> 79 | L24: =+D24+F24+H24+J24 -> 71
... A27: 15 | B27: HOLTERS | C27: 14 | D27: 17 | E27: 35 | F27: 24 | G27: 35 | H27: 21 | I27: 32 | J27: 21 | K27: =+C27+E27+G27+I27 -> 116 | L27: =+D27+F27+H27+J27 -> 83
A28: Total | C28: =SUM(C13:C27) -> 1091 | D28: =SUM(D13:D27) -> 2402 | E28: =SUM(E13:E27) -> 2403 | F28: =SUM(F13:F27) -> 2565 | G28: =SUM(G13:G27) -> 2403 | H28: =SUM(H13:H27) -> 3093 | I28: =SUM(I13:I27) -> 2381 | J28: =SUM(J13:J27) -> 2095 | ... L28: =SUM(L13:L27) -> 10155
B30: Programacion de metas fisicas versus ejecucion (mensual) segundo cuatrimestre
A31: No. | B31: Servicio | C31: Mayo | E31: Junio | G31: Julio | I31: Agosto | K31: Totales | M31: Total acumulado
C32: Programado | D32: Ejecutado | E32: Programado | F32: Ejecutado | G32: Programado | H32: Ejecutado | I32: Programado | J32: Ejecutado | K32: Programado | L32: Ejecutado | M32: Programado | N32: Ejecutado
A33: 1 | B33: CIRUGIA DE ADULTOS | C33: 14 | D33: 13 | E33: 14 | F33: 19 | G33: 14 | H33: 14 | I33: 15 | J33: 14 | K33: =+C33+E33+G33+I33 -> 57 | L33: =+D33+F33+H33+J33 -> 60 | M33: =+K33+K13 -> 103 | N33: =+L33+L13 -> 99
A34: 2 | B34: CIRUGIA DE PEDIATRIA | C34: 14 | D34: 20 | E34: 14 | F34: 9 | G34: 14 | H34: 8 | I34: 14 | J34: 14 | K34: =+C34+E34+G34+I34 -> 56 | L34: =+D34+F34+H34+J34 -> 51 | M34: =+K34+K14 -> 102 | N34: =+L34+L14 -> 102
A35: 3 | B35: HEMODINAMIA ADULTOS | C35: 56 | D35: 93 | E35: 56 | F35: 84 | G35: 56 | H35: 79 | I35: 128 | J35: 95 | K35: =+C35+E35+G35+I35 -> 296 | L35: =+D35+F35+H35+J35 -> 351 | M35: =+K35+K15 -> 487 | N35: =+L35+L15 -> 682
A36: 4 | B36: HEMODINAMIA PEDIATRIA | C36: 11 | D36: 19 | E36: 11 | F36: 15 | G36: 11 | H36: 11 | I36: 15 | J36: 21 | K36: =+C36+E36+G36+I36 -> 48 | L36: =+D36+F36+H36+J36 -> 66 | M36: =+K36+K16 -> 86 | N36: =+L36+L16 -> 113
A37: 5 | B37: ECOCARDIOGRAMA ADULTOS | C37: 348 | D37: 361 | E37: 348 | F37: 373 | G37: 349 | H37: 409 | I37: 349 | J37: 430 | K37: =+C37+E37+G37+I37 -> 1394 | L37: =+D37+F37+H37+J37 -> 1573 | M37: =+K37+K17 -> 2595 | N37: =+L37+L17 -> 2924
A38: 6 | B38: ECOCARDIOGRAMA PEDIATRIA | C38: 183 | D38: 177 | E38: 183 | F38: 176 | G38: 183 | H38: 166 | I38: 183 | J38: 249 | K38: =+C38+E38+G38+I38 -> 732 | L38: =+D38+F38+H38+J38 -> 768 | M38: =+K38+K18 -> 1366 | N38: =+L38+L18 -> 1579
A39: 7 | B39: ELECTROCARDIOGRAMAS ADULTOS | C39: 141 | D39: 151 | E39: 141 | F39: 108 | G39: 141 | H39: 131 | I39: 141 | J39: 147 | K39: =+C39+E39+G39+I39 -> 564 | L39: =+D39+F39+H39+J39 -> 537 | M39: =+K39+K19 -> 1052 | N39: =+L39+L19 -> 1083
A40: 8 | B40: ELECTROCARDIOGRAMAS PEDIATRIA | C40: 138 | D40: 181 | E40: 138 | F40: 163 | G40: 138 | H40: 130 | I40: 192 | J40: 149 | K40: =+C40+E40+G40+I40 -> 606 | L40: =+D40+F40+H40+J40 -> 623 | M40: =+K40+K20 -> 1078 | N40: =+L40+L20 -> 1224
A41: 9 | B41: CONSULTAS MEDICAS ADULTOS | C41: 898 | D41: 984 | E41: 898 | F41: 1002 | G41: 898 | H41: 956 | I41: 1201 | J41: 1062 | K41: =+C41+E41+G41+I41 -> 3895 | L41: =+D41+F41+H41+J41 -> 4004 | M41: =+K41+K21 -> 6997 | N41: =+L41+L21 -> 7947
A42: 10 | B42: CONSULTA MEDICAS PEDIATRICAS | C42: 459 | D42: 501 | E42: 459 | F42: 402 | G42: 459 | H42: 396 | I42: 494 | J42: 455 | K42: =+C42+E42+G42+I42 -> 1871 | L42: =+D42+F42+H42+J42 -> 1754 | M42: =+K42+K22 -> 3450 | N42: =+L42+L22 -> 3606
A43: 11 | B43: ESTOMATOLOGIA | C43: 44 | D43: 56 | E43: 44 | F43: 40 | G43: 44 | H43: 43 | I43: 44 | J43: 42 | K43: =+C43+E43+G43+I43 -> 176 | L43: =+D43+F43+H43+J43 -> 181 | M43: =+K43+K23 -> 328 | N43: =+L43+L23 -> 390
A44: 12 | B44: ENCAMAMIENTO POR COMPLICACIONES | C44: 23 | D44: 21 | E44: 23 | F44: 21 | G44: 23 | H44: 18 | I44: 23 | J44: 18 | K44: =+C44+E44+G44+I44 -> 92 | L44: =+D44+F44+H44+J44 -> 78 | M44: =+K44+K24 -> 171 | N44: =+L44+L24 -> 149
... A47: 15 | B47: HOLTERS | C47: 35 | D47: 21 | E47: 35 | F47: 46 | G47: 35 | H47: 46 | I47: 35 | J47: 63 | K47: =+C47+E47+G47+I47 -> 140 | L47: =+D47+F47+H47+J47 -> 176 | M47: =+K47+K27 -> 256 | N47: =+L47+L27 -> 259
A48: Total | C48: =SUM(C33:C47) -> 2404 | D48: =SUM(D33:D47) -> 2657 | E48: =SUM(E33:E47) -> 2404 | F48: =SUM(F33:F47) -> 2488 | G48: =SUM(G33:G47) -> 2405 | H48: =SUM(H33:H47) -> 2444 | I48: =SUM(I33:I47) -> 2900 | J48: =SUM(J33:J47) -> 2798 | ... N48: =SUM(N33:N47) -> 20542
B50: Programacion de metas fisicas versus ejecucion (mensual) tercer cuatrimestre
A51: No. | B51: Servicio | C51: Septiembre | E51: Octubre | G51: Noviembre | I51: Diciembre | K51: Totales | M51: Total acumulado
C52: Programado | D52: Ejecutado | E52: Programado | F52: Ejecutado | G52: Programado | H52: Ejecutado | I52: Programado | J52: Ejecutado | K52: Programado | L52: Ejecutado | M52: Programado | N52: Ejecutado
A53: 1 | B53: CIRUGIA DE ADULTOS | C53: 15 | D53: 17 | E53: 15 | F53: 11 | G53: 15 | H53: 17 | I53: 6 | J53: 22 | K53: =+C53+E53+G53+I53 -> 51 | L53: =+D53+F53+H53+J53 -> 67 | M53: =+K53+M33 -> 154 | N53: =+L53+N33 -> 166
A54: 2 | B54: CIRUGIA DE PEDIATRIA | C54: 14 | D54: 9 | E54: 14 | F54: 14 | G54: 14 | H54: 18 | I54: 6 | J54: 8 | K54: =+C54+E54+G54+I54 -> 48 | L54: =+D54+F54+H54+J54 -> 49 | M54: =+K54+M34 -> 150 | N54: =+L54+N34 -> 151
A55: 3 | B55: HEMODINAMIA ADULTOS | C55: 128 | D55: 81 | E55: 128 | F55: 75 | G55: 128 | H55: 104 | I55: 96 | J55: 60 | K55: =+C55+E55+G55+I55 -> 480 | L55: =+D55+F55+H55+J55 -> 320 | M55: =+K55+M35 -> 967 | N55: =+L55+N35 -> 1002
A56: 4 | B56: HEMODINAMIA PEDIATRIA | C56: 18 | D56: 11 | E56: 18 | F56: 8 | G56: 18 | H56: 15 | I56: 10 | J56: 10 | K56: =+C56+E56+G56+I56 -> 64 | L56: =+D56+F56+H56+J56 -> 44 | M56: =+K56+M36 -> 150 | N56: =+L56+N36 -> 157
A57: 5 | B57: ECOCARDIOGRAMA ADULTOS | C57: 425 | D57: 454 | E57: 425 | F57: 390 | G57: 425 | H57: 459 | I57: 230 | J57: 304 | K57: =+C57+E57+G57+I57 -> 1505 | L57: =+D57+F57+H57+J57 -> 1607 | M57: =+K57+M37 -> 4100 | N57: =+L57+N37 -> 4531
A58: 6 | B58: ECOCARDIOGRAMA PEDIATRIA | C58: 233 | D58: 253 | E58: 229 | F58: 110 | G58: 229 | H58: 251 | I58: 129 | J58: 232 | K58: =+C58+E58+G58+I58 -> 820 | L58: =+D58+F58+H58+J58 -> 846 | M58: =+K58+M38 -> 2186 | N58: =+L58+N38 -> 2425
A59: 7 | B59: ELECTROCARDIOGRAMAS ADULTOS | C59: 141 | D59: 126 | E59: 141 | F59: 114 | G59: 141 | H59: 154 | I59: 65 | J59: 119 | K59: =+C59+E59+G59+I59 -> 488 | L59: =+D59+F59+H59+J59 -> 513 | M59: =+K59+M39 -> 1540 | N59: =+L59+N39 -> 1596
A60: 8 | B60: ELECTROCARDIOGRAMAS PEDIATRIA | C60: 192 | D60: 127 | E60: 192 | F60: 145 | G60: 192 | H60: 282 | I60: 117 | J60: 178 | K60: =+C60+E60+G60+I60 -> 693 | L60: =+D60+F60+H60+J60 -> 732 | M60: =+K60+M40 -> 1771 | N60: =+L60+N40 -> 1956
A61: 9 | B61: CONSULTAS MEDICAS ADULTOS | C61: 1202 | D61: 975 | E61: 1202 | F61: 939 | G61: 1202 | H61: 1186 | I61: 713 | J61: 894 | K61: =+C61+E61+G61+I61 -> 4319 | L61: =+D61+F61+H61+J61 -> 3994 | M61: =+K61+M41 -> 11316 | N61: =+L61+N41 -> 11941
A62: 10 | B62: CONSULTA MEDICAS PEDIATRICAS | C62: 494 | D62: 390 | E62: 494 | F62: 367 | G62: 494 | H62: 511 | I62: 243 | J62: 358 | K62: =+C62+E62+G62+I62 -> 1725 | L62: =+D62+F62+H62+J62 -> 1626 | M62: =+K62+M42 -> 5175 | N62: =+L62+N42 -> 5232
A63: 11 | B63: ESTOMATOLOGIA | C63: 44 | D63: 43 | E63: 44 | F63: 46 | G63: 44 | H63: 46 | I63: 20 | J63: 32 | K63: =+C63+E63+G63+I63 -> 152 | L63: =+D63+F63+H63+J63 -> 167 | M63: =+K63+M43 -> 480 | N63: =+L63+N43 -> 557
A64: 12 | B64: ENCAMAMIENTO POR COMPLICACIONES | C64: 23 | D64: 23 | E64: 23 | F64: 14 | G64: 23 | H64: 23 | I64: 10 | J64: 23 | K64: =+C64+E64+G64+I64 -> 79 | L64: =+D64+F64+H64+J64 -> 83 | M64: =+K64+M44 -> 250 | N64: =+L64+N44 -> 232
... A67: 15 | B67: HOLTERS | C67: 35 | D67: 63 | E67: 35 | F67: 58 | G67: 35 | H67: 76 | I67: 14 | J67: 50 | K67: =+C67+E67+G67+I67 -> 119 | L67: =+D67+F67+H67+J67 -> 247 | M67: =+K67+M47 -> 375 | N67: =+L67+N47 -> 506
A68: Total | C68: =SUM(C53:C67) -> 3030 | D68: =SUM(D53:D67) -> 2598 | E68: =SUM(E53:E67) -> 3026 | F68: =SUM(F53:F67) -> 2329 | G68: =SUM(G53:G67) -> 3026 | H68: =SUM(H53:H67) -> 3224 | I68: =SUM(I53:I67) -> 1704 | J68: =SUM(J53:J67) -> 2344 | ... N68: =SUM(N53:N67) -> 31037
B71: RESUMEN AÑO 2022
A72: No. | B72: Servicio | C72: Totales
C73: Programado | D73: Ejecutado
A74: 1 | B74: CIRUGIA DE ADULTOS | C74: =+K13+K33+K53 -> 154 | D74: =+L13+L33+L53 -> 166
A75: 2 | B75: CIRUGIA DE PEDIATRIA | C75: =+K14+K34+K54 -> 150 | D75: =+L14+L34+L54 -> 151
A76: 3 | B76: HEMODINAMIA ADULTOS | C76: =+K15+K35+K55 -> 967 | D76: =+L15+L35+L55 -> 1002
A77: 4 | B77: HEMODINAMIA PEDIATRIA | C77: =+K16+K36+K56 -> 150 | D77: =+L16+L36+L56 -> 157
A78: 5 | B78: ECOCARDIOGRAMA ADULTOS | C78: =+K17+K37+K57 -> 4100 | D78: =+L17+L37+L57 -> 4531
A79: 6 | B79: ECOCARDIOGRAMA PEDIATRIA | C79: =+K18+K38+K58 -> 2186 | D79: =+L18+L38+L58 -> 2425
A80: 7 | B80: ELECTROCARDIOGRAMAS ADULTOS | C80: =+K19+K39+K59 -> 1540 | D80: =+L19+L39+L59 -> 1596
A81: 8 | B81: ELECTROCARDIOGRAMAS PEDIATRIA | C81: =+K20+K40+K60 -> 1771 | D81: =+L20+L40+L60 -> 1956
A82: 9 | B82: CONSULTAS MEDICAS ADULTOS | C82: =+K21+K41+K61 -> 11316 | D82: =+L21+L41+L61 -> 11941
A83: 10 | B83: CONSULTA MEDICAS PEDIATRICAS | C83: =+K22+K42+K62 -> 5175 | D83: =+L22+L42+L62 -> 5232
A84: 11 | B84: ESTOMATOLOGIA | C84: =+K23+K43+K63 -> 480 | D84: =+L23+L43+L63 -> 557
A85: 12 | B85: ENCAMAMIENTO POR COMPLICACIONES | C85: =+K24+K44+K64 -> 250 | D85: =+L24+L44+L64 -> 232
... A88: 15 | B88: HOLTERS | C88: =+K27+K47+K67 -> 375 | D88: =+L27+L47+L67 -> 506
A89: Total | C89: =SUM(C74:C88) -> 29177 | D89: =SUM(D74:D88) -> 31037
B113: Elaborado por: | C113: ___________________________ | F113: Autorizado por: | H113: _______________________________________
C114: VÍctor Cresencio Reyes Porres | H114: Dr. Walter Antonio Mazariegos Samayoa
C115: Jefe de Contabilidad | H115: Director General
B116: Fecha: | C116: 10 de enero 2,023

Sheet PRESUPUESTO SEPTIEMBRE 2022
A1: UNIDAD DE CIRUGIA CARDIOVASCULAR DE GUATEMALA
A2: FONDOS ESTATALES
A3: PRESUPUESTO SEPTIEMBRE 2,022
C4: PRESUPUESTO 2022 | D4: TRANSFERENCIAS (+-), AMPLIACION | E4: PRESUPUESTO AJUSTADO 2,022
B5: ASIGNACION DEL ESTADO | C5: 62000000 | D5: 8000000 | E5: =+C5+D5 -> 70000000
B6: TOTAL ASIGNACION DEL ESTADO | C6: =SUM(C5) -> 62000000 | D6: =SUM(D5) -> 8000000 | E6: =SUM(E5) -> 70000000
C7: =+C4 -> PRESUPUESTO 2022 | D7: TRANSFERENCIAS (+-) | E7: =+E4 -> PRESUPUESTO AJUSTADO 2,022
A8: 011 | B8: RECURSO HUMANO | C8: 28977736 | E8: =+C8+D8 -> 28977736
B9: TOTAL RECURSO HUMANO | C9: =SUM(C8) -> 28977736 | D9: =SUM(D8) -> 0 | E9: =SUM(E8) -> 28977736
B10: GASTOS GENERALES | C10: =+C7 -> PRESUPUESTO 2022 | D10: TRANSFERENCIAS (+-) | E10: =+E7 -> PRESUPUESTO AJUSTADO 2,022
A11: 111 | B11: ENERGIA ELECTRICA | C11: 850471.93 | D11: 63423.9 | E11: =+C11+D11 -> 913895.83
A12: 113 | B12: TELEFONIA | C12: 126775 | D12: -2933.74 | E12: =+C12+D12 -> 123841.26
A13: 122 | B13: IMPRESIÓN, ENCUADERNACION Y REPRODUCCION | C13: 60855.58 | E13: =+C13+D13 -> 60855.58
A14: 163 | B14: MANT. Y REP. EQUIPO MEDICO SANITARIO Y DE LAB. | C14: 759242 | E14: =+C14+D14 -> 759242
A15: 168 | B15: MANT. DE SOFTWARE | C15: 1000 | E15: =+C15+D15 -> 1000
A16: 169 | B16: MAT. Y REP. DE OTRAS MAQ. Y EQUIPO | C16: 42320 | E16: =+C16+D16 -> 42320
A17: 171 | B17: MAT. Y REP. DE EDIFICIOS | C17: 43660 | E17: =+C17+D17 -> 43660
A18: 174 | B18: MANT. Y REP. DE INSTALACIONES | C18: 88276 | E18: =+C18+D18 -> 88276
A19: 182 | B19: SERVICIOS MEDICO-SANITARIOS | C19: 3815842 | D19: -963822 | E19: =+C19+D19 -> 2852020
A20: 197 | B20: SERVICIOS DE VIGILANCIA | C20: 508200 | D20: -1800 | E20: =+C20+D20 -> 506400
A21: 199 | B21: OTROS SERVICIOS NO PERSONALES | C21: 804720 | D21: -175291.4 | E21: =+C21+D21 -> 629428.6
B22: SUMA GASTOS GENERALES | C22: =SUM(C11:C21) -> 7101362.5 | D22: =SUM(D11:D21) -> -1080423.2 | E22: =SUM(E11:E21) -> 6020939.3
B23: MATERIALES Y SUMINISTROS | C23: =+C10 -> PRESUPUESTO 2022 | D23: TRANSFERENCIAS (+-) | E23: =+E10 -> PRESUPUESTO AJUSTADO 2,022
A24: 211 | B24: ALIMENTOS PARA PERSONAS | C24: 697986.85 | D24: -96469.25 | E24: =+C24+D24 -> 601517.6
B25: PRENDAS DE VESTIR | E25: =+C25+D25 -> 0
A26: 232 | B26: ACABADOS TEXTILES | C26: 150000 | E26: =+C26+D26 -> 150000
B27: PAPEL DE ESCRITORIO | E27: =+C27+D27 -> 0
B28: ESPECIES TIMBRADAS Y VALORES | E28: =+C28+D28 -> 0
A29: 261 | B29: ELEMENTOS Y COMPUESTOS QUIMICOS | C29: 994656.25 | E29: =+C29+D29 -> 994656.25
A30: 262 | B30: COMBUSTIBLES Y LUBRICANTES | C30: 8000 | E30: =+C30+D30 -> 8000
A31: 266 | B31: PRODUCTOS MEDICINALES Y FARMACEUTICOS | C31: 4583271.8 | D31: -671332.47 | E31: =+C31+D31 -> 3911939.4
A32: 267 | B32: TINTES, PINTURAS Y COLORANTES | C32: 9000 | E32: =+C32+D32 -> 9000
A33: 268 | B33: PRODUCTOS PLASTICOS, NYLON, VINIL Y PVC | C33: 141735.52 | E33: =+C33+D33 -> 141735.52
A34: 269 | B34: OTROS PRODUCTOS QUIMICOS Y CONEXOS | C34: 10000 | E34: =+C34+D34 -> 10000
A35: 289 | B35: OTROS PRODUCTOS METALICOS | C35: 6898.5 | E35: =+C35+D35 -> 6898.5
A36: 292 | B36: UTILES DE LIMPIEZA Y PRODUCTOS SANITARIOS | C36: 84179.13 | E36: =+C36+D36 -> 84179.13
A37: 295 | B37: UTILES MENORES MEDICO QUIRURGICOS Y DE LAB. | C37: 18582481 | D37: 1188225 | E37: =+C37+D37 -> 19770706
A38: 297 | B38: UTILES, ACCESORIOS Y MATERIALES ELECTRICOS | C38: 19092.79 | E38: =+C38+D38 -> 19092.79
A39: 298 | B39: ACCESORIOS Y REPUESTOS EN GENERAL | C39: 405097.84 | E39: =+C39+D39 -> 405097.84
A40: 299 | B40: OTROS MATERIALES Y SUMINISTROS | C40: 228502 | E40: =+C40+D40 -> 228502
B41: TOTAL MATERIALES Y SUMINISTROS | C41: =SUM(C24:C40) -> 25920901 | D41: =SUM(D24:D40) -> 420423.24 | E41: =SUM(E24:E40) -> 26341325
B42: PROPIEDAD, PLANTA, EQUIPO E INTANGIBLES | C42: =+C23 -> PRESUPUESTO 2022 | D42: TRANSFERENCIAS (+-) | E42: =+E23 -> PRESUPUESTO AJUSTADO 2,022
A43: 323 | B43: EQUIPO MEDICO-SANITARIO Y DE LABORATORIO | C43: 8000000 | D43: 660000 | E43: =+C43+D43 -> 8660000
B44: TOTAL PROPIEDAD, PLANTA, EQUIPO E INTANGIBLES | C44: =+C43 -> 8000000 | D44: =+D43 -> 660000 | E44: =+E43 -> 8660000
B45: TOTAL GENERAL EGRESOS | C45: =C9+C22+C41+C44 -> 70000000 | D45: =D9+D22+D41+D44 -> 0 | E45: =E9+E22+E41+E44 -> 70000000
A49: _______________________________
A50: Víctor Cresencio Reyes Porres
A51: Jefe de Contabilidad

Sheet PRESUPUESTO OCTUBRE 2022
A1: UNIDAD DE CIRUGIA CARDIOVASCULAR DE GUATEMALA
A2: FONDOS ESTATALES
A3: PRESUPUESTO OCTUBRE 2,022
C4: PRESUPUESTO 2022 | D4: TRANSFERENCIAS (+-), AMPLIACION | E4: PRESUPUESTO AJUSTADO 2,022
B5: ASIGNACION DEL ESTADO | C5: 62000000 | D5: 8000000 | E5: =+C5+D5 -> 70000000
B6: TOTAL ASIGNACION DEL ESTADO | C6: =SUM(C5) -> 62000000 | D6: =SUM(D5) -> 8000000 | E6: =SUM(E5) -> 70000000
C7: =+C4 -> PRESUPUESTO 2022 | D7: TRANSFERENCIAS (+-) | E7: =+E4 -> PRESUPUESTO AJUSTADO 2,022
A8: 011 | B8: RECURSO HUMANO | C8: 28977736 | E8: =+C8+D8 -> 28977736
B9: TOTAL RECURSO HUMANO | C9: =SUM(C8) -> 28977736 | D9: =SUM(D8) -> 0 | E9: =SUM(E8) -> 28977736
B10: GASTOS GENERALES | C10: =+C7 -> PRESUPUESTO 2022 | D10: TRANSFERENCIAS (+-) | E10: =+E7 -> PRESUPUESTO AJUSTADO 2,022
A11: 111 | B11: ENERGIA ELECTRICA | C11: 850471.93 | D11: 63423.9 | E11: =+C11+D11 -> 913895.83
A12: 113 | B12: TELEFONIA | C12: 126775 | D12: -2933.74 | E12: =+C12+D12 -> 123841.26
A13: 122 | B13: IMPRESIÓN, ENCUADERNACION Y REPRODUCCION | C13: 60855.58 | E13: =+C13+D13 -> 60855.58
A14: 163 | B14: MANT. Y REP. EQUIPO MEDICO SANITARIO Y DE LAB. | C14: 759242 | E14: =+C14+D14 -> 759242
A15: 168 | B15: MANT. DE SOFTWARE | C15: 1000 | E15: =+C15+D15 -> 1000
A16: 169 | B16: MAT. Y REP. DE OTRAS MAQ. Y EQUIPO | C16: 42320 | E16: =+C16+D16 -> 42320
A17: 171 | B17: MAT. Y REP. DE EDIFICIOS | C17: 43660 | E17: =+C17+D17 -> 43660
A18: 174 | B18: MANT. Y REP. DE INSTALACIONES | C18: 88276 | E18: =+C18+D18 -> 88276
A19: 182 | B19: SERVICIOS MEDICO-SANITARIOS | C19: 3815842 | D19: -963822 | E19: =+C19+D19 -> 2852020
A20: 197 | B20: SERVICIOS DE VIGILANCIA | C20: 508200 | D20: -1800 | E20: =+C20+D20 -> 506400
A21: 199 | B21: OTROS SERVICIOS NO PERSONALES | C21: 804720 | D21: -175291.4 | E21: =+C21+D21 -> 629428.6
B22: SUMA GASTOS GENERALES | C22: =SUM(C11:C21) -> 7101362.5 | D22: =SUM(D11:D21) -> -1080423.2 | E22: =SUM(E11:E21) -> 6020939.3
B23: MATERIALES Y SUMINISTROS | C23: =+C10 -> PRESUPUESTO 2022 | D23: TRANSFERENCIAS (+-) | E23: =+E10 -> PRESUPUESTO AJUSTADO 2,022
A24: 211 | B24: ALIMENTOS PARA PERSONAS | C24: 697986.85 | D24: -96469.25 | E24: =+C24+D24 -> 601517.6
B25: PRENDAS DE VESTIR | E25: =+C25+D25 -> 0
A26: 232 | B26: ACABADOS TEXTILES | C26: 150000 | E26: =+C26+D26 -> 150000
B27: PAPEL DE ESCRITORIO | E27: =+C27+D27 -> 0
B28: ESPECIES TIMBRADAS Y VALORES | E28: =+C28+D28 -> 0
A29: 261 | B29: ELEMENTOS Y COMPUESTOS QUIMICOS | C29: 994656.25 | E29: =+C29+D29 -> 994656.25
A30: 262 | B30: COMBUSTIBLES Y LUBRICANTES | C30: 8000 | E30: =+C30+D30 -> 8000
A31: 266 | B31: PRODUCTOS MEDICINALES Y FARMACEUTICOS | C31: 4583271.8 | D31: -671332.47 | E31: =+C31+D31 -> 3911939.4
